Workbook

Sheet Analitico

Sheet Banco
B1: BANCO DE CUSTOS - REFERÊNCIA 1.10 | I1: AS = ATRIBUÍDO SÃO PAULO
B2: DATA PREÇO / RT (SINAPI): | D2: LOCALIDADE / DATA EMISSÃO (SINAPI): | I2: CR = COEFICIENTE DE REPRESENTATIVIDADE
I3: C = COLETADO
I4: ORIGEM DO PREÇO
B5: FONTE | C5: CÓDIGO | D5: DESCRIÇÃO | E5: UNIDADE | F5: CUSTO UNITÁRIO DESONERADO | G5: CUSTO UNITÁRIO NÃO DESONERADO | J5: % MO DESONERADO | K5: % MO NÃO DESONERADO
A7: =CONCATENAR -> Composição FNDE 03 | B7: =OFFSET(Composições!$A$1,MATCH(COUNTIF($H$1:$H7,"Composições"),Composições!$K:$K,0)-1,COLUMN(Banco!B$6)-1) -> Composição | C7: =OFFSET(Composições!$A$1,MATCH(COUNTIF($H$1:$H7,"Composições"),Composições!$K:$K,0)-1,COLUMN(Banco!C$6)-1) -> FNDE 03 | D7: =IF(COUNTIF(OFFSET(Banco!$A$6,1,0,NCOMPOSICOES),$A7)>1,"CÓDIGO REPETIDO",OFFSET(Composições!$A$1,MATCH(COUNTIF($H$1:$H7,"Composições"),Composições!$K:$K,0)-1,COLUMN(Banco!D$6)-1)) -> LIGAÇÃO PROVISÓRIA DE ÁGUA E ESGOTO (UN) | E7: =OFFSET(Composições!$A$1,MATCH(COUNTIF($H$1:$H7,"Composições"),Composições!$K:$K,0)-1,COLUMN(Banco!E$6)-1) -> UN | F7: =OFFSET(Composições!$A$1,MATCH(COUNTIF($H$1:$H7,"Composições"),Composições!$K:$K,0)-1,COLUMN(Banco!F$6)-1) -> 0 | G7: =OFFSET(Composições!$A$1,MATCH(COUNTIF($H$1:$H7,"Composições"),Composições!$K:$K,0)-1,COLUMN(Banco!G$6)-1) -> 3102.22 | H7: Composições
A8: =CONCATENAR -> Composição FNDE 244 | B8: =OFFSET(Composições!$A$1,MATCH(COUNTIF($H$1:$H8,"Composições"),Composições!$K:$K,0)-1,COLUMN(Banco!B$6)-1) -> Composição | C8: =OFFSET(Composições!$A$1,MATCH(COUNTIF($H$1:$H8,"Composições"),Composições!$K:$K,0)-1,COLUMN(Banco!C$6)-1) -> FNDE 244 | D8: =IF(COUNTIF(OFFSET(Banco!$A$6,1,0,NCOMPOSICOES),$A8)>1,"CÓDIGO REPETIDO",OFFSET(Composições!$A$1,MATCH(COUNTIF($H$1:$H8,"Composições"),Composições!$K:$K,0)-1,COLUMN(Banco!D$6)-1)) -> ADMINISTRAÇÃO LOCAL TIPO 1 (UN) | E8: =OFFSET(Composições!$A$1,MATCH(COUNTIF($H$1:$H8,"Composições"),Composições!$K:$K,0)-1,COLUMN(Banco!E$6)-1) -> UN | F8: =OFFSET(Composições!$A$1,MATCH(COUNTIF($H$1:$H8,"Composições"),Composições!$K:$K,0)-1,COLUMN(Banco!F$6)-1) -> 0 | G8: =OFFSET(Composições!$A$1,MATCH(COUNTIF($H$1:$H8,"Composições"),Composições!$K:$K,0)-1,COLUMN(Banco!G$6)-1) -> 479112.75 | H8: Composições
A9: =CONCATENAR -> Composição FNDE 231 | B9: =OFFSET(Composições!$A$1,MATCH(COUNTIF($H$1:$H9,"Composições"),Composições!$K:$K,0)-1,COLUMN(Banco!B$6)-1) -> Composição | C9: =OFFSET(Composições!$A$1,MATCH(COUNTIF($H$1:$H9,"Composições"),Composições!$K:$K,0)-1,COLUMN(Banco!C$6)-1) -> FNDE 231 | D9: =IF(COUNTIF(OFFSET(Banco!$A$6,1,0,NCOMPOSICOES),$A9)>1,"CÓDIGO REPETIDO",OFFSET(Composições!$A$1,MATCH(COUNTIF($H$1:$H9,"Composições"),Composições!$K:$K,0)-1,COLUMN(Banco!D$6)-1)) -> LOCACAO DE CONTAINER 2,30 X 6,00 M, ALT. 2,50 M, COM 1 SANITARIO, PARA ESCRITORIO, COMPLETO, SEM DIVISORIAS INTERNAS (NAO INCLUI MOBILIZACAO/DESMOBILIZACAO) (MÊS) | E9: =OFFSET(Composições!$A$1,MATCH(COUNTIF($H$1:$H9,"Composições"),Composições!$K:$K,0)-1,COLUMN(Banco!E$6)-1) -> MÊS | F9: =OFFSET(Composições!$A$1,MATCH(COUNTIF($H$1:$H9,"Composições"),Composições!$K:$K,0)-1,COLUMN(Banco!F$6)-1) -> 0 | G9: =OFFSET(Composições!$A$1,MATCH(COUNTIF($H$1:$H9,"Composições"),Composições!$K:$K,0)-1,COLUMN(Banco!G$6)-1) -> 1154.07 | H9: Composições
A10: =CONCATENAR -> Composição FNDE 230 | B10: =OFFSET(Composições!$A$1,MATCH(COUNTIF($H$1:$H10,"Composições"),Composições!$K:$K,0)-1,COLUMN(Banco!B$6)-1) -> Composição | C10: =OFFSET(Composições!$A$1,MATCH(COUNTIF($H$1:$H10,"Composições"),Composições!$K:$K,0)-1,COLUMN(Banco!C$6)-1) -> FNDE 230 | D10: =IF(COUNTIF(OFFSET(Banco!$A$6,1,0,NCOMPOSICOES),$A10)>1,"CÓDIGO REPETIDO",OFFSET(Composições!$A$1,MATCH(COUNTIF($H$1:$H10,"Composições"),Composições!$K:$K,0)-1,COLUMN(Banco!D$6)-1)) -> LOCACAO DE CONTAINER 2,30 X 6,00 M, ALT. 2,50 M, PARA ESCRITORIO, SEM DIVISORIAS INTERNAS E SEM SANITARIO (NAO INCLUI MOBILIZACAO/DESMOBILIZACAO) (MÊS) | E10: =OFFSET(Composições!$A$1,MATCH(COUNTIF($H$1:$H10,"Composições"),Composições!$K:$K,0)-1,COLUMN(Banco!E$6)-1) -> MÊS | F10: =OFFSET(Composições!$A$1,MATCH(COUNTIF($H$1:$H10,"Composições"),Composições!$K:$K,0)-1,COLUMN(Banco!F$6)-1) -> 0 | G10: =OFFSET(Composições!$A$1,MATCH(COUNTIF($H$1:$H10,"Composições"),Composições!$K:$K,0)-1,COLUMN(Banco!G$6)-1) -> 944.07 | H10: Composições
A11: =CONCATENAR -> Composição FNDE 232 | B11: =OFFSET(Composições!$A$1,MATCH(COUNTIF($H$1:$H11,"Composições"),Composições!$K:$K,0)-1,COLUMN(Banco!B$6)-1) -> Composição | C11: =OFFSET(Composições!$A$1,MATCH(COUNTIF($H$1:$H11,"Composições"),Composições!$K:$K,0)-1,COLUMN(Banco!C$6)-1) -> FNDE 232 | D11: =IF(COUNTIF(OFFSET(Banco!$A$6,1,0,NCOMPOSICOES),$A11)>1,"CÓDIGO REPETIDO",OFFSET(Composições!$A$1,MATCH(COUNTIF($H$1:$H11,"Composições"),Composições!$K:$K,0)-1,COLUMN(Banco!D$6)-1)) -> LOCACAO DE CONTAINER 2,30 X 6,00 M, ALT. 2,50 M, PARA SANITARIO, COM 4 BACIAS, 8 CHUVEIROS,1 LAVATORIO E 1 MICTORIO (NAO INCLUI MOBILIZACAO/DESMOBILIZACAO) (MÊS) | E11: =OFFSET(Composições!$A$1,MATCH(COUNTIF($H$1:$H11,"Composições"),Composições!$K:$K,0)-1,COLUMN(Banco!E$6)-1) -> MÊS | F11: =OFFSET(Composições!$A$1,MATCH(COUNTIF($H$1:$H11,"Composições"),Composições!$K:$K,0)-1,COLUMN(Banco!F$6)-1) -> 0 | G11: =OFFSET(Composições!$A$1,MATCH(COUNTIF($H$1:$H11,"Composições"),Composições!$K:$K,0)-1,COLUMN(Banco!G$6)-1) -> 1394.07 | H11: Composições
A12: =CONCATENAR -> Composição FNDE 243 | B12: =OFFSET(Composições!$A$1,MATCH(COUNTIF($H$1:$H12,"Composições"),Composições!$K:$K,0)-1,COLUMN(Banco!B$6)-1) -> Composição | C12: =OFFSET(Composições!$A$1,MATCH(COUNTIF($H$1:$H12,"Composições"),Composições!$K:$K,0)-1,COLUMN(Banco!C$6)-1) -> FNDE 243 | D12: =IF(COUNTIF(OFFSET(Banco!$A$6,1,0,NCOMPOSICOES),$A12)>1,"CÓDIGO REPETIDO",OFFSET(Composições!$A$1,MATCH(COUNTIF($H$1:$H12,"Composições"),Composições!$K:$K,0)-1,COLUMN(Banco!D$6)-1)) -> PM1 - KIT DE PORTA DE MADEIRA FRISADA, SEMI-OCA (LEVE OU MÉDIA), PADRÃO MÉDIO, 80X210CM, ESPESSURA DE 3,5CM, ITENS INCLUSOS: DOBRADIÇAS, MONTAGEM E INSTALAÇÃO DE BATENTE, FECHADURA COM EXECUÇÃO DO FURO - FORNECIMENTO E INSTALAÇÃO (UN) | E12: =OFFSET(Composições!$A$1,MATCH(COUNTIF($H$1:$H12,"Composições"),Composições!$K:$K,0)-1,COLUMN(Banco!E$6)-1) -> UN | F12: =OFFSET(Composições!$A$1,MATCH(COUNTIF($H$1:$H12,"Composições"),Composições!$K:$K,0)-1,COLUMN(Banco!F$6)-1) -> 0 | G12: =OFFSET(Composições!$A$1,MATCH(COUNTIF($H$1:$H12,"Composições"),Composições!$K:$K,0)-1,COLUMN(Banco!G$6)-1) -> 1131.78 | H12: Composições
A13: =CONCATENAR -> Composição FNDE 247 | B13: =OFFSET(Composições!$A$1,MATCH(COUNTIF($H$1:$H13,"Composições"),Composições!$K:$K,0)-1,COLUMN(Banco!B$6)-1) -> Composição | C13: =OFFSET(Composições!$A$1,MATCH(COUNTIF($H$1:$H13,"Composições"),Composições!$K:$K,0)-1,COLUMN(Banco!C$6)-1) -> FNDE 247 | D13: =IF(COUNTIF(OFFSET(Banco!$A$6,1,0,NCOMPOSICOES),$A13)>1,"CÓDIGO REPETIDO",OFFSET(Composições!$A$1,MATCH(COUNTIF($H$1:$H13,"Composições"),Composições!$K:$K,0)-1,COLUMN(Banco!D$6)-1)) -> PM 2 - KIT DE PORTA DE MADEIRA COM VENEZIANA, 80X210CM (ESPESSURA DE 3CM), PADRÃO MÉDIO, ITENS INCLUSOS: DOBRADIÇAS, MONTAGEM E INSTALAÇÃO DE BATENTE, FECHADURA COM EXECUÇÃO DO FURO - FORNECIMENTO E INSTALAÇÃO (UN) | E13: =OFFSET(Composições!$A$1,MATCH(COUNTIF($H$1:$H13,"Composições"),Composições!$K:$K,0)-1,COLUMN(Banco!E$6)-1) -> UN | F13: =OFFSET(Composições!$A$1,MATCH(COUNTIF($H$1:$H13,"Composições"),Composições!$K:$K,0)-1,COLUMN(Banco!F$6)-1) -> 0 | G13: =OFFSET(Composições!$A$1,MATCH(COUNTIF($H$1:$H13,"Composições"),Composições!$K:$K,0)-1,COLUMN(Banco!G$6)-1) -> 1876.48 | H13: Composições
A14: =CONCATENAR -> Composição FNDE 246 | B14: =OFFSET(Composições!$A$1,MATCH(COUNTIF($H$1:$H14,"Composições"),Composições!$K:$K,0)-1,COLUMN(Banco!B$6)-1) -> Composição | C14: =OFFSET(Composições!$A$1,MATCH(COUNTIF($H$1:$H14,"Composições"),Composições!$K:$K,0)-1,COLUMN(Banco!C$6)-1) -> FNDE 246 | D14: =IF(COUNTIF(OFFSET(Banco!$A$6,1,0,NCOMPOSICOES),$A14)>1,"CÓDIGO REPETIDO",OFFSET(Composições!$A$1,MATCH(COUNTIF($H$1:$H14,"Composições"),Composições!$K:$K,0)-1,COLUMN(Banco!D$6)-1)) -> PM3 - KIT DE PORTA DE MADEIRA FRISADA, SEMI-OCA (LEVE OU MÉDIA), PADRÃO MÉDIO, 80X210CM, ESPESSURA DE 3,5CM, ITENS INCLUSOS: DOBRADIÇAS, MONTAGEM E INSTALAÇÃO DE BATENTE, FECHADURA COM EXECUÇÃO DO FURO - FORNECIMENTO E INSTALAÇÃO. AF_12/2019 (UN) | E14: =OFFSET(Composições!$A$1,MATCH(COUNTIF($H$1:$H14,"Composições"),Composições!$K:$K,0)-1,COLUMN(Banco!E$6)-1) -> UN | F14: =OFFSET(Composições!$A$1,MATCH(COUNTIF($H$1:$H14,"Composições"),Composições!$K:$K,0)-1,COLUMN(Banco!F$6)-1) -> 0 | G14: =OFFSET(Composições!$A$1,MATCH(COUNTIF($H$1:$H14,"Composições"),Composições!$K:$K,0)-1,COLUMN(Banco!G$6)-1) -> 1131.78 | H14: Composições
A15: =CONCATENAR -> Composição FNDE 248 | B15: =OFFSET(Composições!$A$1,MATCH(COUNTIF($H$1:$H15,"Composições"),Composições!$K:$K,0)-1,COLUMN(Banco!B$6)-1) -> Composição | C15: =OFFSET(Composições!$A$1,MATCH(COUNTIF($H$1:$H15,"Composições"),Composições!$K:$K,0)-1,COLUMN(Banco!C$6)-1) -> FNDE 248 | D15: =IF(COUNTIF(OFFSET(Banco!$A$6,1,0,NCOMPOSICOES),$A15)>1,"CÓDIGO REPETIDO",OFFSET(Composições!$A$1,MATCH(COUNTIF($H$1:$H15,"Composições"),Composições!$K:$K,0)-1,COLUMN(Banco!D$6)-1)) -> PM4 - KIT DE PORTA DE MADEIRA COM VISOR DE VIDRO, 80X210CM (ESPESSURA DE 3CM), PADRÃO POPULAR, ITENS INCLUSOS: DOBRADIÇAS, MONTAGEM E INSTALAÇÃO DE BATENTE, FECHADURA COM EXECUÇÃO DO FURO - FORNECIMENTO E INSTALAÇÃO. AF_12/2019 (UN) | E15: =OFFSET(Composições!$A$1,MATCH(COUNTIF($H$1:$H15,"Composições"),Composições!$K:$K,0)-1,COLUMN(Banco!E$6)-1) -> UN | F15: =OFFSET(Composições!$A$1,MATCH(COUNTIF($H$1:$H15,"Composições"),Composições!$K:$K,0)-1,COLUMN(Banco!F$6)-1) -> 0 | G15: =OFFSET(Composições!$A$1,MATCH(COUNTIF($H$1:$H15,"Composições"),Composições!$K:$K,0)-1,COLUMN(Banco!G$6)-1) -> 1876.48 | H15: Composições
A16: =CONCATENAR -> Composição FNDE 249 | B16: =OFFSET(Composições!$A$1,MATCH(COUNTIF($H$1:$H16,"Composições"),Composições!$K:$K,0)-1,COLUMN(Banco!B$6)-1) -> Composição | C16: =OFFSET(Composições!$A$1,MATCH(COUNTIF($H$1:$H16,"Composições"),Composições!$K:$K,0)-1,COLUMN(Banco!C$6)-1) -> FNDE 249 | D16: =IF(COUNTIF(OFFSET(Banco!$A$6,1,0,NCOMPOSICOES),$A16)>1,"CÓDIGO REPETIDO",OFFSET(Composições!$A$1,MATCH(COUNTIF($H$1:$H16,"Composições"),Composições!$K:$K,0)-1,COLUMN(Banco!D$6)-1)) -> PM5 -PORTA EM COMPENSADO DE MADEIRA E=2cm REVESTIDA COM LAMINADO MELAMÍNICO NAS CORES: AMARELA, VERDE, LARANJA E AZUL (UN) | E16: =OFFSET(Composições!$A$1,MATCH(COUNTIF($H$1:$H16,"Composições"),Composições!$K:$K,0)-1,COLUMN(Banco!E$6)-1) -> UN | F16: =OFFSET(Composições!$A$1,MATCH(COUNTIF($H$1:$H16,"Composições"),Composições!$K:$K,0)-1,COLUMN(Banco!F$6)-1) -> 0 | G16: =OFFSET(Composições!$A$1,MATCH(COUNTIF($H$1:$H16,"Composições"),Composições!$K:$K,0)-1,COLUMN(Banco!G$6)-1) -> 1045.12 | H16: Composições
A17: =CONCATENAR -> Composição FNDE 250 | B17: =OFFSET(Composições!$A$1,MATCH(COUNTIF($H$1:$H17,"Composições"),Composições!$K:$K,0)-1,COLUMN(Banco!B$6)-1) -> Composição | C17: =OFFSET(Composições!$A$1,MATCH(COUNTIF($H$1:$H17,"Composições"),Composições!$K:$K,0)-1,COLUMN(Banco!C$6)-1) -> FNDE 250 | D17: =IF(COUNTIF(OFFSET(Banco!$A$6,1,0,NCOMPOSICOES),$A17)>1,"CÓDIGO REPETIDO",OFFSET(Composições!$A$1,MATCH(COUNTIF($H$1:$H17,"Composições"),Composições!$K:$K,0)-1,COLUMN(Banco!D$6)-1)) -> INSTALAÇÃO DE VIDRO LISO INCOLOR ESQUADRIA PM4 , E = 6 MM, EM ESQUADRIA DE MADEIRA, FIXADO COM BAGUETE (M2) | E17: =OFFSET(Composições!$A$1,MATCH(COUNTIF($H$1:$H17,"Composições"),Composições!$K:$K,0)-1,COLUMN(Banco!E$6)-1) -> M2 | F17: =OFFSET(Composições!$A$1,MATCH(COUNTIF($H$1:$H17,"Composições"),Composições!$K:$K,0)-1,COLUMN(Banco!F$6)-1) -> 0 | G17: =OFFSET(Composições!$A$1,MATCH(COUNTIF($H$1:$H17,"Composições"),Composições!$K:$K,0)-1,COLUMN(Banco!G$6)-1) -> 167.19 | H17: Composições
A18: =CONCATENAR -> Composição FNDE 04 | B18: =OFFSET(Composições!$A$1,MATCH(COUNTIF($H$1:$H18,"Composições"),Composições!$K:$K,0)-1,COLUMN(Banco!B$6)-1) -> Composição | C18: =OFFSET(Composições!$A$1,MATCH(COUNTIF($H$1:$H18,"Composições"),Composições!$K:$K,0)-1,COLUMN(Banco!C$6)-1) -> FNDE 04 | D18: =IF(COUNTIF(OFFSET(Banco!$A$6,1,0,NCOMPOSICOES),$A18)>1,"CÓDIGO REPETIDO",OFFSET(Composições!$A$1,MATCH(COUNTIF($H$1:$H18,"Composições"),Composições!$K:$K,0)-1,COLUMN(Banco!D$6)-1)) -> CHAPA METÁLICA (ALUMÍNIO) 0,90 M X 0,40 M, ESPESSURA 1 MM PARA AS PORTAS (M²) | E18: =OFFSET(Composições!$A$1,MATCH(COUNTIF($H$1:$H18,"Composições"),Composições!$K:$K,0)-1,COLUMN(Banco!E$6)-1) -> M2 | F18: =OFFSET(Composições!$A$1,MATCH(COUNTIF($H$1:$H18,"Composições"),Composições!$K:$K,0)-1,COLUMN(Banco!F$6)-1) -> 0 | G18: =OFFSET(Composições!$A$1,MATCH(COUNTIF($H$1:$H18,"Composições"),Composições!$K:$K,0)-1,COLUMN(Banco!G$6)-1) -> 213.97 | H18: Composições
... A285: =CONCATENAR -> Composição FNDE 602 | B285: =OFFSET(Composições!$A$1,MATCH(COUNTIF($H$1:$H285,"Composições"),Composições!$K:$K,0)-1,COLUMN(Banco!B$6)-1) -> Composição | C285: =OFFSET(Composições!$A$1,MATCH(COUNTIF($H$1:$H285,"Composições"),Composições!$K:$K,0)-1,COLUMN(Banco!C$6)-1) -> FNDE 602 | D285: =IF(COUNTIF(OFFSET(Banco!$A$6,1,0,NCOMPOSICOES),$A285)>1,"CÓDIGO REPETIDO",OFFSET(Composições!$A$1,MATCH(COUNTIF($H$1:$H285,"Composições"),Composições!$K:$K,0)-1,COLUMN(Banco!D$6)-1)) -> LIMPEZA GROSSA DE OBRA (M2) | E285: =OFFSET(Composições!$A$1,MATCH(COUNTIF($H$1:$H285,"Composições"),Composições!$K:$K,0)-1,COLUMN(Banco!E$6)-1) -> M2 | F285: =OFFSET(Composições!$A$1,MATCH(COUNTIF($H$1:$H285,"Composições"),Composições!$K:$K,0)-1,COLUMN(Banco!F$6)-1) -> 0 | G285: =OFFSET(Composições!$A$1,MATCH(COUNTIF($H$1:$H285,"Composições"),Composições!$K:$K,0)-1,COLUMN(Banco!G$6)-1) -> 15.84 | H285: Composições
A286: =CONCATENAR -> COTAÇÃO COT-01 | B286: =OFFSET(Cotações!$A$1,MATCH(COUNTIF($H$1:$H286,"Cotações"),Cotações!$J:$J,0)-1,COLUMN(Banco!B$6)-1) -> COTAÇÃO | C286: =OFFSET(Cotações!$A$1,MATCH(COUNTIF($H$1:$H286,"Cotações"),Cotações!$J:$J,0)-1,COLUMN(Banco!C$6)-1) -> COT-01 | D286: =IF(COUNTIF(OFFSET(Banco!$A$6,1+NCOMPOSICOES,0,NCOTACOES),$A286)>1,"CÓDIGO REPETIDO",OFFSET(Cotações!$A$1,MATCH(COUNTIF($H$1:$H286,"Cotações"),Cotações!$J:$J,0)-1,COLUMN(Banco!D$6)-1)) -> CISTERNA MODULARES TECNOTRI OU EQUIVALENTE TECNICO - 600L | E286: =OFFSET(Cotações!$A$1,MATCH(COUNTIF($H$1:$H286,"Cotações"),Cotações!$J:$J,0)-1,COLUMN(Banco!E$6)-1) -> UNIDADE | F286: =OFFSET(Cotações!$A$1,MATCH(COUNTIF($H$1:$H286,"Cotações"),Cotações!$J:$J,0)-1,COLUMN(Banco!F$6)-1) -> 1850 | G286: =OFFSET(Cotações!$A$1,MATCH(COUNTIF($H$1:$H286,"Cotações"),Cotações!$J:$J,0)-1,COLUMN(Banco!F$6)-1) -> 1850 | H286: Cotações
A287: =CONCATENAR -> COTAÇÃO COT-02 | B287: =OFFSET(Cotações!$A$1,MATCH(COUNTIF($H$1:$H287,"Cotações"),Cotações!$J:$J,0)-1,COLUMN(Banco!B$6)-1) -> COTAÇÃO | C287: =OFFSET(Cotações!$A$1,MATCH(COUNTIF($H$1:$H287,"Cotações"),Cotações!$J:$J,0)-1,COLUMN(Banco!C$6)-1) -> COT-02 | D287: =IF(COUNTIF(OFFSET(Banco!$A$6,1+NCOMPOSICOES,0,NCOTACOES),$A287)>1,"CÓDIGO REPETIDO",OFFSET(Cotações!$A$1,MATCH(COUNTIF($H$1:$H287,"Cotações"),Cotações!$J:$J,0)-1,COLUMN(Banco!D$6)-1)) -> SMART FILTRO TECNOTRI OU EQUIVALENTE | E287: =OFFSET(Cotações!$A$1,MATCH(COUNTIF($H$1:$H287,"Cotações"),Cotações!$J:$J,0)-1,COLUMN(Banco!E$6)-1) -> UNIDADE | F287: =OFFSET(Cotações!$A$1,MATCH(COUNTIF($H$1:$H287,"Cotações"),Cotações!$J:$J,0)-1,COLUMN(Banco!F$6)-1) -> 216 | G287: =OFFSET(Cotações!$A$1,MATCH(COUNTIF($H$1:$H287,"Cotações"),Cotações!$J:$J,0)-1,COLUMN(Banco!F$6)-1) -> 216 | H287: Cotações
A288: =CONCATENAR -> COTAÇÃO COT-03 | B288: =OFFSET(Cotações!$A$1,MATCH(COUNTIF($H$1:$H288,"Cotações"),Cotações!$J:$J,0)-1,COLUMN(Banco!B$6)-1) -> COTAÇÃO | C288: =OFFSET(Cotações!$A$1,MATCH(COUNTIF($H$1:$H288,"Cotações"),Cotações!$J:$J,0)-1,COLUMN(Banco!C$6)-1) -> COT-03 | D288: =IF(COUNTIF(OFFSET(Banco!$A$6,1+NCOMPOSICOES,0,NCOTACOES),$A288)>1,"CÓDIGO REPETIDO",OFFSET(Cotações!$A$1,MATCH(COUNTIF($H$1:$H288,"Cotações"),Cotações!$J:$J,0)-1,COLUMN(Banco!D$6)-1)) -> BANHHEIRA RIGIDA-BRANCA, BURIGOTTO OU EQUIVALENTE | E288: =OFFSET(Cotações!$A$1,MATCH(COUNTIF($H$1:$H288,"Cotações"),Cotações!$J:$J,0)-1,COLUMN(Banco!E$6)-1) -> UNIDADE | F288: =OFFSET(Cotações!$A$1,MATCH(COUNTIF($H$1:$H288,"Cotações"),Cotações!$J:$J,0)-1,COLUMN(Banco!F$6)-1) -> 119 | G288: =OFFSET(Cotações!$A$1,MATCH(COUNTIF($H$1:$H288,"Cotações"),Cotações!$J:$J,0)-1,COLUMN(Banco!F$6)-1) -> 119 | H288: Cotações
A289: =CONCATENAR -> COTAÇÃO COT-04 | B289: =OFFSET(Cotações!$A$1,MATCH(COUNTIF($H$1:$H289,"Cotações"),Cotações!$J:$J,0)-1,COLUMN(Banco!B$6)-1) -> COTAÇÃO | C289: =OFFSET(Cotações!$A$1,MATCH(COUNTIF($H$1:$H289,"Cotações"),Cotações!$J:$J,0)-1,COLUMN(Banco!C$6)-1) -> COT-04 | D289: =IF(COUNTIF(OFFSET(Banco!$A$6,1+NCOMPOSICOES,0,NCOTACOES),$A289)>1,"CÓDIGO REPETIDO",OFFSET(Cotações!$A$1,MATCH(COUNTIF($H$1:$H289,"Cotações"),Cotações!$J:$J,0)-1,COLUMN(Banco!D$6)-1)) -> REFLETOR REDONDO EM ALUMINIO ANODIZADO PARA LAMPADA VAPOR DE MERCURIO/SODIO, CORPO EM ALUMINIO COM PINTURA EPOXI, PARA LAMPADA E-27 DE 300 W, COM SUPORTE REDONDO E ALCA REGULAVEL PARA FIXACAO. | E289: =OFFSET(Cotações!$A$1,MATCH(COUNTIF($H$1:$H289,"Cotações"),Cotações!$J:$J,0)-1,COLUMN(Banco!E$6)-1) -> UNIDADE | F289: =OFFSET(Cotações!$A$1,MATCH(COUNTIF($H$1:$H289,"Cotações"),Cotações!$J:$J,0)-1,COLUMN(Banco!F$6)-1) -> 181.99 | G289: =OFFSET(Cotações!$A$1,MATCH(COUNTIF($H$1:$H289,"Cotações"),Cotações!$J:$J,0)-1,COLUMN(Banco!F$6)-1) -> 181.99 | H289: Cotações
A290: =CONCATENAR -> COTAÇÃO COT-05 | B290: =OFFSET(Cotações!$A$1,MATCH(COUNTIF($H$1:$H290,"Cotações"),Cotações!$J:$J,0)-1,COLUMN(Banco!B$6)-1) -> COTAÇÃO | C290: =OFFSET(Cotações!$A$1,MATCH(COUNTIF($H$1:$H290,"Cotações"),Cotações!$J:$J,0)-1,COLUMN(Banco!C$6)-1) -> COT-05 | D290: =IF(COUNTIF(OFFSET(Banco!$A$6,1+NCOMPOSICOES,0,NCOTACOES),$A290)>1,"CÓDIGO REPETIDO",OFFSET(Cotações!$A$1,MATCH(COUNTIF($H$1:$H290,"Cotações"),Cotações!$J:$J,0)-1,COLUMN(Banco!D$6)-1)) -> ADAPTADOR CONDULETE 25MM | E290: =OFFSET(Cotações!$A$1,MATCH(COUNTIF($H$1:$H290,"Cotações"),Cotações!$J:$J,0)-1,COLUMN(Banco!E$6)-1) -> UNIDADE | F290: =OFFSET(Cotações!$A$1,MATCH(COUNTIF($H$1:$H290,"Cotações"),Cotações!$J:$J,0)-1,COLUMN(Banco!F$6)-1) -> 1.03 | G290: =OFFSET(Cotações!$A$1,MATCH(COUNTIF($H$1:$H290,"Cotações"),Cotações!$J:$J,0)-1,COLUMN(Banco!F$6)-1) -> 1.03 | H290: Cotações
A291: =CONCATENAR -> COTAÇÃO COT-06 | B291: =OFFSET(Cotações!$A$1,MATCH(COUNTIF($H$1:$H291,"Cotações"),Cotações!$J:$J,0)-1,COLUMN(Banco!B$6)-1) -> COTAÇÃO | C291: =OFFSET(Cotações!$A$1,MATCH(COUNTIF($H$1:$H291,"Cotações"),Cotações!$J:$J,0)-1,COLUMN(Banco!C$6)-1) -> COT-06 | D291: =IF(COUNTIF(OFFSET(Banco!$A$6,1+NCOMPOSICOES,0,NCOTACOES),$A291)>1,"CÓDIGO REPETIDO",OFFSET(Cotações!$A$1,MATCH(COUNTIF($H$1:$H291,"Cotações"),Cotações!$J:$J,0)-1,COLUMN(Banco!D$6)-1)) -> TANQUE DE PRESSÃO PWB-24LX | E291: =OFFSET(Cotações!$A$1,MATCH(COUNTIF($H$1:$H291,"Cotações"),Cotações!$J:$J,0)-1,COLUMN(Banco!E$6)-1) -> UNIDADE | F291: =OFFSET(Cotações!$A$1,MATCH(COUNTIF($H$1:$H291,"Cotações"),Cotações!$J:$J,0)-1,COLUMN(Banco!F$6)-1) -> 835 | G291: =OFFSET(Cotações!$A$1,MATCH(COUNTIF($H$1:$H291,"Cotações"),Cotações!$J:$J,0)-1,COLUMN(Banco!F$6)-1) -> 835 | H291: Cotações
A292: =CONCATENAR -> COTAÇÃO COT-07 | B292: =OFFSET(Cotações!$A$1,MATCH(COUNTIF($H$1:$H292,"Cotações"),Cotações!$J:$J,0)-1,COLUMN(Banco!B$6)-1) -> COTAÇÃO | C292: =OFFSET(Cotações!$A$1,MATCH(COUNTIF($H$1:$H292,"Cotações"),Cotações!$J:$J,0)-1,COLUMN(Banco!C$6)-1) -> COT-07 | D292: =IF(COUNTIF(OFFSET(Banco!$A$6,1+NCOMPOSICOES,0,NCOTACOES),$A292)>1,"CÓDIGO REPETIDO",OFFSET(Cotações!$A$1,MATCH(COUNTIF($H$1:$H292,"Cotações"),Cotações!$J:$J,0)-1,COLUMN(Banco!D$6)-1)) -> RESERVATÓRIO METÁLICO CILÍNDRICO 30 MIL LITROS | E292: =OFFSET(Cotações!$A$1,MATCH(COUNTIF($H$1:$H292,"Cotações"),Cotações!$J:$J,0)-1,COLUMN(Banco!E$6)-1) -> UNIDADE | F292: =OFFSET(Cotações!$A$1,MATCH(COUNTIF($H$1:$H292,"Cotações"),Cotações!$J:$J,0)-1,COLUMN(Banco!F$6)-1) -> 42800 | G292: =OFFSET(Cotações!$A$1,MATCH(COUNTIF($H$1:$H292,"Cotações"),Cotações!$J:$J,0)-1,COLUMN(Banco!F$6)-1) -> 42800 | H292: Cotações
A293: =CONCATENAR -> COTAÇÃO COT-08 | B293: =OFFSET(Cotações!$A$1,MATCH(COUNTIF($H$1:$H293,"Cotações"),Cotações!$J:$J,0)-1,COLUMN(Banco!B$6)-1) -> COTAÇÃO | C293: =OFFSET(Cotações!$A$1,MATCH(COUNTIF($H$1:$H293,"Cotações"),Cotações!$J:$J,0)-1,COLUMN(Banco!C$6)-1) -> COT-08 | D293: =IF(COUNTIF(OFFSET(Banco!$A$6,1+NCOMPOSICOES,0,NCOTACOES),$A293)>1,"CÓDIGO REPETIDO",OFFSET(Cotações!$A$1,MATCH(COUNTIF($H$1:$H293,"Cotações"),Cotações!$J:$J,0)-1,COLUMN(Banco!D$6)-1)) -> TERMINAL AÉREO BARRA CHATA EM ALUMÍNIO 300MM | E293: =OFFSET(Cotações!$A$1,MATCH(COUNTIF($H$1:$H293,"Cotações"),Cotações!$J:$J,0)-1,COLUMN(Banco!E$6)-1) -> UNIDADE | F293: =OFFSET(Cotações!$A$1,MATCH(COUNTIF($H$1:$H293,"Cotações"),Cotações!$J:$J,0)-1,COLUMN(Banco!F$6)-1) -> 27.02 | G293: =OFFSET(Cotações!$A$1,MATCH(COUNTIF($H$1:$H293,"Cotações"),Cotações!$J:$J,0)-1,COLUMN(Banco!F$6)-1) -> 27.02 | H293: Cotações
A294: =CONCATENAR -> COTAÇÃO COT-09 | B294: =OFFSET(Cotações!$A$1,MATCH(COUNTIF($H$1:$H294,"Cotações"),Cotações!$J:$J,0)-1,COLUMN(Banco!B$6)-1) -> COTAÇÃO | C294: =OFFSET(Cotações!$A$1,MATCH(COUNTIF($H$1:$H294,"Cotações"),Cotações!$J:$J,0)-1,COLUMN(Banco!C$6)-1) -> COT-09 | D294: =IF(COUNTIF(OFFSET(Banco!$A$6,1+NCOMPOSICOES,0,NCOTACOES),$A294)>1,"CÓDIGO REPETIDO",OFFSET(Cotações!$A$1,MATCH(COUNTIF($H$1:$H294,"Cotações"),Cotações!$J:$J,0)-1,COLUMN(Banco!D$6)-1)) -> BARRA RE-BAR REDONDA AÇO GALVANIZADO 80MM2 | E294: =OFFSET(Cotações!$A$1,MATCH(COUNTIF($H$1:$H294,"Cotações"),Cotações!$J:$J,0)-1,COLUMN(Banco!E$6)-1) -> UNIDADE | F294: =OFFSET(Cotações!$A$1,MATCH(COUNTIF($H$1:$H294,"Cotações"),Cotações!$J:$J,0)-1,COLUMN(Banco!F$6)-1) -> 46 | G294: =OFFSET(Cotações!$A$1,MATCH(COUNTIF($H$1:$H294,"Cotações"),Cotações!$J:$J,0)-1,COLUMN(Banco!F$6)-1) -> 46 | H294: Cotações
A295: =CONCATENAR -> SINAPI 104658 | B295: SINAPI | C295: 104658 | D295: PISO PODOTÁTIL DE ALERTA OU DIRECIONAL, DE CONCRETO, ASSENTADO SOBRE ARGAMASSA. AF_03/2024 | E295: M2 | G295: 159.82 | H295: SINAPI -
A296: =CONCATENAR -> SINAPI 105002 | B296: SINAPI | C296: 105002 | D296: RAMPA DE ACESSIBILIDADE EM CONCRETO MOLDADO IN LOCO, EM CALÇADA NOVA COM LARGURA MAIOR OU IGUAL À 3,00 M, FCK 25MPA, COM PISO PODOTÁTIL. AF_03/2024 | E296: UN | G296: 743.04
A297: =CONCATENAR -> SINAPI 105004 | B297: SINAPI | C297: 105004 | D297: RAMPA DE ACESSIBILIDADE EM CONCRETO MOLDADO IN LOCO, EM CALÇADA NOVA COM LARGURA MENOR À 3,00 M, FCK 25MPA, COM PISO PODOTÁTIL. AF_03/2024 | E297: M2 | G297: 126.95
A298: =CONCATENAR -> SINAPI 105003 | B298: SINAPI | C298: 105003 | D298: RAMPA DE ACESSIBILIDADE EM CONCRETO MOLDADO IN LOCO, EM CALÇADA PRÉ EXISTENTE COM LARGURA MAIOR OU IGUAL À 3,00 M, FCK 25MPA, COM PISO PODOTÁTIL. AF_03/2024 | E298: UN | G298: 1207.43
A299: =CONCATENAR -> SINAPI 105005 | B299: SINAPI | C299: 105005 | D299: RAMPA DE ACESSIBILIDADE EM CONCRETO MOLDADO IN LOCO, EM CALÇADA PRÉ EXISTENTE COM LARGURA MENOR À 3,00 M, FCK 25MPA, COM PISO PODOTÁTIL. AF_03/2024 | E299: M2 | G299: 212.94
A300: =CONCATENAR -> SINAPI 105006 | B300: SINAPI | C300: 105006 | D300: RAMPA DE ACESSIBILIDADE EM CONCRETO PRÉ MOLDADO, EM CALÇADA NOVA COM LARGURA MAIOR OU IGUAL À 3,00 M, FCK 25MPA, COM PISO PODOTÁTIL. AF_03/2024 | E300: UN | G300: 0
A301: =CONCATENAR -> SINAPI 104999 | B301: SINAPI | C301: 104999 | D301: RAMPA DE ACESSIBILIDADE EM CONCRETO PRÉ MOLDADO, EM CALÇADA PRÉ EXISTENTE COM LARGURA MAIOR OU IGUAL À 3,00 M, FCK 25MPA, COM PISO PODOTÁTIL. AF_03/2024 | E301: UN | G301: 0
A302: =CONCATENAR -> SINAPI 105000 | B302: SINAPI | C302: 105000 | D302: RAMPA DE ACESSIBILIDADE PARA ACESSO A EDIFICAÇÕES COM INCLINAÇÃO DE 8,33% EM CONCRETO MOLDADO IN LOCO, COM LARGURA DE 1,20M, FCK 25MPA, NÃO ARMADA, COM JUNTA A CADA 2M COM CORTE À SECO. AF_03/2024 | E302: M | G302: 1523.41
A303: =CONCATENAR -> SINAPI 105001 | B303: SINAPI | C303: 105001 | D303: RAMPA DE ACESSIBILIDADE PARA ACESSO A EDIFICAÇÕES COM INCLINAÇÃO DE 8,33% EM CONCRETO MOLDADO IN LOCO, COM LARGURA DE 1,50M, FCK 25MPA, NÃO ARMADA, COM JUNTA A CADA 2M COM CORTE À SECO. AF_03/2024 | E303: M | G303: 1558.5
A304: =CONCATENAR -> SINAPI 89306 | B304: SINAPI | C304: 89306 | D304: ALVENARIA ESTRUTURAL DE BLOCOS CERÂMICOS 14X19X29, (ESPESSURA DE 14 CM), UTILIZANDO COLHER DE PEDREIRO E ARGAMASSA DE ASSENTAMENTO COM PREPARO EM BETONEIRA. AF_03/2023 | E304: M2 | G304: 98.06
A305: =CONCATENAR -> SINAPI 89307 | B305: SINAPI | C305: 89307 | D305: ALVENARIA ESTRUTURAL DE BLOCOS CERÂMICOS 14X19X29, (ESPESSURA DE 14 CM), UTILIZANDO COLHER DE PEDREIRO E ARGAMASSA DE ASSENTAMENTO COM PREPARO MANUAL. AF_03/2023 | E305: M2 | G305: 100.08
A306: =CONCATENAR -> SINAPI 89290 | B306: SINAPI | C306: 89290 | D306: ALVENARIA ESTRUTURAL DE BLOCOS CERÂMICOS 14X19X29, (ESPESSURA DE 14 CM), UTILIZANDO PALHETA E ARGAMASSA DE ASSENTAMENTO COM PREPARO EM BETONEIRA. AF_03/2023 | E306: M2 | G306: 80.51
A307: =CONCATENAR -> SINAPI 89291 | B307: SINAPI | C307: 89291 | D307: ALVENARIA ESTRUTURAL DE BLOCOS CERÂMICOS 14X19X29, (ESPESSURA DE 14 CM), UTILIZANDO PALHETA E ARGAMASSA DE ASSENTAMENTO COM PREPARO MANUAL. AF_03/2023 | E307: M2 | G307: 82.02
... A9941: =CONCATENAR -> SINAPI 103548 | B9941: SINAPI | C9941: 103548 | D9941: VÁLVULA REDUTORA DE PRESSÃO DE FERRO FUNDIDO PARA REDE DE ÁGUA, DN 80 MM, JUNTA FLANGEADA. AF_12/2021 | E9941: UN | G9941: 0
A9942: =CONCATENAR -> SINAPI-I 11270 | B9942: SINAPI-I | C9942: 11270 | D9942: ABRACADEIRA DE LATAO PARA FIXACAO DE CABO PARA-RAIO, DIMENSOES 32 X 24 X 24 MM | E9942: UN | G9942: 3.12 | H9942: SINAPI-I -
A9943: =CONCATENAR -> SINAPI-I 412 | B9943: SINAPI-I | C9943: 412 | D9943: ABRACADEIRA DE NYLON PARA AMARRACAO DE CABOS, COMPRIMENTO DE *230* X *7,6* MM | E9943: UN | G9943: 1.02
A9944: =CONCATENAR -> SINAPI-I 414 | B9944: SINAPI-I | C9944: 414 | D9944: ABRACADEIRA DE NYLON PARA AMARRACAO DE CABOS, COMPRIMENTO DE 100 X 2,5 MM | E9944: UN | G9944: 0.06
A9945: =CONCATENAR -> SINAPI-I 410 | B9945: SINAPI-I | C9945: 410 | D9945: ABRACADEIRA DE NYLON PARA AMARRACAO DE CABOS, COMPRIMENTO DE 150 X *3,6* MM | E9945: UN | G9945: 0.15
A9946: =CONCATENAR -> SINAPI-I 411 | B9946: SINAPI-I | C9946: 411 | D9946: ABRACADEIRA DE NYLON PARA AMARRACAO DE CABOS, COMPRIMENTO DE 200 X *4,6* MM | E9946: UN | G9946: 0.2
A9947: =CONCATENAR -> SINAPI-I 408 | B9947: SINAPI-I | C9947: 408 | D9947: ABRACADEIRA DE NYLON PARA AMARRACAO DE CABOS, COMPRIMENTO DE 390 X *4,6* MM | E9947: UN | G9947: 0.99
A9948: =CONCATENAR -> SINAPI-I 39131 | B9948: SINAPI-I | C9948: 39131 | D9948: ABRACADEIRA EM ACO PARA AMARRACAO DE ELETRODUTOS, TIPO D, COM 1 1/2" E CUNHA DE FIXACAO | E9948: UN | G9948: 3.2
A9949: =CONCATENAR -> SINAPI-I 394 | B9949: SINAPI-I | C9949: 394 | D9949: ABRACADEIRA EM ACO PARA AMARRACAO DE ELETRODUTOS, TIPO D, COM 1 1/2" E PARAFUSO DE FIXACAO | E9949: UN | G9949: 3.24
A9950: =CONCATENAR -> SINAPI-I 39130 | B9950: SINAPI-I | C9950: 39130 | D9950: ABRACADEIRA EM ACO PARA AMARRACAO DE ELETRODUTOS, TIPO D, COM 1 1/4" E CUNHA DE FIXACAO | E9950: UN | G9950: 2.92
A9951: =CONCATENAR -> SINAPI-I 395 | B9951: SINAPI-I | C9951: 395 | D9951: ABRACADEIRA EM ACO PARA AMARRACAO DE ELETRODUTOS, TIPO D, COM 1 1/4" E PARAFUSO DE FIXACAO | E9951: UN | G9951: 3.12
A9952: =CONCATENAR -> SINAPI-I 39129 | B9952: SINAPI-I | C9952: 39129 | D9952: ABRACADEIRA EM ACO PARA AMARRACAO DE ELETRODUTOS, TIPO D, COM 1" E CUNHA DE FIXACAO | E9952: UN | G9952: 1.79
A9953: =CONCATENAR -> SINAPI-I 393 | B9953: SINAPI-I | C9953: 393 | D9953: ABRACADEIRA EM ACO PARA AMARRACAO DE ELETRODUTOS, TIPO D, COM 1" E PARAFUSO DE FIXACAO | E9953: UN | G9953: 1.88
A9954: =CONCATENAR -> SINAPI-I 39127 | B9954: SINAPI-I | C9954: 39127 | D9954: ABRACADEIRA EM ACO PARA AMARRACAO DE ELETRODUTOS, TIPO D, COM 1/2" E CUNHA DE FIXACAO | E9954: UN | G9954: 1.53
... A9984: =CONCATENAR -> SINAPI-I 36246 | B9984: SINAPI-I | C9984: 36246 | D9984: ACABAMENTO SIMPLES/CONVENCIONAL PARA FORRO PVC, TIPO "U" OU "C", COR BRANCA, COMPRIMENTO 6 M | E9984: M | G9984: 3.85
A9985: =CONCATENAR -> SINAPI-I 37600 | B9985: SINAPI-I | C9985: 37600 | D9985: ACESSORIO DE LIGACAO NAO ELETRICO PARA CARGAS EXPLOSIVAS, TUBO DE 6 M | E9985: UN
A9986: =CONCATENAR -> SINAPI-I 37599 | B9986: SINAPI-I | C9986: 37599 | D9986: ACESSORIO INICIADOR NAO ELETRICO, TUBO DE 6 M, TEMPO DE RETARDO DE *160* MS | E9986: UN
A9987: =CONCATENAR -> SINAPI-I 1 | B9987: SINAPI-I | C9987: 1 | D9987: ACETILENO (RECARGA DE GAS ACETILENO PARA CILINDRO DE CONJUNTO OXICORTE GRANDE) NAO INCLUI TROCA/MANUTENCAO DO CILINDRO | E9987: KG | G9987: 124
A9988: =CONCATENAR -> SINAPI-I 3 | B9988: SINAPI-I | C9988: 3 | D9988: ACIDO CLORIDRICO / ACIDO MURIATICO, DILUICAO 10% A 12% PARA USO EM LIMPEZA | E9988: L | G9988: 22.96
A9989: =CONCATENAR -> SINAPI-I 43054 | B9989: SINAPI-I | C9989: 43054 | D9989: ACO CA-25, 10,0 MM, OU 12,5 MM, OU 16,0 MM, OU 20,0 MM, OU 25,0 MM, VERGALHAO | E9989: KG | G9989: 8.31
A9990: =CONCATENAR -> SINAPI-I 42402 | B9990: SINAPI-I | C9990: 42402 | D9990: ACO CA-25, 16,0 MM, BARRA DE TRANSFERENCIA | E9990: KG | G9990: 7.94
A9991: =CONCATENAR -> SINAPI-I 42403 | B9991: SINAPI-I | C9991: 42403 | D9991: ACO CA-25, 20,0 MM, BARRA DE TRANSFERENCIA | E9991: KG | G9991: 10.19
A9992: =CONCATENAR -> SINAPI-I 42404 | B9992: SINAPI-I | C9992: 42404 | D9992: ACO CA-25, 25,0 MM, BARRA DE TRANSFERENCIA | E9992: KG | G9992: 10.13
A9993: =CONCATENAR -> SINAPI-I 42405 | B9993: SINAPI-I | C9993: 42405 | D9993: ACO CA-25, 32,0 MM, BARRA DE TRANSFERENCIA | E9993: KG | G9993: 10.79
A9994: =CONCATENAR -> SINAPI-I 34341 | B9994: SINAPI-I | C9994: 34341 | D9994: ACO CA-25, 32,0 MM, VERGALHAO | E9994: KG | G9994: 9.37
A9995: =CONCATENAR -> SINAPI-I 43053 | B9995: SINAPI-I | C9995: 43053 | D9995: ACO CA-25, 6,3 MM OU 8,0 MM, VERGALHAO | E9995: KG | G9995: 7.42
A9996: =CONCATENAR -> SINAPI-I 43058 | B9996: SINAPI-I | C9996: 43058 | D9996: ACO CA-50, 10,0 MM, OU 12,5 MM, OU 16,0 MM, OU 20,0 MM, DOBRADO E CORTADO | E9996: KG | G9996: 7.7
A9997: =CONCATENAR -> SINAPI-I 34 | B9997: SINAPI-I | C9997: 34 | D9997: ACO CA-50, 10,0 MM, VERGALHAO | E9997: KG | G9997: 7.73
A9998: =CONCATENAR -> SINAPI-I 43055 | B9998: SINAPI-I | C9998: 43055 | D9998: ACO CA-50, 12,5 MM OU 16,0 MM, VERGALHAO | E9998: KG | G9998: 6.7
... A10007: =CONCATENAR -> SINAPI-I 43060 | B10007: SINAPI-I | C10007: 43060 | D10007: ACO CA-60, 8,0 MM OU 9,5 MM, VERGALHAO | E10007: KG | G10007: 6.37
A10008: =CONCATENAR -> SINAPI-I 40410 | B10008: SINAPI-I | C10008: 40410 | D10008: ACOPLAMENTO RIGIDO EM FERRO FUNDIDO PARA SISTEMA DE TUBULACAO RANHURADA, DN 50 MM (2") | E10008: UN
A10009: =CONCATENAR -> SINAPI-I 40411 | B10009: SINAPI-I | C10009: 40411 | D10009: ACOPLAMENTO RIGIDO EM FERRO FUNDIDO PARA SISTEMA DE TUBULACAO RANHURADA, DN 65 MM (2 1/2") | E10009: UN
A10010: =CONCATENAR -> SINAPI-I 40412 | B10010: SINAPI-I | C10010: 40412 | D10010: ACOPLAMENTO RIGIDO EM FERRO FUNDIDO PARA SISTEMA DE TUBULACAO RANHURADA, DN 80 MM (3") | E10010: UN
A10011: =CONCATENAR -> SINAPI-I 44254 | B10011: SINAPI-I | C10011: 44254 | D10011: ADAPTADOR CPVC, ROSCAVEL, COM FLANGES E ANEL DE VEDACAO, 15 MM, CAIXA D'AGUA PARA AGUA QUENTE | E10011: UN | G10011: 29.05
A10012: =CONCATENAR -> SINAPI-I 44255 | B10012: SINAPI-I | C10012: 44255 | D10012: ADAPTADOR CPVC, ROSCAVEL, COM FLANGES E ANEL DE VEDACAO, 22 MM, CAIXA D'AGUA PARA AGUA QUENTE | E10012: UN | G10012: 32.2
A10013: =CONCATENAR -> SINAPI-I 44256 | B10013: SINAPI-I | C10013: 44256 | D10013: ADAPTADOR CPVC, ROSCAVEL, COM FLANGES E ANEL DE VEDACAO, 28 MM, CAIXA D'AGUA PARA AGUA QUENTE | E10013: UN | G10013: 36.36
A10014: =CONCATENAR -> SINAPI-I 44257 | B10014: SINAPI-I | C10014: 44257 | D10014: ADAPTADOR CPVC, ROSCAVEL, COM FLANGES E ANEL DE VEDACAO, 35 MM, CAIXA D'AGUA PARA AGUA QUENTE | E10014: UN | G10014: 57.53
A10015: =CONCATENAR -> SINAPI-I 44258 | B10015: SINAPI-I | C10015: 44258 | D10015: ADAPTADOR CPVC, ROSCAVEL, COM FLANGES E ANEL DE VEDACAO, 42 MM, CAIXA D'AGUA PARA AGUA QUENTE | E10015: UN | G10015: 65.75
A10016: =CONCATENAR -> SINAPI-I 44259 | B10016: SINAPI-I | C10016: 44259 | D10016: ADAPTADOR CPVC, ROSCAVEL, COM FLANGES E ANEL DE VEDACAO, 54 MM, CAIXA D'AGUA PARA AGUA QUENTE | E10016: UN | G10016: 90.25
A10017: =CONCATENAR -> SINAPI-I 37997 | B10017: SINAPI-I | C10017: 37997 | D10017: ADAPTADOR CPVC, SOLDAVEL, 15 MM, PARA AGUA QUENTE | E10017: UN | G10017: 17.31
A10018: =CONCATENAR -> SINAPI-I 37998 | B10018: SINAPI-I | C10018: 37998 | D10018: ADAPTADOR CPVC, SOLDAVEL, 22 MM, PARA AGUA QUENTE | E10018: UN | G10018: 23.17
A10019: =CONCATENAR -> SINAPI-I 55 | B10019: SINAPI-I | C10019: 55 | D10019: ADAPTADOR DE COMPRESSAO EM POLIPROPILENO (PP), PARA TUBO EM PEAD, 20 MM X 1/2", PARA LIGACAO PREDIAL DE AGUA (NTS 179) | E10019: UN | G10019: 4.7
A10020: =CONCATENAR -> SINAPI-I 61 | B10020: SINAPI-I | C10020: 61 | D10020: ADAPTADOR DE COMPRESSAO EM POLIPROPILENO (PP), PARA TUBO EM PEAD, 20 MM X 3/4", PARA LIGACAO PREDIAL DE AGUA (NTS 179) | E10020: UN | G10020: 4.44
A10021: =CONCATENAR -> SINAPI-I 62 | B10021: SINAPI-I | C10021: 62 | D10021: ADAPTADOR DE COMPRESSAO EM POLIPROPILENO (PP), PARA TUBO EM PEAD, 32 MM X 1", PARA LIGACAO PREDIAL DE AGUA (NTS 179) | E10021: UN | G10021: 9.21
A10022: =CONCATENAR -> SINAPI-I 10899 | B10022: SINAPI-I | C10022: 10899 | D10022: ADAPTADOR EM LATAO, ENGATE RAPIDO 2 1/2" X ROSCA INTERNA 5 FIOS 2 1/2", PARA INSTALACAO PREDIAL DE COMBATE A INCENDIO | E10022: UN | G10022: 63.52
... A10082: =CONCATENAR -> SINAPI-I 42409 | B10082: SINAPI-I | C10082: 42409 | D10082: AGENTE DE CURA, PROTETOR DA EVAPORACAO DA AGUA DE HIDRATACAO DO CONCRETO | E10082: KG | G10082: 10.49
A10083: =CONCATENAR -> SINAPI-I 40553 | B10083: SINAPI-I | C10083: 40553 | D10083: AGREGADO RECICLADO, TIPO RACHAO RECICLADO CINZA, CLASSE A | E10083: M3
A10084: =CONCATENAR -> SINAPI-I 6114 | B10084: SINAPI-I | C10084: 6114 | D10084: AJUDANTE DE ARMADOR (HORISTA) | E10084: H | G10084: 18.23
A10085: =CONCATENAR -> SINAPI-I 40912 | B10085: SINAPI-I | C10085: 40912 | D10085: AJUDANTE DE ARMADOR (MENSALISTA) | E10085: MES | G10085: 3218.73
A10086: =CONCATENAR -> SINAPI-I 247 | B10086: SINAPI-I | C10086: 247 | D10086: AJUDANTE DE ELETRICISTA (HORISTA) | E10086: H | G10086: 18.23
A10087: =CONCATENAR -> SINAPI-I 40919 | B10087: SINAPI-I | C10087: 40919 | D10087: AJUDANTE DE ELETRICISTA (MENSALISTA) | E10087: MES | G10087: 3218.73
A10088: =CONCATENAR -> SINAPI-I 44499 | B10088: SINAPI-I | C10088: 44499 | D10088: AJUDANTE DE ESTRUTURAS METALICAS (HORISTA) | E10088: H | G10088: 18.23
A10089: =CONCATENAR -> SINAPI-I 40984 | B10089: SINAPI-I | C10089: 40984 | D10089: AJUDANTE DE ESTRUTURAS METALICAS (MENSALISTA) | E10089: MES | G10089: 3218.73
A10090: =CONCATENAR -> SINAPI-I 248 | B10090: SINAPI-I | C10090: 248 | D10090: AJUDANTE DE OPERACAO EM GERAL (HORISTA) | E10090: H | G10090: 19.74
A10091: =CONCATENAR -> SINAPI-I 41086 | B10091: SINAPI-I | C10091: 41086 | D10091: AJUDANTE DE OPERACAO EM GERAL (MENSALISTA) | E10091: MES | G10091: 3488.51
A10092: =CONCATENAR -> SINAPI-I 34466 | B10092: SINAPI-I | C10092: 34466 | D10092: AJUDANTE DE PINTOR (HORISTA) | E10092: H | G10092: 18.23
A10093: =CONCATENAR -> SINAPI-I 41083 | B10093: SINAPI-I | C10093: 41083 | D10093: AJUDANTE DE PINTOR (MENSALISTA) | E10093: MES | G10093: 3218.73
A10094: =CONCATENAR -> SINAPI-I 252 | B10094: SINAPI-I | C10094: 252 | D10094: AJUDANTE DE SERRALHEIRO (HORISTA) | E10094: H | G10094: 18.23
A10095: =CONCATENAR -> SINAPI-I 40909 | B10095: SINAPI-I | C10095: 40909 | D10095: AJUDANTE DE SERRALHEIRO (MENSALISTA) | E10095: MES | G10095: 3218.73
... A10097: =CONCATENAR -> SINAPI-I 41085 | B10097: SINAPI-I | C10097: 41085 | D10097: AJUDANTE ESPECIALIZADO (MENSALISTA) | E10097: MES | G10097: 3488.51
...

Sheet Composições
B1: COMPOSIÇÕES
I4: CUSTO UNIT | J4: CUSTO UNIT
B5: =OFFSET(Composições!$A$1,MATCH(COUNTIF($H$1:$H5,"Composições"),Composições!$K:$K,0)-1,COLUMN(Banco!B$6)-1) -> Composição | C5: =OFFSET(Composições!$A$1,MATCH(COUNTIF($H$1:$H5,"Composições"),Composições!$K:$K,0)-1,COLUMN(Banco!C$6)-1) -> FNDE 03 | D5: =IF(COUNTIF(OFFSET(Banco!$A$6,1,0,NCOMPOSICOES),$A5)>1,"CÓDIGO REPETIDO",OFFSET(Composições!$A$1,MATCH(COUNTIF($H$1:$H5,"Composições"),Composições!$K:$K,0)-1,COLUMN(Banco!D$6)-1)) -> LIGAÇÃO PROVISÓRIA DE ÁGUA E ESGOTO (UN) | E5: =OFFSET(Composições!$A$1,MATCH(COUNTIF($H$1:$H5,"Composições"),Composições!$K:$K,0)-1,COLUMN(Banco!E$6)-1) -> UN | F5: =OFFSET(Composições!$A$1,MATCH(COUNTIF($H$1:$H5,"Composições"),Composições!$K:$K,0)-1,COLUMN(Banco!F$6)-1) -> 0 | G5: =OFFSET(Composições!$A$1,MATCH(COUNTIF($H$1:$H5,"Composições"),Composições!$K:$K,0)-1,COLUMN(Banco!G$6)-1) -> 3102.22 | H5: Composições
A7: =CONCATENAR | F7: =IF($L7>0,SUM(OFFSET(F7,1,0,$L7),0)) -> 0 | G7: =IF($L7>0,SUM(OFFSET(G7,1,0,$L7),0)) -> 0 | I7: =IF(ISERROR(F7),0,F7) -> 0 | J7: =IF(ISERROR(G7),0,G7) -> 0 | K7: =COUNTA($A$1:$A7)-1 -> 0 | L7: =IF(MAX(K:K)=K7,MATCH(9999999,$K:$K)+1,MATCH(K7+1,K:K,0))-ROW(L7)-2 -> 2 | M7: =IF(AND(OR(I7<>0,J7<>0),N7="Sim"),"F","") | N7: Sim
D8: =IF(ISNUMBER($L8),OFFSET(Banco!$A$1,Composições!$L8-1,COLUMN(Composições!D8)-1),"") | E8: =IF(ISNUMBER($L8),OFFSET(Banco!$A$1,Composições!$L8-1,COLUMN(Composições!E8)-1),"") | F8: =TRUNC($H8*ROUND(I8,2),2) -> 0 | G8: =TRUNC($H8*ROUND(J8,2),2) -> 0 | I8: =IF(ISNUMBER($L8),VALUE(OFFSET(Banco!$A$1,Composições!$L8-1,COLUMN(Composições!I8)-4)),0) -> 0 | J8: =IF(ISNUMBER($L8),VALUE(OFFSET(Banco!$A$1,Composições!$L8-1,COLUMN(Composições!J8)-4)),0) -> 0 | K8: =COUNTA($A$1:$A8)-1 -> 0 | L8: =MATCH(Composições!CONCATENAR,Banco!$A:$A,0) -> #N/A | M8: =IF(OR(ISERROR(L8),H8="",H8=0),"",OFFSET($M$1,MATCH(K8,$K$1:$K8,0)-1,0))
K9: =COUNTA($A$1:$A9)-1 -> 0 | M9: =IF(OFFSET($M$1,MATCH(OFFSET(K9,-1,0),$K$1:$K9,0)-1,0)="F","F","")
B10: FONTE | C10: CÓDIGO | D10: DESCRIÇÃO | E10: UNIDADE | H10: COEFIC. | I10: DESONERADO | J10: NÃO DESONER. | M10: FILTRO | N10: IMPRIMIR
A11: =CONCATENAR -> Composição FNDE 03 | B11: Composição | C11: FNDE 03 | D11: LIGAÇÃO PROVISÓRIA DE ÁGUA E ESGOTO (UN) | E11: UN | F11: =IF($L11>0,SUM(OFFSET(F11,1,0,$L11),0)) -> 0 | G11: =IF($L11>0,SUM(OFFSET(G11,1,0,$L11),0)) -> 3102.22 | I11: =IF(ISERROR(F11),0,F11) -> 0 | J11: =IF(ISERROR(G11),0,G11) -> 3102.22 | K11: =COUNTA($A$1:$A11)-1 -> 1 | L11: =IF(MAX(K:K)=K11,MATCH(9999999,$K:$K)+1,MATCH(K11+1,K:K,0))-ROW(L11)-2 -> 13 | M11: =IF(AND(OR(I11<>0,J11<>0),N11="Sim"),"F","") -> F | N11: Sim
B12: SINAPI-I | C12: 370 | D12: =IF(ISNUMBER($L12),OFFSET(Banco!$A$1,Composições!$L12-1,COLUMN(Composições!D12)-1),"") -> AREIA MEDIA - POSTO JAZIDA/FORNECEDOR (RETIRADO NA JAZIDA, SEM TRANSPORTE) | E12: =IF(ISNUMBER($L12),OFFSET(Banco!$A$1,Composições!$L12-1,COLUMN(Composições!E12)-1),"") -> M3 | F12: =TRUNC($H12*ROUND(I12,2),2) -> 0 | G12: =TRUNC($H12*ROUND(J12,2),2) -> 2.6 | H12: 0.02 | I12: =IF(ISNUMBER($L12),VALUE(OFFSET(Banco!$A$1,Composições!$L12-1,COLUMN(Composições!I12)-4)),0) -> 0 | J12: =IF(ISNUMBER($L12),VALUE(OFFSET(Banco!$A$1,Composições!$L12-1,COLUMN(Composições!J12)-4)),0) -> 130 | K12: =COUNTA($A$1:$A12)-1 -> 1 | L12: =MATCH(Composições!CONCATENAR,Banco!$A:$A,0) -> 10247 | M12: =IF(OR(ISERROR($L12),$H12="",$H12=0),"",OFFSET(M$1,MATCH($K12,$K$1:$K12,0)-1,0)) -> F
B13: SINAPI-I | C13: 10420 | D13: =IF(ISNUMBER($L13),OFFSET(Banco!$A$1,Composições!$L13-1,COLUMN(Composições!D13)-1),"") -> BACIA SANITARIA (VASO) CONVENCIONAL, DE LOUCA BRANCA, SIFAO APARENTE, SAIDA VERTICAL (SEM ASSENTO) | E13: =IF(ISNUMBER($L13),OFFSET(Banco!$A$1,Composições!$L13-1,COLUMN(Composições!E13)-1),"") -> UN | F13: =TRUNC($H13*ROUND(I13,2),2) -> 0 | G13: =TRUNC($H13*ROUND(J13,2),2) -> 209.9 | H13: 1 | I13: =IF(ISNUMBER($L13),VALUE(OFFSET(Banco!$A$1,Composições!$L13-1,COLUMN(Composições!I13)-4)),0) -> 0 | J13: =IF(ISNUMBER($L13),VALUE(OFFSET(Banco!$A$1,Composições!$L13-1,COLUMN(Composições!J13)-4)),0) -> 209.9 | K13: =COUNTA($A$1:$A13)-1 -> 1 | L13: =MATCH(Composições!CONCATENAR,Banco!$A:$A,0) -> 10329 | M13: =IF(OR(ISERROR($L13),$H13="",$H13=0),"",OFFSET(M$1,MATCH($K13,$K$1:$K13,0)-1,0)) -> F
B14: SINAPI-I | C14: 11868 | D14: =IF(ISNUMBER($L14),OFFSET(Banco!$A$1,Composições!$L14-1,COLUMN(Composições!D14)-1),"") -> CAIXA D'AGUA / RESERVATORIO EM POLIESTER REFORCADO COM FIBRA DE VIDRO,1000 LITROS, COM TAMPA | E14: =IF(ISNUMBER($L14),OFFSET(Banco!$A$1,Composições!$L14-1,COLUMN(Composições!E14)-1),"") -> UN | F14: =TRUNC($H14*ROUND(I14,2),2) -> 0 | G14: =TRUNC($H14*ROUND(J14,2),2) -> 690.51 | H14: 1 | I14: =IF(ISNUMBER($L14),VALUE(OFFSET(Banco!$A$1,Composições!$L14-1,COLUMN(Composições!I14)-4)),0) -> 0 | J14: =IF(ISNUMBER($L14),VALUE(OFFSET(Banco!$A$1,Composições!$L14-1,COLUMN(Composições!J14)-4)),0) -> 690.51 | K14: =COUNTA($A$1:$A14)-1 -> 1 | L14: =MATCH(Composições!CONCATENAR,Banco!$A:$A,0) -> 10785 | M14: =IF(OR(ISERROR($L14),$H14="",$H14=0),"",OFFSET(M$1,MATCH($K14,$K$1:$K14,0)-1,0)) -> F
B15: SINAPI-I | C15: 20247 | D15: =IF(ISNUMBER($L15),OFFSET(Banco!$A$1,Composições!$L15-1,COLUMN(Composições!D15)-1),"") -> PREGO DE ACO POLIDO COM CABECA 15 X 15 (1 1/4 X 13) | E15: =IF(ISNUMBER($L15),OFFSET(Banco!$A$1,Composições!$L15-1,COLUMN(Composições!E15)-1),"") -> KG | F15: =TRUNC($H15*ROUND(I15,2),2) -> 0 | G15: =TRUNC($H15*ROUND(J15,2),2) -> 20.21 | H15: 1 | I15: =IF(ISNUMBER($L15),VALUE(OFFSET(Banco!$A$1,Composições!$L15-1,COLUMN(Composições!I15)-4)),0) -> 0 | J15: =IF(ISNUMBER($L15),VALUE(OFFSET(Banco!$A$1,Composições!$L15-1,COLUMN(Composições!J15)-4)),0) -> 20.21 | K15: =COUNTA($A$1:$A15)-1 -> 1 | L15: =MATCH(Composições!CONCATENAR,Banco!$A:$A,0) -> 13494 | M15: =IF(OR(ISERROR($L15),$H15="",$H15=0),"",OFFSET(M$1,MATCH($K15,$K$1:$K15,0)-1,0)) -> F
B16: SINAPI-I | C16: 20205 | D16: =IF(ISNUMBER($L16),OFFSET(Banco!$A$1,Composições!$L16-1,COLUMN(Composições!D16)-1),"") -> RIPA APARELHADA *1,5 X 5* CM, EM MACARANDUBA/MASSARANDUBA, ANGELIM OU EQUIVALENTE DA REGIAO | E16: =IF(ISNUMBER($L16),OFFSET(Banco!$A$1,Composições!$L16-1,COLUMN(Composições!E16)-1),"") -> M | F16: =TRUNC($H16*ROUND(I16,2),2) -> 0 | G16: =TRUNC($H16*ROUND(J16,2),2) -> 36.64 | H16: 8 | I16: =IF(ISNUMBER($L16),VALUE(OFFSET(Banco!$A$1,Composições!$L16-1,COLUMN(Composições!I16)-4)),0) -> 0 | J16: =IF(ISNUMBER($L16),VALUE(OFFSET(Banco!$A$1,Composições!$L16-1,COLUMN(Composições!J16)-4)),0) -> 4.58 | K16: =COUNTA($A$1:$A16)-1 -> 1 | L16: =MATCH(Composições!CONCATENAR,Banco!$A:$A,0) -> 13661 | M16: =IF(OR(ISERROR($L16),$H16="",$H16=0),"",OFFSET(M$1,MATCH($K16,$K$1:$K16,0)-1,0)) -> F
B17: SINAPI-I | C17: 21009 | D17: =IF(ISNUMBER($L17),OFFSET(Banco!$A$1,Composições!$L17-1,COLUMN(Composições!D17)-1),"") -> TUBO ACO GALVANIZADO COM COSTURA, CLASSE LEVE, DN 20 MM (3/4"), E = 2,25 MM, *1,3* KG/M (NBR 5580) | E17: =IF(ISNUMBER($L17),OFFSET(Banco!$A$1,Composições!$L17-1,COLUMN(Composições!E17)-1),"") -> M | F17: =TRUNC($H17*ROUND(I17,2),2) -> 0 | G17: =TRUNC($H17*ROUND(J17,2),2) -> 814.8 | H17: 30 | I17: =IF(ISNUMBER($L17),VALUE(OFFSET(Banco!$A$1,Composições!$L17-1,COLUMN(Composições!I17)-4)),0) -> 0 | J17: =IF(ISNUMBER($L17),VALUE(OFFSET(Banco!$A$1,Composições!$L17-1,COLUMN(Composições!J17)-4)),0) -> 27.16 | K17: =COUNTA($A$1:$A17)-1 -> 1 | L17: =MATCH(Composições!CONCATENAR,Banco!$A:$A,0) -> 14331 | M17: =IF(OR(ISERROR($L17),$H17="",$H17=0),"",OFFSET(M$1,MATCH($K17,$K$1:$K17,0)-1,0)) -> F
B18: SINAPI-I | C18: 9841 | D18: =IF(ISNUMBER($L18),OFFSET(Banco!$A$1,Composições!$L18-1,COLUMN(Composições!D18)-1),"") -> TUBO PVC, SERIE R, DN 100 MM, PARA ESGOTO OU AGUAS PLUVIAIS PREDIAL (NBR 5688) | E18: =IF(ISNUMBER($L18),OFFSET(Banco!$A$1,Composições!$L18-1,COLUMN(Composições!E18)-1),"") -> M | F18: =TRUNC($H18*ROUND(I18,2),2) -> 0 | G18: =TRUNC($H18*ROUND(J18,2),2) -> 139.55 | H18: 5 | I18: =IF(ISNUMBER($L18),VALUE(OFFSET(Banco!$A$1,Composições!$L18-1,COLUMN(Composições!I18)-4)),0) -> 0 | J18: =IF(ISNUMBER($L18),VALUE(OFFSET(Banco!$A$1,Composições!$L18-1,COLUMN(Composições!J18)-4)),0) -> 27.91 | K18: =COUNTA($A$1:$A18)-1 -> 1 | L18: =MATCH(Composições!CONCATENAR,Banco!$A:$A,0) -> 14585 | M18: =IF(OR(ISERROR($L18),$H18="",$H18=0),"",OFFSET(M$1,MATCH($K18,$K$1:$K18,0)-1,0)) -> F
B19: SINAPI-I | C19: 9841 | D19: =IF(ISNUMBER($L19),OFFSET(Banco!$A$1,Composições!$L19-1,COLUMN(Composições!D19)-1),"") -> TUBO PVC, SERIE R, DN 100 MM, PARA ESGOTO OU AGUAS PLUVIAIS PREDIAL (NBR 5688) | E19: =IF(ISNUMBER($L19),OFFSET(Banco!$A$1,Composições!$L19-1,COLUMN(Composições!E19)-1),"") -> M | F19: =TRUNC($H19*ROUND(I19,2),2) -> 0 | G19: =TRUNC($H19*ROUND(J19,2),2) -> 139.55 | H19: 5 | I19: =IF(ISNUMBER($L19),VALUE(OFFSET(Banco!$A$1,Composições!$L19-1,COLUMN(Composições!I19)-4)),0) -> 0 | J19: =IF(ISNUMBER($L19),VALUE(OFFSET(Banco!$A$1,Composições!$L19-1,COLUMN(Composições!J19)-4)),0) -> 27.91 | K19: =COUNTA($A$1:$A19)-1 -> 1 | L19: =MATCH(Composições!CONCATENAR,Banco!$A:$A,0) -> 14585 | M19: =IF(OR(ISERROR($L19),$H19="",$H19=0),"",OFFSET(M$1,MATCH($K19,$K$1:$K19,0)-1,0)) -> F
B20: SINAPI | C20: 88248 | D20: =IF(ISNUMBER($L20),OFFSET(Banco!$A$1,Composições!$L20-1,COLUMN(Composições!D20)-1),"") -> AUXILIAR DE ENCANADOR OU BOMBEIRO HIDRÁULICO COM ENCARGOS COMPLEMENTARES | E20: =IF(ISNUMBER($L20),OFFSET(Banco!$A$1,Composições!$L20-1,COLUMN(Composições!E20)-1),"") -> H | F20: =TRUNC($H20*ROUND(I20,2),2) -> 0 | G20: =TRUNC($H20*ROUND(J20,2),2) -> 97.92 | H20: 4 | I20: =IF(ISNUMBER($L20),VALUE(OFFSET(Banco!$A$1,Composições!$L20-1,COLUMN(Composições!I20)-4)),0) -> 0 | J20: =IF(ISNUMBER($L20),VALUE(OFFSET(Banco!$A$1,Composições!$L20-1,COLUMN(Composições!J20)-4)),0) -> 24.48 | K20: =COUNTA($A$1:$A20)-1 -> 1 | L20: =MATCH(Composições!CONCATENAR,Banco!$A:$A,0) -> 7040 | M20: =IF(OR(ISERROR($L20),$H20="",$H20=0),"",OFFSET(M$1,MATCH($K20,$K$1:$K20,0)-1,0)) -> F
B21: SINAPI | C21: 88267 | D21: =IF(ISNUMBER($L21),OFFSET(Banco!$A$1,Composições!$L21-1,COLUMN(Composições!D21)-1),"") -> ENCANADOR OU BOMBEIRO HIDRÁULICO COM ENCARGOS COMPLEMENTARES | E21: =IF(ISNUMBER($L21),OFFSET(Banco!$A$1,Composições!$L21-1,COLUMN(Composições!E21)-1),"") -> H | F21: =TRUNC($H21*ROUND(I21,2),2) -> 0 | G21: =TRUNC($H21*ROUND(J21,2),2) -> 243.84 | H21: 8 | I21: =IF(ISNUMBER($L21),VALUE(OFFSET(Banco!$A$1,Composições!$L21-1,COLUMN(Composições!I21)-4)),0) -> 0 | J21: =IF(ISNUMBER($L21),VALUE(OFFSET(Banco!$A$1,Composições!$L21-1,COLUMN(Composições!J21)-4)),0) -> 30.48 | K21: =COUNTA($A$1:$A21)-1 -> 1 | L21: =MATCH(Composições!CONCATENAR,Banco!$A:$A,0) -> 7263 | M21: =IF(OR(ISERROR($L21),$H21="",$H21=0),"",OFFSET(M$1,MATCH($K21,$K$1:$K21,0)-1,0)) -> F
B22: SINAPI | C22: 88309 | D22: =IF(ISNUMBER($L22),OFFSET(Banco!$A$1,Composições!$L22-1,COLUMN(Composições!D22)-1),"") -> PEDREIRO COM ENCARGOS COMPLEMENTARES | E22: =IF(ISNUMBER($L22),OFFSET(Banco!$A$1,Composições!$L22-1,COLUMN(Composições!E22)-1),"") -> H | F22: =TRUNC($H22*ROUND(I22,2),2) -> 0 | G22: =TRUNC($H22*ROUND(J22,2),2) -> 249.68 | H22: 8 | I22: =IF(ISNUMBER($L22),VALUE(OFFSET(Banco!$A$1,Composições!$L22-1,COLUMN(Composições!I22)-4)),0) -> 0 | J22: =IF(ISNUMBER($L22),VALUE(OFFSET(Banco!$A$1,Composições!$L22-1,COLUMN(Composições!J22)-4)),0) -> 31.21 | K22: =COUNTA($A$1:$A22)-1 -> 1 | L22: =MATCH(Composições!CONCATENAR,Banco!$A:$A,0) -> 7349 | M22: =IF(OR(ISERROR($L22),$H22="",$H22=0),"",OFFSET(M$1,MATCH($K22,$K$1:$K22,0)-1,0)) -> F
B23: SINAPI | C23: 88316 | D23: =IF(ISNUMBER($L23),OFFSET(Banco!$A$1,Composições!$L23-1,COLUMN(Composições!D23)-1),"") -> SERVENTE COM ENCARGOS COMPLEMENTARES | E23: =IF(ISNUMBER($L23),OFFSET(Banco!$A$1,Composições!$L23-1,COLUMN(Composições!E23)-1),"") -> H | F23: =TRUNC($H23*ROUND(I23,2),2) -> 0 | G23: =TRUNC($H23*ROUND(J23,2),2) -> 183.83 | H23: 8.12 | I23: =IF(ISNUMBER($L23),VALUE(OFFSET(Banco!$A$1,Composições!$L23-1,COLUMN(Composições!I23)-4)),0) -> 0 | J23: =IF(ISNUMBER($L23),VALUE(OFFSET(Banco!$A$1,Composições!$L23-1,COLUMN(Composições!J23)-4)),0) -> 22.64 | K23: =COUNTA($A$1:$A23)-1 -> 1 | L23: =MATCH(Composições!CONCATENAR,Banco!$A:$A,0) -> 7362 | M23: =IF(OR(ISERROR($L23),$H23="",$H23=0),"",OFFSET(M$1,MATCH($K23,$K$1:$K23,0)-1,0)) -> F
B24: SINAPI | C24: 92273 | D24: =IF(ISNUMBER($L24),OFFSET(Banco!$A$1,Composições!$L24-1,COLUMN(Composições!D24)-1),"") -> FABRICAÇÃO DE ESCORAS DO TIPO PONTALETE, EM MADEIRA, PARA PÉ-DIREITO SIMPLES. AF_09/2020 | E24: =IF(ISNUMBER($L24),OFFSET(Banco!$A$1,Composições!$L24-1,COLUMN(Composições!E24)-1),"") -> M | F24: =TRUNC($H24*ROUND(I24,2),2) -> 0 | G24: =TRUNC($H24*ROUND(J24,2),2) -> 273.19 | H24: 17 | I24: =IF(ISNUMBER($L24),VALUE(OFFSET(Banco!$A$1,Composições!$L24-1,COLUMN(Composições!I24)-4)),0) -> 0 | J24: =IF(ISNUMBER($L24),VALUE(OFFSET(Banco!$A$1,Composições!$L24-1,COLUMN(Composições!J24)-4)),0) -> 16.07 | K24: =COUNTA($A$1:$A24)-1 -> 1 | L24: =MATCH(Composições!CONCATENAR,Banco!$A:$A,0) -> 4275 | M24: =IF(OR(ISERROR($L24),$H24="",$H24=0),"",OFFSET(M$1,MATCH($K24,$K$1:$K24,0)-1,0)) -> F
K25: =COUNTA($A$1:$A25)-1 -> 1 | M25: =IF(OFFSET($M$1,MATCH(OFFSET(K25,-1,0),$K$1:$K25,0)-1,0)="F","F","") -> F
A26: =CONCATENAR -> Composição FNDE 244 | B26: Composição | C26: FNDE 244 | D26: ADMINISTRAÇÃO LOCAL TIPO 1 (UN) | E26: UN | F26: =IF($L26>0,SUM(OFFSET(F26,1,0,$L26),0)) -> 0 | G26: =IF($L26>0,SUM(OFFSET(G26,1,0,$L26),0)) -> 479112.75 | I26: =IF(ISERROR(F26),0,F26) -> 0 | J26: =IF(ISERROR(G26),0,G26) -> 479112.75 | K26: =COUNTA($A$1:$A26)-1 -> 2 | L26: =IF(MAX(K:K)=K26,MATCH(9999999,$K:$K)+1,MATCH(K26+1,K:K,0))-ROW(L26)-2 -> 5 | M26: =IF(AND(OR(I26<>0,J26<>0),N26="Sim"),"F","") -> F | N26: Sim
B27: SINAPI | C27: 93563 | D27: =IF(ISNUMBER($L27),OFFSET(Banco!$A$1,Composições!$L27-1,COLUMN(Composições!D27)-1),"") -> ALMOXARIFE COM ENCARGOS COMPLEMENTARES | E27: =IF(ISNUMBER($L27),OFFSET(Banco!$A$1,Composições!$L27-1,COLUMN(Composições!E27)-1),"") -> MES | F27: =TRUNC($H27*ROUND(I27,2),2) -> 0 | G27: =TRUNC($H27*ROUND(J27,2),2) -> 47258 | H27: 10 | I27: =IF(ISNUMBER($L27),VALUE(OFFSET(Banco!$A$1,Composições!$L27-1,COLUMN(Composições!I27)-4)),0) -> 0 | J27: =IF(ISNUMBER($L27),VALUE(OFFSET(Banco!$A$1,Composições!$L27-1,COLUMN(Composições!J27)-4)),0) -> 4725.8 | K27: =COUNTA($A$1:$A27)-1 -> 2 | L27: =MATCH(Composições!CONCATENAR,Banco!$A:$A,0) -> 7024 | M27: =IF(OR(ISERROR($L27),$H27="",$H27=0),"",OFFSET(M$1,MATCH($K27,$K$1:$K27,0)-1,0)) -> F
B28: SINAPI | C28: 93572 | D28: =IF(ISNUMBER($L28),OFFSET(Banco!$A$1,Composições!$L28-1,COLUMN(Composições!D28)-1),"") -> ENCARREGADO GERAL DE OBRAS COM ENCARGOS COMPLEMENTARES | E28: =IF(ISNUMBER($L28),OFFSET(Banco!$A$1,Composições!$L28-1,COLUMN(Composições!E28)-1),"") -> MES | F28: =TRUNC($H28*ROUND(I28,2),2) -> 0 | G28: =TRUNC($H28*ROUND(J28,2),2) -> 106044.3 | H28: 10 | I28: =IF(ISNUMBER($L28),VALUE(OFFSET(Banco!$A$1,Composições!$L28-1,COLUMN(Composições!I28)-4)),0) -> 0 | J28: =IF(ISNUMBER($L28),VALUE(OFFSET(Banco!$A$1,Composições!$L28-1,COLUMN(Composições!J28)-4)),0) -> 10604.43 | K28: =COUNTA($A$1:$A28)-1 -> 2 | L28: =MATCH(Composições!CONCATENAR,Banco!$A:$A,0) -> 7266 | M28: =IF(OR(ISERROR($L28),$H28="",$H28=0),"",OFFSET(M$1,MATCH($K28,$K$1:$K28,0)-1,0)) -> F
B29: SINAPI | C29: 93565 | D29: =IF(ISNUMBER($L29),OFFSET(Banco!$A$1,Composições!$L29-1,COLUMN(Composições!D29)-1),"") -> ENGENHEIRO CIVIL DE OBRA JUNIOR COM ENCARGOS COMPLEMENTARES | E29: =IF(ISNUMBER($L29),OFFSET(Banco!$A$1,Composições!$L29-1,COLUMN(Composições!E29)-1),"") -> MES | F29: =TRUNC($H29*ROUND(I29,2),2) -> 0 | G29: =TRUNC($H29*ROUND(J29,2),2) -> 115630.25 | H29: 5 | I29: =IF(ISNUMBER($L29),VALUE(OFFSET(Banco!$A$1,Composições!$L29-1,COLUMN(Composições!I29)-4)),0) -> 0 | J29: =IF(ISNUMBER($L29),VALUE(OFFSET(Banco!$A$1,Composições!$L29-1,COLUMN(Composições!J29)-4)),0) -> 23126.05 | K29: =COUNTA($A$1:$A29)-1 -> 2 | L29: =MATCH(Composições!CONCATENAR,Banco!$A:$A,0) -> 7268 | M29: =IF(OR(ISERROR($L29),$H29="",$H29=0),"",OFFSET(M$1,MATCH($K29,$K$1:$K29,0)-1,0)) -> F
B30: SINAPI | C30: 94295 | D30: =IF(ISNUMBER($L30),OFFSET(Banco!$A$1,Composições!$L30-1,COLUMN(Composições!D30)-1),"") -> MESTRE DE OBRAS COM ENCARGOS COMPLEMENTARES | E30: =IF(ISNUMBER($L30),OFFSET(Banco!$A$1,Composições!$L30-1,COLUMN(Composições!E30)-1),"") -> MES | F30: =TRUNC($H30*ROUND(I30,2),2) -> 0 | G30: =TRUNC($H30*ROUND(J30,2),2) -> 169553.8 | H30: 10 | I30: =IF(ISNUMBER($L30),VALUE(OFFSET(Banco!$A$1,Composições!$L30-1,COLUMN(Composições!I30)-4)),0) -> 0 | J30: =IF(ISNUMBER($L30),VALUE(OFFSET(Banco!$A$1,Composições!$L30-1,COLUMN(Composições!J30)-4)),0) -> 16955.38 | K30: =COUNTA($A$1:$A30)-1 -> 2 | L30: =MATCH(Composições!CONCATENAR,Banco!$A:$A,0) -> 7292 | M30: =IF(OR(ISERROR($L30),$H30="",$H30=0),"",OFFSET(M$1,MATCH($K30,$K$1:$K30,0)-1,0)) -> F
B31: SINAPI | C31: 101452 | D31: =IF(ISNUMBER($L31),OFFSET(Banco!$A$1,Composições!$L31-1,COLUMN(Composições!D31)-1),"") -> SERVENTE DE OBRAS COM ENCARGOS COMPLEMENTARES | E31: =IF(ISNUMBER($L31),OFFSET(Banco!$A$1,Composições!$L31-1,COLUMN(Composições!E31)-1),"") -> MES | F31: =TRUNC($H31*ROUND(I31,2),2) -> 0 | G31: =TRUNC($H31*ROUND(J31,2),2) -> 40626.4 | H31: 10 | I31: =IF(ISNUMBER($L31),VALUE(OFFSET(Banco!$A$1,Composições!$L31-1,COLUMN(Composições!I31)-4)),0) -> 0 | J31: =IF(ISNUMBER($L31),VALUE(OFFSET(Banco!$A$1,Composições!$L31-1,COLUMN(Composições!J31)-4)),0) -> 4062.64 | K31: =COUNTA($A$1:$A31)-1 -> 2 | L31: =MATCH(Composições!CONCATENAR,Banco!$A:$A,0) -> 7363 | M31: =IF(OR(ISERROR($L31),$H31="",$H31=0),"",OFFSET(M$1,MATCH($K31,$K$1:$K31,0)-1,0)) -> F
K32: =COUNTA($A$1:$A32)-1 -> 2 | M32: =IF(OFFSET($M$1,MATCH(OFFSET(K32,-1,0),$K$1:$K32,0)-1,0)="F","F","") -> F
A33: =CONCATENAR -> Composição FNDE 231 | B33: Composição | C33: FNDE 231 | D33: LOCACAO DE CONTAINER 2,30 X 6,00 M, ALT. 2,50 M, COM 1 SANITARIO, PARA ESCRITORIO, COMPLETO, SEM DIVISORIAS INTERNAS (NAO INCLUI MOBILIZACAO/DESMOBILIZACAO) (MÊS) | E33: MÊS | F33: =IF($L33>0,SUM(OFFSET(F33,1,0,$L33),0)) -> 0 | G33: =IF($L33>0,SUM(OFFSET(G33,1,0,$L33),0)) -> 1154.07 | I33: =IF(ISERROR(F33),0,F33) -> 0 | J33: =IF(ISERROR(G33),0,G33) -> 1154.07 | K33: =COUNTA($A$1:$A33)-1 -> 3 | L33: =IF(MAX(K:K)=K33,MATCH(9999999,$K:$K)+1,MATCH(K33+1,K:K,0))-ROW(L33)-2 -> 3 | M33: =IF(AND(OR(I33<>0,J33<>0),N33="Sim"),"F","") -> F | N33: Sim
B34: SINAPI-I | C34: 10775 | D34: =IF(ISNUMBER($L34),OFFSET(Banco!$A$1,Composições!$L34-1,COLUMN(Composições!D34)-1),"") -> LOCACAO DE CONTAINER 2,30 X 6,00 M, ALT. 2,50 M, COM 1 SANITARIO, PARA ESCRITORIO, COMPLETO, SEM DIVISORIAS INTERNAS (NAO INCLUI MOBILIZACAO/DESMOBILIZACAO) | E34: =IF(ISNUMBER($L34),OFFSET(Banco!$A$1,Composições!$L34-1,COLUMN(Composições!E34)-1),"") -> MES | F34: =TRUNC($H34*ROUND(I34,2),2) -> 0 | G34: =TRUNC($H34*ROUND(J34,2),2) -> 960 | H34: 1 | I34: =IF(ISNUMBER($L34),VALUE(OFFSET(Banco!$A$1,Composições!$L34-1,COLUMN(Composições!I34)-4)),0) -> 0 | J34: =IF(ISNUMBER($L34),VALUE(OFFSET(Banco!$A$1,Composições!$L34-1,COLUMN(Composições!J34)-4)),0) -> 960 | K34: =COUNTA($A$1:$A34)-1 -> 3 | L34: =MATCH(Composições!CONCATENAR,Banco!$A:$A,0) -> 12498 | M34: =IF(OR(ISERROR($L34),$H34="",$H34=0),"",OFFSET(M$1,MATCH($K34,$K$1:$K34,0)-1,0)) -> F
B35: SINAPI | C35: 105114 | D35: =IF(ISNUMBER($L35),OFFSET(Banco!$A$1,Composições!$L35-1,COLUMN(Composições!D35)-1),"") -> EXECUÇÃO DOS APOIOS PARA CONTÊINER OU MÓDULO HABITÁVEL. AF_03/2024 | E35: =IF(ISNUMBER($L35),OFFSET(Banco!$A$1,Composições!$L35-1,COLUMN(Composições!E35)-1),"") -> M3 | F35: =TRUNC($H35*ROUND(I35,2),2) -> 0 | G35: =TRUNC($H35*ROUND(J35,2),2) -> 180.6 | H35: 0.096 | I35: =IF(ISNUMBER($L35),VALUE(OFFSET(Banco!$A$1,Composições!$L35-1,COLUMN(Composições!I35)-4)),0) -> 0 | J35: =IF(ISNUMBER($L35),VALUE(OFFSET(Banco!$A$1,Composições!$L35-1,COLUMN(Composições!J35)-4)),0) -> 1881.29 | K35: =COUNTA($A$1:$A35)-1 -> 3 | L35: =MATCH(Composições!CONCATENAR,Banco!$A:$A,0) -> 6871 | M35: =IF(OR(ISERROR($L35),$H35="",$H35=0),"",OFFSET(M$1,MATCH($K35,$K$1:$K35,0)-1,0)) -> F
B36: SINAPI | C36: 105115 | D36: =IF(ISNUMBER($L36),OFFSET(Banco!$A$1,Composições!$L36-1,COLUMN(Composições!D36)-1),"") -> INSTALAÇÃO E DESINSTALAÇÃO MECANIZADA DE CONTÊINER OU MÓDULO HABITÁVEL DE USOS DIVERSOS. AF_03/2024 | E36: =IF(ISNUMBER($L36),OFFSET(Banco!$A$1,Composições!$L36-1,COLUMN(Composições!E36)-1),"") -> UN | F36: =TRUNC($H36*ROUND(I36,2),2) -> 0 | G36: =TRUNC($H36*ROUND(J36,2),2) -> 13.47 | H36: 0.1 | I36: =IF(ISNUMBER($L36),VALUE(OFFSET(Banco!$A$1,Composições!$L36-1,COLUMN(Composições!I36)-4)),0) -> 0 | J36: =IF(ISNUMBER($L36),VALUE(OFFSET(Banco!$A$1,Composições!$L36-1,COLUMN(Composições!J36)-4)),0) -> 134.71 | K36: =COUNTA($A$1:$A36)-1 -> 3 | L36: =MATCH(Composições!CONCATENAR,Banco!$A:$A,0) -> 6877 | M36: =IF(OR(ISERROR($L36),$H36="",$H36=0),"",OFFSET(M$1,MATCH($K36,$K$1:$K36,0)-1,0)) -> F
K37: =COUNTA($A$1:$A37)-1 -> 3 | M37: =IF(OFFSET($M$1,MATCH(OFFSET(K37,-1,0),$K$1:$K37,0)-1,0)="F","F","") -> F
A38: =CONCATENAR -> Composição FNDE 230 | B38: Composição | C38: FNDE 230 | D38: LOCACAO DE CONTAINER 2,30 X 6,00 M, ALT. 2,50 M, PARA ESCRITORIO, SEM DIVISORIAS INTERNAS E SEM SANITARIO (NAO INCLUI MOBILIZACAO/DESMOBILIZACAO) (MÊS) | E38: MÊS | F38: =IF($L38>0,SUM(OFFSET(F38,1,0,$L38),0)) -> 0 | G38: =IF($L38>0,SUM(OFFSET(G38,1,0,$L38),0)) -> 944.07 | I38: =IF(ISERROR(F38),0,F38) -> 0 | J38: =IF(ISERROR(G38),0,G38) -> 944.07 | K38: =COUNTA($A$1:$A38)-1 -> 4 | L38: =IF(MAX(K:K)=K38,MATCH(9999999,$K:$K)+1,MATCH(K38+1,K:K,0))-ROW(L38)-2 -> 3 | M38: =IF(AND(OR(I38<>0,J38<>0),N38="Sim"),"F","") -> F | N38: Sim
B39: SINAPI-I | C39: 10776 | D39: =IF(ISNUMBER($L39),OFFSET(Banco!$A$1,Composições!$L39-1,COLUMN(Composições!D39)-1),"") -> LOCACAO DE CONTAINER 2,30 X 6,00 M, ALT. 2,50 M, PARA ESCRITORIO, SEM DIVISORIAS INTERNAS E SEM SANITARIO (NAO INCLUI MOBILIZACAO/DESMOBILIZACAO) | E39: =IF(ISNUMBER($L39),OFFSET(Banco!$A$1,Composições!$L39-1,COLUMN(Composições!E39)-1),"") -> MES | F39: =TRUNC($H39*ROUND(I39,2),2) -> 0 | G39: =TRUNC($H39*ROUND(J39,2),2) -> 750 | H39: 1 | I39: =IF(ISNUMBER($L39),VALUE(OFFSET(Banco!$A$1,Composições!$L39-1,COLUMN(Composições!I39)-4)),0) -> 0 | J39: =IF(ISNUMBER($L39),VALUE(OFFSET(Banco!$A$1,Composições!$L39-1,COLUMN(Composições!J39)-4)),0) -> 750 | K39: =COUNTA($A$1:$A39)-1 -> 4 | L39: =MATCH(Composições!CONCATENAR,Banco!$A:$A,0) -> 12499 | M39: =IF(OR(ISERROR($L39),$H39="",$H39=0),"",OFFSET(M$1,MATCH($K39,$K$1:$K39,0)-1,0)) -> F
B40: SINAPI | C40: 105114 | D40: =IF(ISNUMBER($L40),OFFSET(Banco!$A$1,Composições!$L40-1,COLUMN(Composições!D40)-1),"") -> EXECUÇÃO DOS APOIOS PARA CONTÊINER OU MÓDULO HABITÁVEL. AF_03/2024 | E40: =IF(ISNUMBER($L40),OFFSET(Banco!$A$1,Composições!$L40-1,COLUMN(Composições!E40)-1),"") -> M3 | F40: =TRUNC($H40*ROUND(I40,2),2) -> 0 | G40: =TRUNC($H40*ROUND(J40,2),2) -> 180.6 | H40: 0.096 | I40: =IF(ISNUMBER($L40),VALUE(OFFSET(Banco!$A$1,Composições!$L40-1,COLUMN(Composições!I40)-4)),0) -> 0 | J40: =IF(ISNUMBER($L40),VALUE(OFFSET(Banco!$A$1,Composições!$L40-1,COLUMN(Composições!J40)-4)),0) -> 1881.29 | K40: =COUNTA($A$1:$A40)-1 -> 4 | L40: =MATCH(Composições!CONCATENAR,Banco!$A:$A,0) -> 6871 | M40: =IF(OR(ISERROR($L40),$H40="",$H40=0),"",OFFSET(M$1,MATCH($K40,$K$1:$K40,0)-1,0)) -> F
B41: SINAPI | C41: 105115 | D41: =IF(ISNUMBER($L41),OFFSET(Banco!$A$1,Composições!$L41-1,COLUMN(Composições!D41)-1),"") -> INSTALAÇÃO E DESINSTALAÇÃO MECANIZADA DE CONTÊINER OU MÓDULO HABITÁVEL DE USOS DIVERSOS. AF_03/2024 | E41: =IF(ISNUMBER($L41),OFFSET(Banco!$A$1,Composições!$L41-1,COLUMN(Composições!E41)-1),"") -> UN | F41: =TRUNC($H41*ROUND(I41,2),2) -> 0 | G41: =TRUNC($H41*ROUND(J41,2),2) -> 13.47 | H41: 0.1 | I41: =IF(ISNUMBER($L41),VALUE(OFFSET(Banco!$A$1,Composições!$L41-1,COLUMN(Composições!I41)-4)),0) -> 0 | J41: =IF(ISNUMBER($L41),VALUE(OFFSET(Banco!$A$1,Composições!$L41-1,COLUMN(Composições!J41)-4)),0) -> 134.71 | K41: =COUNTA($A$1:$A41)-1 -> 4 | L41: =MATCH(Composições!CONCATENAR,Banco!$A:$A,0) -> 6877 | M41: =IF(OR(ISERROR($L41),$H41="",$H41=0),"",OFFSET(M$1,MATCH($K41,$K$1:$K41,0)-1,0)) -> F
K42: =COUNTA($A$1:$A42)-1 -> 4 | M42: =IF(OFFSET($M$1,MATCH(OFFSET(K42,-1,0),$K$1:$K42,0)-1,0)="F","F","") -> F
A43: =CONCATENAR -> Composição FNDE 232 | B43: Composição | C43: FNDE 232 | D43: LOCACAO DE CONTAINER 2,30 X 6,00 M, ALT. 2,50 M, PARA SANITARIO, COM 4 BACIAS, 8 CHUVEIROS,1 LAVATORIO E 1 MICTORIO (NAO INCLUI MOBILIZACAO/DESMOBILIZACAO) (MÊS) | E43: MÊS | F43: =IF($L43>0,SUM(OFFSET(F43,1,0,$L43),0)) -> 0 | G43: =IF($L43>0,SUM(OFFSET(G43,1,0,$L43),0)) -> 1394.07 | I43: =IF(ISERROR(F43),0,F43) -> 0 | J43: =IF(ISERROR(G43),0,G43) -> 1394.07 | K43: =COUNTA($A$1:$A43)-1 -> 5 | L43: =IF(MAX(K:K)=K43,MATCH(9999999,$K:$K)+1,MATCH(K43+1,K:K,0))-ROW(L43)-2 -> 3 | M43: =IF(AND(OR(I43<>0,J43<>0),N43="Sim"),"F","") -> F | N43: Sim
B44: SINAPI-I | C44: 10778 | D44: =IF(ISNUMBER($L44),OFFSET(Banco!$A$1,Composições!$L44-1,COLUMN(Composições!D44)-1),"") -> LOCACAO DE CONTAINER 2,30 X 6,00 M, ALT. 2,50 M, PARA SANITARIO, COM 4 BACIAS, 8 CHUVEIROS,1 LAVATORIO E 1 MICTORIO (NAO INCLUI MOBILIZACAO/DESMOBILIZACAO) | E44: =IF(ISNUMBER($L44),OFFSET(Banco!$A$1,Composições!$L44-1,COLUMN(Composições!E44)-1),"") -> MES | F44: =TRUNC($H44*ROUND(I44,2),2) -> 0 | G44: =TRUNC($H44*ROUND(J44,2),2) -> 1200 | H44: 1 | I44: =IF(ISNUMBER($L44),VALUE(OFFSET(Banco!$A$1,Composições!$L44-1,COLUMN(Composições!I44)-4)),0) -> 0 | J44: =IF(ISNUMBER($L44),VALUE(OFFSET(Banco!$A$1,Composições!$L44-1,COLUMN(Composições!J44)-4)),0) -> 1200 | K44: =COUNTA($A$1:$A44)-1 -> 5 | L44: =MATCH(Composições!CONCATENAR,Banco!$A:$A,0) -> 12500 | M44: =IF(OR(ISERROR($L44),$H44="",$H44=0),"",OFFSET(M$1,MATCH($K44,$K$1:$K44,0)-1,0)) -> F
B45: SINAPI | C45: 105114 | D45: =IF(ISNUMBER($L45),OFFSET(Banco!$A$1,Composições!$L45-1,COLUMN(Composições!D45)-1),"") -> EXECUÇÃO DOS APOIOS PARA CONTÊINER OU MÓDULO HABITÁVEL. AF_03/2024 | E45: =IF(ISNUMBER($L45),OFFSET(Banco!$A$1,Composições!$L45-1,COLUMN(Composições!E45)-1),"") -> M3 | F45: =TRUNC($H45*ROUND(I45,2),2) -> 0 | G45: =TRUNC($H45*ROUND(J45,2),2) -> 180.6 | H45: 0.096 | I45: =IF(ISNUMBER($L45),VALUE(OFFSET(Banco!$A$1,Composições!$L45-1,COLUMN(Composições!I45)-4)),0) -> 0 | J45: =IF(ISNUMBER($L45),VALUE(OFFSET(Banco!$A$1,Composições!$L45-1,COLUMN(Composições!J45)-4)),0) -> 1881.29 | K45: =COUNTA($A$1:$A45)-1 -> 5 | L45: =MATCH(Composições!CONCATENAR,Banco!$A:$A,0) -> 6871 | M45: =IF(OR(ISERROR($L45),$H45="",$H45=0),"",OFFSET(M$1,MATCH($K45,$K$1:$K45,0)-1,0)) -> F
B46: SINAPI | C46: 105115 | D46: =IF(ISNUMBER($L46),OFFSET(Banco!$A$1,Composições!$L46-1,COLUMN(Composições!D46)-1),"") -> INSTALAÇÃO E DESINSTALAÇÃO MECANIZADA DE CONTÊINER OU MÓDULO HABITÁVEL DE USOS DIVERSOS. AF_03/2024 | E46: =IF(ISNUMBER($L46),OFFSET(Banco!$A$1,Composições!$L46-1,COLUMN(Composições!E46)-1),"") -> UN | F46: =TRUNC($H46*ROUND(I46,2),2) -> 0 | G46: =TRUNC($H46*ROUND(J46,2),2) -> 13.47 | H46: 0.1 | I46: =IF(ISNUMBER($L46),VALUE(OFFSET(Banco!$A$1,Composições!$L46-1,COLUMN(Composições!I46)-4)),0) -> 0 | J46: =IF(ISNUMBER($L46),VALUE(OFFSET(Banco!$A$1,Composições!$L46-1,COLUMN(Composições!J46)-4)),0) -> 134.71 | K46: =COUNTA($A$1:$A46)-1 -> 5 | L46: =MATCH(Composições!CONCATENAR,Banco!$A:$A,0) -> 6877 | M46: =IF(OR(ISERROR($L46),$H46="",$H46=0),"",OFFSET(M$1,MATCH($K46,$K$1:$K46,0)-1,0)) -> F
K47: =COUNTA($A$1:$A47)-1 -> 5 | M47: =IF(OFFSET($M$1,MATCH(OFFSET(K47,-1,0),$K$1:$K47,0)-1,0)="F","F","") -> F
A48: =CONCATENAR -> Composição FNDE 243 | B48: Composição | C48: FNDE 243 | D48: PM1 - KIT DE PORTA DE MADEIRA FRISADA, SEMI-OCA (LEVE OU MÉDIA), PADRÃO MÉDIO, 80X210CM, ESPESSURA DE 3,5CM, ITENS INCLUSOS: DOBRADIÇAS, MONTAGEM E INSTALAÇÃO DE BATENTE, FECHADURA COM EXECUÇÃO DO FURO - FORNECIMENTO E INSTALAÇÃO (UN) | E48: UN | F48: =IF($L48>0,SUM(OFFSET(F48,1,0,$L48),0)) -> 0 | G48: =IF($L48>0,SUM(OFFSET(G48,1,0,$L48),0)) -> 1131.78 | I48: =IF(ISERROR(F48),0,F48) -> 0 | J48: =IF(ISERROR(G48),0,G48) -> 1131.78 | K48: =COUNTA($A$1:$A48)-1 -> 6 | L48: =IF(MAX(K:K)=K48,MATCH(9999999,$K:$K)+1,MATCH(K48+1,K:K,0))-ROW(L48)-2 -> 4 | M48: =IF(AND(OR(I48<>0,J48<>0),N48="Sim"),"F","") -> F | N48: Sim
B49: SINAPI | C49: 100659 | D49: =IF(ISNUMBER($L49),OFFSET(Banco!$A$1,Composições!$L49-1,COLUMN(Composições!D49)-1),"") -> ALIZAR DE 5X1,5CM PARA PORTA FIXADO COM PREGOS, PADRÃO MÉDIO - FORNECIMENTO E INSTALAÇÃO. AF_12/2019 | E49: =IF(ISNUMBER($L49),OFFSET(Banco!$A$1,Composições!$L49-1,COLUMN(Composições!E49)-1),"") -> M | F49: =TRUNC($H49*ROUND(I49,2),2) -> 0 | G49: =TRUNC($H49*ROUND(J49,2),2) -> 121.9 | H49: 10 | I49: =IF(ISNUMBER($L49),VALUE(OFFSET(Banco!$A$1,Composições!$L49-1,COLUMN(Composições!I49)-4)),0) -> 0 | J49: =IF(ISNUMBER($L49),VALUE(OFFSET(Banco!$A$1,Composições!$L49-1,COLUMN(Composições!J49)-4)),0) -> 12.19 | K49: =COUNTA($A$1:$A49)-1 -> 6 | L49: =MATCH(Composições!CONCATENAR,Banco!$A:$A,0) -> 3711 | M49: =IF(OR(ISERROR($L49),$H49="",$H49=0),"",OFFSET(M$1,MATCH($K49,$K$1:$K49,0)-1,0)) -> F
B50: SINAPI | C50: 90806 | D50: =IF(ISNUMBER($L50),OFFSET(Banco!$A$1,Composições!$L50-1,COLUMN(Composições!D50)-1),"") -> BATENTE PARA PORTA DE MADEIRA, FIXAÇÃO COM ARGAMASSA, PADRÃO MÉDIO - FORNECIMENTO E INSTALAÇÃO. AF_12/2019 | E50: =IF(ISNUMBER($L50),OFFSET(Banco!$A$1,Composições!$L50-1,COLUMN(Composições!E50)-1),"") -> UN | F50: =TRUNC($H50*ROUND(I50,2),2) -> 0 | G50: =TRUNC($H50*ROUND(J50,2),2) -> 442.76 | H50: 1 | I50: =IF(ISNUMBER($L50),VALUE(OFFSET(Banco!$A$1,Composições!$L50-1,COLUMN(Composições!I50)-4)),0) -> 0 | J50: =IF(ISNUMBER($L50),VALUE(OFFSET(Banco!$A$1,Composições!$L50-1,COLUMN(Composições!J50)-4)),0) -> 442.76 | K50: =COUNTA($A$1:$A50)-1 -> 6 | L50: =MATCH(Composições!CONCATENAR,Banco!$A:$A,0) -> 3715 | M50: =IF(OR(ISERROR($L50),$H50="",$H50=0),"",OFFSET(M$1,MATCH($K50,$K$1:$K50,0)-1,0)) -> F
B51: SINAPI | C51: 90830 | D51: =IF(ISNUMBER($L51),OFFSET(Banco!$A$1,Composições!$L51-1,COLUMN(Composições!D51)-1),"") -> FECHADURA DE EMBUTIR COM CILINDRO, EXTERNA, COMPLETA, ACABAMENTO PADRÃO MÉDIO, INCLUSO EXECUÇÃO DE FURO - FORNECIMENTO E INSTALAÇÃO. AF_12/2019 | E51: =IF(ISNUMBER($L51),OFFSET(Banco!$A$1,Composições!$L51-1,COLUMN(Composições!E51)-1),"") -> UN | F51: =TRUNC($H51*ROUND(I51,2),2) -> 0 | G51: =TRUNC($H51*ROUND(J51,2),2) -> 171.66 | H51: 1 | I51: =IF(ISNUMBER($L51),VALUE(OFFSET(Banco!$A$1,Composições!$L51-1,COLUMN(Composições!I51)-4)),0) -> 0 | J51: =IF(ISNUMBER($L51),VALUE(OFFSET(Banco!$A$1,Composições!$L51-1,COLUMN(Composições!J51)-4)),0) -> 171.66 | K51: =COUNTA($A$1:$A51)-1 -> 6 | L51: =MATCH(Composições!CONCATENAR,Banco!$A:$A,0) -> 3722 | M51: =IF(OR(ISERROR($L51),$H51="",$H51=0),"",OFFSET(M$1,MATCH($K51,$K$1:$K51,0)-1,0)) -> F
B52: SINAPI | C52: 91297 | D52: =IF(ISNUMBER($L52),OFFSET(Banco!$A$1,Composições!$L52-1,COLUMN(Composições!D52)-1),"") -> PORTA DE MADEIRA FRISADA, SEMI-OCA (LEVE OU MÉDIA), 80X210CM, ESPESSURA DE 3,5CM, INCLUSO DOBRADIÇAS - FORNECIMENTO E INSTALAÇÃO. AF_12/2019 | E52: =IF(ISNUMBER($L52),OFFSET(Banco!$A$1,Composições!$L52-1,COLUMN(Composições!E52)-1),"") -> UN | F52: =TRUNC($H52*ROUND(I52,2),2) -> 0 | G52: =TRUNC($H52*ROUND(J52,2),2) -> 395.46 | H52: 1 | I52: =IF(ISNUMBER($L52),VALUE(OFFSET(Banco!$A$1,Composições!$L52-1,COLUMN(Composições!I52)-4)),0) -> 0 | J52: =IF(ISNUMBER($L52),VALUE(OFFSET(Banco!$A$1,Composições!$L52-1,COLUMN(Composições!J52)-4)),0) -> 395.46 | K52: =COUNTA($A$1:$A52)-1 -> 6 | L52: =MATCH(Composições!CONCATENAR,Banco!$A:$A,0) -> 3811 | M52: =IF(OR(ISERROR($L52),$H52="",$H52=0),"",OFFSET(M$1,MATCH($K52,$K$1:$K52,0)-1,0)) -> F
K53: =COUNTA($A$1:$A53)-1 -> 6 | M53: =IF(OFFSET($M$1,MATCH(OFFSET(K53,-1,0),$K$1:$K53,0)-1,0)="F","F","") -> F
A54: =CONCATENAR -> Composição FNDE 247 | B54: Composição | C54: FNDE 247 | D54: PM 2 - KIT DE PORTA DE MADEIRA COM VENEZIANA, 80X210CM (ESPESSURA DE 3CM), PADRÃO MÉDIO, ITENS INCLUSOS: DOBRADIÇAS, MONTAGEM E INSTALAÇÃO DE BATENTE, FECHADURA COM EXECUÇÃO DO FURO - FORNECIMENTO E INSTALAÇÃO (UN) | E54: UN | F54: =IF($L54>0,SUM(OFFSET(F54,1,0,$L54),0)) -> 0 | G54: =IF($L54>0,SUM(OFFSET(G54,1,0,$L54),0)) -> 1876.48 | I54: =IF(ISERROR(F54),0,F54) -> 0 | J54: =IF(ISERROR(G54),0,G54) -> 1876.48 | K54: =COUNTA($A$1:$A54)-1 -> 7 | L54: =IF(MAX(K:K)=K54,MATCH(9999999,$K:$K)+1,MATCH(K54+1,K:K,0))-ROW(L54)-2 -> 4 | M54: =IF(AND(OR(I54<>0,J54<>0),N54="Sim"),"F","") -> F | N54: Sim
B55: SINAPI | C55: 100659 | D55: =IF(ISNUMBER($L55),OFFSET(Banco!$A$1,Composições!$L55-1,COLUMN(Composições!D55)-1),"") -> ALIZAR DE 5X1,5CM PARA PORTA FIXADO COM PREGOS, PADRÃO MÉDIO - FORNECIMENTO E INSTALAÇÃO. AF_12/2019 | E55: =IF(ISNUMBER($L55),OFFSET(Banco!$A$1,Composições!$L55-1,COLUMN(Composições!E55)-1),"") -> M | F55: =TRUNC($H55*ROUND(I55,2),2) -> 0 | G55: =TRUNC($H55*ROUND(J55,2),2) -> 121.9 | H55: 10 | I55: =IF(ISNUMBER($L55),VALUE(OFFSET(Banco!$A$1,Composições!$L55-1,COLUMN(Composições!I55)-4)),0) -> 0 | J55: =IF(ISNUMBER($L55),VALUE(OFFSET(Banco!$A$1,Composições!$L55-1,COLUMN(Composições!J55)-4)),0) -> 12.19 | K55: =COUNTA($A$1:$A55)-1 -> 7 | L55: =MATCH(Composições!CONCATENAR,Banco!$A:$A,0) -> 3711 | M55: =IF(OR(ISERROR($L55),$H55="",$H55=0),"",OFFSET(M$1,MATCH($K55,$K$1:$K55,0)-1,0)) -> F
B56: SINAPI | C56: 90806 | D56: =IF(ISNUMBER($L56),OFFSET(Banco!$A$1,Composições!$L56-1,COLUMN(Composições!D56)-1),"") -> BATENTE PARA PORTA DE MADEIRA, FIXAÇÃO COM ARGAMASSA, PADRÃO MÉDIO - FORNECIMENTO E INSTALAÇÃO. AF_12/2019 | E56: =IF(ISNUMBER($L56),OFFSET(Banco!$A$1,Composições!$L56-1,COLUMN(Composições!E56)-1),"") -> UN | F56: =TRUNC($H56*ROUND(I56,2),2) -> 0 | G56: =TRUNC($H56*ROUND(J56,2),2) -> 442.76 | H56: 1 | I56: =IF(ISNUMBER($L56),VALUE(OFFSET(Banco!$A$1,Composições!$L56-1,COLUMN(Composições!I56)-4)),0) -> 0 | J56: =IF(ISNUMBER($L56),VALUE(OFFSET(Banco!$A$1,Composições!$L56-1,COLUMN(Composições!J56)-4)),0) -> 442.76 | K56: =COUNTA($A$1:$A56)-1 -> 7 | L56: =MATCH(Composições!CONCATENAR,Banco!$A:$A,0) -> 3715 | M56: =IF(OR(ISERROR($L56),$H56="",$H56=0),"",OFFSET(M$1,MATCH($K56,$K$1:$K56,0)-1,0)) -> F
B57: SINAPI | C57: 90830 | D57: =IF(ISNUMBER($L57),OFFSET(Banco!$A$1,Composições!$L57-1,COLUMN(Composições!D57)-1),"") -> FECHADURA DE EMBUTIR COM CILINDRO, EXTERNA, COMPLETA, ACABAMENTO PADRÃO MÉDIO, INCLUSO EXECUÇÃO DE FURO - FORNECIMENTO E INSTALAÇÃO. AF_12/2019 | E57: =IF(ISNUMBER($L57),OFFSET(Banco!$A$1,Composições!$L57-1,COLUMN(Composições!E57)-1),"") -> UN | F57: =TRUNC($H57*ROUND(I57,2),2) -> 0 | G57: =TRUNC($H57*ROUND(J57,2),2) -> 171.66 | H57: 1 | I57: =IF(ISNUMBER($L57),VALUE(OFFSET(Banco!$A$1,Composições!$L57-1,COLUMN(Composições!I57)-4)),0) -> 0 | J57: =IF(ISNUMBER($L57),VALUE(OFFSET(Banco!$A$1,Composições!$L57-1,COLUMN(Composições!J57)-4)),0) -> 171.66 | K57: =COUNTA($A$1:$A57)-1 -> 7 | L57: =MATCH(Composições!CONCATENAR,Banco!$A:$A,0) -> 3722 | M57: =IF(OR(ISERROR($L57),$H57="",$H57=0),"",OFFSET(M$1,MATCH($K57,$K$1:$K57,0)-1,0)) -> F
B58: SINAPI | C58: 91298 | D58: =IF(ISNUMBER($L58),OFFSET(Banco!$A$1,Composições!$L58-1,COLUMN(Composições!D58)-1),"") -> PORTA DE MADEIRA TIPO VENEZIANA, 80X210CM, ESPESSURA DE 3CM, INCLUSO DOBRADIÇAS - FORNECIMENTO E INSTALAÇÃO. AF_12/2019 | E58: =IF(ISNUMBER($L58),OFFSET(Banco!$A$1,Composições!$L58-1,COLUMN(Composições!E58)-1),"") -> UN | F58: =TRUNC($H58*ROUND(I58,2),2) -> 0 | G58: =TRUNC($H58*ROUND(J58,2),2) -> 1140.16 | H58: 1 | I58: =IF(ISNUMBER($L58),VALUE(OFFSET(Banco!$A$1,Composições!$L58-1,COLUMN(Composições!I58)-4)),0) -> 0 | J58: =IF(ISNUMBER($L58),VALUE(OFFSET(Banco!$A$1,Composições!$L58-1,COLUMN(Composições!J58)-4)),0) -> 1140.16 | K58: =COUNTA($A$1:$A58)-1 -> 7 | L58: =MATCH(Composições!CONCATENAR,Banco!$A:$A,0) -> 3821 | M58: =IF(OR(ISERROR($L58),$H58="",$H58=0),"",OFFSET(M$1,MATCH($K58,$K$1:$K58,0)-1,0)) -> F
K59: =COUNTA($A$1:$A59)-1 -> 7 | M59: =IF(OFFSET($M$1,MATCH(OFFSET(K59,-1,0),$K$1:$K59,0)-1,0)="F","F","") -> F
A60: =CONCATENAR -> Composição FNDE 246 | B60: Composição | C60: FNDE 246 | D60: PM3 - KIT DE PORTA DE MADEIRA FRISADA, SEMI-OCA (LEVE OU MÉDIA), PADRÃO MÉDIO, 80X210CM, ESPESSURA DE 3,5CM, ITENS INCLUSOS: DOBRADIÇAS, MONTAGEM E INSTALAÇÃO DE BATENTE, FECHADURA COM EXECUÇÃO DO FURO - FORNECIMENTO E INSTALAÇÃO. AF_12/2019 (UN) | E60: UN | F60: =IF($L60>0,SUM(OFFSET(F60,1,0,$L60),0)) -> 0 | G60: =IF($L60>0,SUM(OFFSET(G60,1,0,$L60),0)) -> 1131.78 | I60: =IF(ISERROR(F60),0,F60) -> 0 | J60: =IF(ISERROR(G60),0,G60) -> 1131.78 | K60: =COUNTA($A$1:$A60)-1 -> 8 | L60: =IF(MAX(K:K)=K60,MATCH(9999999,$K:$K)+1,MATCH(K60+1,K:K,0))-ROW(L60)-2 -> 4 | M60: =IF(AND(OR(I60<>0,J60<>0),N60="Sim"),"F","") -> F | N60: Sim
B61: SINAPI | C61: 100659 | D61: =IF(ISNUMBER($L61),OFFSET(Banco!$A$1,Composições!$L61-1,COLUMN(Composições!D61)-1),"") -> ALIZAR DE 5X1,5CM PARA PORTA FIXADO COM PREGOS, PADRÃO MÉDIO - FORNECIMENTO E INSTALAÇÃO. AF_12/2019 | E61: =IF(ISNUMBER($L61),OFFSET(Banco!$A$1,Composições!$L61-1,COLUMN(Composições!E61)-1),"") -> M | F61: =TRUNC($H61*ROUND(I61,2),2) -> 0 | G61: =TRUNC($H61*ROUND(J61,2),2) -> 121.9 | H61: 10 | I61: =IF(ISNUMBER($L61),VALUE(OFFSET(Banco!$A$1,Composições!$L61-1,COLUMN(Composições!I61)-4)),0) -> 0 | J61: =IF(ISNUMBER($L61),VALUE(OFFSET(Banco!$A$1,Composições!$L61-1,COLUMN(Composições!J61)-4)),0) -> 12.19 | K61: =COUNTA($A$1:$A61)-1 -> 8 | L61: =MATCH(Composições!CONCATENAR,Banco!$A:$A,0) -> 3711 | M61: =IF(OR(ISERROR($L61),$H61="",$H61=0),"",OFFSET(M$1,MATCH($K61,$K$1:$K61,0)-1,0)) -> F
B62: SINAPI | C62: 90806 | D62: =IF(ISNUMBER($L62),OFFSET(Banco!$A$1,Composições!$L62-1,COLUMN(Composições!D62)-1),"") -> BATENTE PARA PORTA DE MADEIRA, FIXAÇÃO COM ARGAMASSA, PADRÃO MÉDIO - FORNECIMENTO E INSTALAÇÃO. AF_12/2019 | E62: =IF(ISNUMBER($L62),OFFSET(Banco!$A$1,Composições!$L62-1,COLUMN(Composições!E62)-1),"") -> UN | F62: =TRUNC($H62*ROUND(I62,2),2) -> 0 | G62: =TRUNC($H62*ROUND(J62,2),2) -> 442.76 | H62: 1 | I62: =IF(ISNUMBER($L62),VALUE(OFFSET(Banco!$A$1,Composições!$L62-1,COLUMN(Composições!I62)-4)),0) -> 0 | J62: =IF(ISNUMBER($L62),VALUE(OFFSET(Banco!$A$1,Composições!$L62-1,COLUMN(Composições!J62)-4)),0) -> 442.76 | K62: =COUNTA($A$1:$A62)-1 -> 8 | L62: =MATCH(Composições!CONCATENAR,Banco!$A:$A,0) -> 3715 | M62: =IF(OR(ISERROR($L62),$H62="",$H62=0),"",OFFSET(M$1,MATCH($K62,$K$1:$K62,0)-1,0)) -> F
B63: SINAPI | C63: 90830 | D63: =IF(ISNUMBER($L63),OFFSET(Banco!$A$1,Composições!$L63-1,COLUMN(Composições!D63)-1),"") -> FECHADURA DE EMBUTIR COM CILINDRO, EXTERNA, COMPLETA, ACABAMENTO PADRÃO MÉDIO, INCLUSO EXECUÇÃO DE FURO - FORNECIMENTO E INSTALAÇÃO. AF_12/2019 | E63: =IF(ISNUMBER($L63),OFFSET(Banco!$A$1,Composições!$L63-1,COLUMN(Composições!E63)-1),"") -> UN | F63: =TRUNC($H63*ROUND(I63,2),2) -> 0 | G63: =TRUNC($H63*ROUND(J63,2),2) -> 171.66 | H63: 1 | I63: =IF(ISNUMBER($L63),VALUE(OFFSET(Banco!$A$1,Composições!$L63-1,COLUMN(Composições!I63)-4)),0) -> 0 | J63: =IF(ISNUMBER($L63),VALUE(OFFSET(Banco!$A$1,Composições!$L63-1,COLUMN(Composições!J63)-4)),0) -> 171.66 | K63: =COUNTA($A$1:$A63)-1 -> 8 | L63: =MATCH(Composições!CONCATENAR,Banco!$A:$A,0) -> 3722 | M63: =IF(OR(ISERROR($L63),$H63="",$H63=0),"",OFFSET(M$1,MATCH($K63,$K$1:$K63,0)-1,0)) -> F
B64: SINAPI | C64: 91297 | D64: =IF(ISNUMBER($L64),OFFSET(Banco!$A$1,Composições!$L64-1,COLUMN(Composições!D64)-1),"") -> PORTA DE MADEIRA FRISADA, SEMI-OCA (LEVE OU MÉDIA), 80X210CM, ESPESSURA DE 3,5CM, INCLUSO DOBRADIÇAS - FORNECIMENTO E INSTALAÇÃO. AF_12/2019 | E64: =IF(ISNUMBER($L64),OFFSET(Banco!$A$1,Composições!$L64-1,COLUMN(Composições!E64)-1),"") -> UN | F64: =TRUNC($H64*ROUND(I64,2),2) -> 0 | G64: =TRUNC($H64*ROUND(J64,2),2) -> 395.46 | H64: 1 | I64: =IF(ISNUMBER($L64),VALUE(OFFSET(Banco!$A$1,Composições!$L64-1,COLUMN(Composições!I64)-4)),0) -> 0 | J64: =IF(ISNUMBER($L64),VALUE(OFFSET(Banco!$A$1,Composições!$L64-1,COLUMN(Composições!J64)-4)),0) -> 395.46 | K64: =COUNTA($A$1:$A64)-1 -> 8 | L64: =MATCH(Composições!CONCATENAR,Banco!$A:$A,0) -> 3811 | M64: =IF(OR(ISERROR($L64),$H64="",$H64=0),"",OFFSET(M$1,MATCH($K64,$K$1:$K64,0)-1,0)) -> F
K65: =COUNTA($A$1:$A65)-1 -> 8 | M65: =IF(OFFSET($M$1,MATCH(OFFSET(K65,-1,0),$K$1:$K65,0)-1,0)="F","F","") -> F
A66: =CONCATENAR -> Composição FNDE 248 | B66: Composição | C66: FNDE 248 | D66: PM4 - KIT DE PORTA DE MADEIRA COM VISOR DE VIDRO, 80X210CM (ESPESSURA DE 3CM), PADRÃO POPULAR, ITENS INCLUSOS: DOBRADIÇAS, MONTAGEM E INSTALAÇÃO DE BATENTE, FECHADURA COM EXECUÇÃO DO FURO - FORNECIMENTO E INSTALAÇÃO. AF_12/2019 (UN) | E66: UN | F66: =IF($L66>0,SUM(OFFSET(F66,1,0,$L66),0)) -> 0 | G66: =IF($L66>0,SUM(OFFSET(G66,1,0,$L66),0)) -> 1876.48 | I66: =IF(ISERROR(F66),0,F66) -> 0 | J66: =IF(ISERROR(G66),0,G66) -> 1876.48 | K66: =COUNTA($A$1:$A66)-1 -> 9 | L66: =IF(MAX(K:K)=K66,MATCH(9999999,$K:$K)+1,MATCH(K66+1,K:K,0))-ROW(L66)-2 -> 4 | M66: =IF(AND(OR(I66<>0,J66<>0),N66="Sim"),"F","") -> F | N66: Sim
B67: SINAPI | C67: 100659 | D67: =IF(ISNUMBER($L67),OFFSET(Banco!$A$1,Composições!$L67-1,COLUMN(Composições!D67)-1),"") -> ALIZAR DE 5X1,5CM PARA PORTA FIXADO COM PREGOS, PADRÃO MÉDIO - FORNECIMENTO E INSTALAÇÃO. AF_12/2019 | E67: =IF(ISNUMBER($L67),OFFSET(Banco!$A$1,Composições!$L67-1,COLUMN(Composições!E67)-1),"") -> M | F67: =TRUNC($H67*ROUND(I67,2),2) -> 0 | G67: =TRUNC($H67*ROUND(J67,2),2) -> 121.9 | H67: 10 | I67: =IF(ISNUMBER($L67),VALUE(OFFSET(Banco!$A$1,Composições!$L67-1,COLUMN(Composições!I67)-4)),0) -> 0 | J67: =IF(ISNUMBER($L67),VALUE(OFFSET(Banco!$A$1,Composições!$L67-1,COLUMN(Composições!J67)-4)),0) -> 12.19 | K67: =COUNTA($A$1:$A67)-1 -> 9 | L67: =MATCH(Composições!CONCATENAR,Banco!$A:$A,0) -> 3711 | M67: =IF(OR(ISERROR($L67),$H67="",$H67=0),"",OFFSET(M$1,MATCH($K67,$K$1:$K67,0)-1,0)) -> F
B68: SINAPI | C68: 90806 | D68: =IF(ISNUMBER($L68),OFFSET(Banco!$A$1,Composições!$L68-1,COLUMN(Composições!D68)-1),"") -> BATENTE PARA PORTA DE MADEIRA, FIXAÇÃO COM ARGAMASSA, PADRÃO MÉDIO - FORNECIMENTO E INSTALAÇÃO. AF_12/2019 | E68: =IF(ISNUMBER($L68),OFFSET(Banco!$A$1,Composições!$L68-1,COLUMN(Composições!E68)-1),"") -> UN | F68: =TRUNC($H68*ROUND(I68,2),2) -> 0 | G68: =TRUNC($H68*ROUND(J68,2),2) -> 442.76 | H68: 1 | I68: =IF(ISNUMBER($L68),VALUE(OFFSET(Banco!$A$1,Composições!$L68-1,COLUMN(Composições!I68)-4)),0) -> 0 | J68: =IF(ISNUMBER($L68),VALUE(OFFSET(Banco!$A$1,Composições!$L68-1,COLUMN(Composições!J68)-4)),0) -> 442.76 | K68: =COUNTA($A$1:$A68)-1 -> 9 | L68: =MATCH(Composições!CONCATENAR,Banco!$A:$A,0) -> 3715 | M68: =IF(OR(ISERROR($L68),$H68="",$H68=0),"",OFFSET(M$1,MATCH($K68,$K$1:$K68,0)-1,0)) -> F
B69: SINAPI | C69: 90830 | D69: =IF(ISNUMBER($L69),OFFSET(Banco!$A$1,Composições!$L69-1,COLUMN(Composições!D69)-1),"") -> FECHADURA DE EMBUTIR COM CILINDRO, EXTERNA, COMPLETA, ACABAMENTO PADRÃO MÉDIO, INCLUSO EXECUÇÃO DE FURO - FORNECIMENTO E INSTALAÇÃO. AF_12/2019 | E69: =IF(ISNUMBER($L69),OFFSET(Banco!$A$1,Composições!$L69-1,COLUMN(Composições!E69)-1),"") -> UN | F69: =TRUNC($H69*ROUND(I69,2),2) -> 0 | G69: =TRUNC($H69*ROUND(J69,2),2) -> 171.66 | H69: 1 | I69: =IF(ISNUMBER($L69),VALUE(OFFSET(Banco!$A$1,Composições!$L69-1,COLUMN(Composições!I69)-4)),0) -> 0 | J69: =IF(ISNUMBER($L69),VALUE(OFFSET(Banco!$A$1,Composições!$L69-1,COLUMN(Composições!J69)-4)),0) -> 171.66 | K69: =COUNTA($A$1:$A69)-1 -> 9 | L69: =MATCH(Composições!CONCATENAR,Banco!$A:$A,0) -> 3722 | M69: =IF(OR(ISERROR($L69),$H69="",$H69=0),"",OFFSET(M$1,MATCH($K69,$K$1:$K69,0)-1,0)) -> F
B70: SINAPI | C70: 91298 | D70: =IF(ISNUMBER($L70),OFFSET(Banco!$A$1,Composições!$L70-1,COLUMN(Composições!D70)-1),"") -> PORTA DE MADEIRA TIPO VENEZIANA, 80X210CM, ESPESSURA DE 3CM, INCLUSO DOBRADIÇAS - FORNECIMENTO E INSTALAÇÃO. AF_12/2019 | E70: =IF(ISNUMBER($L70),OFFSET(Banco!$A$1,Composições!$L70-1,COLUMN(Composições!E70)-1),"") -> UN | F70: =TRUNC($H70*ROUND(I70,2),2) -> 0 | G70: =TRUNC($H70*ROUND(J70,2),2) -> 1140.16 | H70: 1 | I70: =IF(ISNUMBER($L70),VALUE(OFFSET(Banco!$A$1,Composições!$L70-1,COLUMN(Composições!I70)-4)),0) -> 0 | J70: =IF(ISNUMBER($L70),VALUE(OFFSET(Banco!$A$1,Composições!$L70-1,COLUMN(Composições!J70)-4)),0) -> 1140.16 | K70: =COUNTA($A$1:$A70)-1 -> 9 | L70: =MATCH(Composições!CONCATENAR,Banco!$A:$A,0) -> 3821 | M70: =IF(OR(ISERROR($L70),$H70="",$H70=0),"",OFFSET(M$1,MATCH($K70,$K$1:$K70,0)-1,0)) -> F
K71: =COUNTA($A$1:$A71)-1 -> 9 | M71: =IF(OFFSET($M$1,MATCH(OFFSET(K71,-1,0),$K$1:$K71,0)-1,0)="F","F","") -> F
A72: =CONCATENAR -> Composição FNDE 249 | B72: Composição | C72: FNDE 249 | D72: PM5 -PORTA EM COMPENSADO DE MADEIRA E=2cm REVESTIDA COM LAMINADO MELAMÍNICO NAS CORES: AMARELA, VERDE, LARANJA E AZUL (UN) | E72: UN | F72: =IF($L72>0,SUM(OFFSET(F72,1,0,$L72),0)) -> 0 | G72: =IF($L72>0,SUM(OFFSET(G72,1,0,$L72),0)) -> 1045.12 | I72: =IF(ISERROR(F72),0,F72) -> 0 | J72: =IF(ISERROR(G72),0,G72) -> 1045.12 | K72: =COUNTA($A$1:$A72)-1 -> 10 | L72: =IF(MAX(K:K)=K72,MATCH(9999999,$K:$K)+1,MATCH(K72+1,K:K,0))-ROW(L72)-2 -> 4 | M72: =IF(AND(OR(I72<>0,J72<>0),N72="Sim"),"F","") -> F | N72: Sim
B73: SINAPI | C73: 100659 | D73: =IF(ISNUMBER($L73),OFFSET(Banco!$A$1,Composições!$L73-1,COLUMN(Composições!D73)-1),"") -> ALIZAR DE 5X1,5CM PARA PORTA FIXADO COM PREGOS, PADRÃO MÉDIO - FORNECIMENTO E INSTALAÇÃO. AF_12/2019 | E73: =IF(ISNUMBER($L73),OFFSET(Banco!$A$1,Composições!$L73-1,COLUMN(Composições!E73)-1),"") -> M | F73: =TRUNC($H73*ROUND(I73,2),2) -> 0 | G73: =TRUNC($H73*ROUND(J73,2),2) -> 117.02 | H73: 9.6 | I73: =IF(ISNUMBER($L73),VALUE(OFFSET(Banco!$A$1,Composições!$L73-1,COLUMN(Composições!I73)-4)),0) -> 0 | J73: =IF(ISNUMBER($L73),VALUE(OFFSET(Banco!$A$1,Composições!$L73-1,COLUMN(Composições!J73)-4)),0) -> 12.19 | K73: =COUNTA($A$1:$A73)-1 -> 10 | L73: =MATCH(Composições!CONCATENAR,Banco!$A:$A,0) -> 3711 | M73: =IF(OR(ISERROR($L73),$H73="",$H73=0),"",OFFSET(M$1,MATCH($K73,$K$1:$K73,0)-1,0)) -> F
B74: SINAPI | C74: 90806 | D74: =IF(ISNUMBER($L74),OFFSET(Banco!$A$1,Composições!$L74-1,COLUMN(Composições!D74)-1),"") -> BATENTE PARA PORTA DE MADEIRA, FIXAÇÃO COM ARGAMASSA, PADRÃO MÉDIO - FORNECIMENTO E INSTALAÇÃO. AF_12/2019 | E74: =IF(ISNUMBER($L74),OFFSET(Banco!$A$1,Composições!$L74-1,COLUMN(Composições!E74)-1),"") -> UN | F74: =TRUNC($H74*ROUND(I74,2),2) -> 0 | G74: =TRUNC($H74*ROUND(J74,2),2) -> 442.76 | H74: 1 | I74: =IF(ISNUMBER($L74),VALUE(OFFSET(Banco!$A$1,Composições!$L74-1,COLUMN(Composições!I74)-4)),0) -> 0 | J74: =IF(ISNUMBER($L74),VALUE(OFFSET(Banco!$A$1,Composições!$L74-1,COLUMN(Composições!J74)-4)),0) -> 442.76 | K74: =COUNTA($A$1:$A74)-1 -> 10 | L74: =MATCH(Composições!CONCATENAR,Banco!$A:$A,0) -> 3715 | M74: =IF(OR(ISERROR($L74),$H74="",$H74=0),"",OFFSET(M$1,MATCH($K74,$K$1:$K74,0)-1,0)) -> F
B75: SINAPI | C75: 90831 | D75: =IF(ISNUMBER($L75),OFFSET(Banco!$A$1,Composições!$L75-1,COLUMN(Composições!D75)-1),"") -> FECHADURA DE EMBUTIR PARA PORTA DE BANHEIRO, COMPLETA, ACABAMENTO PADRÃO MÉDIO, INCLUSO EXECUÇÃO DE FURO - FORNECIMENTO E INSTALAÇÃO. AF_12/2019 | E75: =IF(ISNUMBER($L75),OFFSET(Banco!$A$1,Composições!$L75-1,COLUMN(Composições!E75)-1),"") -> UN | F75: =TRUNC($H75*ROUND(I75,2),2) -> 0 | G75: =TRUNC($H75*ROUND(J75,2),2) -> 149.07 | H75: 1 | I75: =IF(ISNUMBER($L75),VALUE(OFFSET(Banco!$A$1,Composições!$L75-1,COLUMN(Composições!I75)-4)),0) -> 0 | J75: =IF(ISNUMBER($L75),VALUE(OFFSET(Banco!$A$1,Composições!$L75-1,COLUMN(Composições!J75)-4)),0) -> 149.07 | K75: =COUNTA($A$1:$A75)-1 -> 10 | L75: =MATCH(Composições!CONCATENAR,Banco!$A:$A,0) -> 3724 | M75: =IF(OR(ISERROR($L75),$H75="",$H75=0),"",OFFSET(M$1,MATCH($K75,$K$1:$K75,0)-1,0)) -> F
B76: SINAPI | C76: 91295 | D76: =IF(ISNUMBER($L76),OFFSET(Banco!$A$1,Composições!$L76-1,COLUMN(Composições!D76)-1),"") -> PORTA DE MADEIRA FRISADA, SEMI-OCA (LEVE OU MÉDIA), 60X210CM, ESPESSURA DE 3CM, INCLUSO DOBRADIÇAS - FORNECIMENTO E INSTALAÇÃO. AF_12/2019 | E76: =IF(ISNUMBER($L76),OFFSET(Banco!$A$1,Composições!$L76-1,COLUMN(Composições!E76)-1),"") -> UN | F76: =TRUNC($H76*ROUND(I76,2),2) -> 0 | G76: =TRUNC($H76*ROUND(J76,2),2) -> 336.27 | H76: 1 | I76: =IF(ISNUMBER($L76),VALUE(OFFSET(Banco!$A$1,Composições!$L76-1,COLUMN(Composições!I76)-4)),0) -> 0 | J76: =IF(ISNUMBER($L76),VALUE(OFFSET(Banco!$A$1,Composições!$L76-1,COLUMN(Composições!J76)-4)),0) -> 336.27 | K76: =COUNTA($A$1:$A76)-1 -> 10 | L76: =MATCH(Composições!CONCATENAR,Banco!$A:$A,0) -> 3809 | M76: =IF(OR(ISERROR($L76),$H76="",$H76=0),"",OFFSET(M$1,MATCH($K76,$K$1:$K76,0)-1,0)) -> F
K77: =COUNTA($A$1:$A77)-1 -> 10 | M77: =IF(OFFSET($M$1,MATCH(OFFSET(K77,-1,0),$K$1:$K77,0)-1,0)="F","F","") -> F
A78: =CONCATENAR -> Composição FNDE 250 | B78: Composição | C78: FNDE 250 | D78: INSTALAÇÃO DE VIDRO LISO INCOLOR ESQUADRIA PM4 , E = 6 MM, EM ESQUADRIA DE MADEIRA, FIXADO COM BAGUETE (M2) | E78: M2 | F78: =IF($L78>0,SUM(OFFSET(F78,1,0,$L78),0)) -> 0 | G78: =IF($L78>0,SUM(OFFSET(G78,1,0,$L78),0)) -> 167.19 | I78: =IF(ISERROR(F78),0,F78) -> 0 | J78: =IF(ISERROR(G78),0,G78) -> 167.19 | K78: =COUNTA($A$1:$A78)-1 -> 11 | L78: =IF(MAX(K:K)=K78,MATCH(9999999,$K:$K)+1,MATCH(K78+1,K:K,0))-ROW(L78)-2 -> 5 | M78: =IF(AND(OR(I78<>0,J78<>0),N78="Sim"),"F","") -> F | N78: Sim
B79: SINAPI-I | C79: 39026 | D79: =IF(ISNUMBER($L79),OFFSET(Banco!$A$1,Composições!$L79-1,COLUMN(Composições!D79)-1),"") -> PREGO DE ACO POLIDO SEM CABECA 15 X 15 (1 1/4 X 13) | E79: =IF(ISNUMBER($L79),OFFSET(Banco!$A$1,Composições!$L79-1,COLUMN(Composições!E79)-1),"") -> KG | F79: =TRUNC($H79*ROUND(I79,2),2) -> 0 | G79: =TRUNC($H79*ROUND(J79,2),2) -> 0.43 | H79: 0.021 | I79: =IF(ISNUMBER($L79),VALUE(OFFSET(Banco!$A$1,Composições!$L79-1,COLUMN(Composições!I79)-4)),0) -> 0 | J79: =IF(ISNUMBER($L79),VALUE(OFFSET(Banco!$A$1,Composições!$L79-1,COLUMN(Composições!J79)-4)),0) -> 20.52 | K79: =COUNTA($A$1:$A79)-1 -> 11 | L79: =MATCH(Composições!CONCATENAR,Banco!$A:$A,0) -> 13509 | M79: =IF(OR(ISERROR($L79),$H79="",$H79=0),"",OFFSET(M$1,MATCH($K79,$K$1:$K79,0)-1,0)) -> F
B80: SINAPI-I | C80: 39961 | D80: =IF(ISNUMBER($L80),OFFSET(Banco!$A$1,Composições!$L80-1,COLUMN(Composições!D80)-1),"") -> SILICONE ACETICO USO GERAL INCOLOR 280 G | E80: =IF(ISNUMBER($L80),OFFSET(Banco!$A$1,Composições!$L80-1,COLUMN(Composições!E80)-1),"") -> UN | F80: =TRUNC($H80*ROUND(I80,2),2) -> 0 | G80: =TRUNC($H80*ROUND(J80,2),2) -> 7.28 | H80: 0.357 | I80: =IF(ISNUMBER($L80),VALUE(OFFSET(Banco!$A$1,Composições!$L80-1,COLUMN(Composições!I80)-4)),0) -> 0 | J80: =IF(ISNUMBER($L80),VALUE(OFFSET(Banco!$A$1,Composições!$L80-1,COLUMN(Composições!J80)-4)),0) -> 20.41 | K80: =COUNTA($A$1:$A80)-1 -> 11 | L80: =MATCH(Composições!CONCATENAR,Banco!$A:$A,0) -> 13752 | M80: =IF(OR(ISERROR($L80),$H80="",$H80=0),"",OFFSET(M$1,MATCH($K80,$K$1:$K80,0)-1,0)) -> F
B81: SINAPI-I | C81: 10491 | D81: =IF(ISNUMBER($L81),OFFSET(Banco!$A$1,Composições!$L81-1,COLUMN(Composições!D81)-1),"") -> VIDRO LISO INCOLOR 6 MM - SEM COLOCACAO | E81: =IF(ISNUMBER($L81),OFFSET(Banco!$A$1,Composições!$L81-1,COLUMN(Composições!E81)-1),"") -> M2 | F81: =TRUNC($H81*ROUND(I81,2),2) -> 0 | G81: =TRUNC($H81*ROUND(J81,2),2) -> 140.95 | H81: 1 | I81: =IF(ISNUMBER($L81),VALUE(OFFSET(Banco!$A$1,Composições!$L81-1,COLUMN(Composições!I81)-4)),0) -> 0 | J81: =IF(ISNUMBER($L81),VALUE(OFFSET(Banco!$A$1,Composições!$L81-1,COLUMN(Composições!J81)-4)),0) -> 140.95 | K81: =COUNTA($A$1:$A81)-1 -> 11 | L81: =MATCH(Composições!CONCATENAR,Banco!$A:$A,0) -> 14754 | M81: =IF(OR(ISERROR($L81),$H81="",$H81=0),"",OFFSET(M$1,MATCH($K81,$K$1:$K81,0)-1,0)) -> F
B82: SINAPI | C82: 88316 | D82: =IF(ISNUMBER($L82),OFFSET(Banco!$A$1,Composições!$L82-1,COLUMN(Composições!D82)-1),"") -> SERVENTE COM ENCARGOS COMPLEMENTARES | E82: =IF(ISNUMBER($L82),OFFSET(Banco!$A$1,Composições!$L82-1,COLUMN(Composições!E82)-1),"") -> H | F82: =TRUNC($H82*ROUND(I82,2),2) -> 0 | G82: =TRUNC($H82*ROUND(J82,2),2) -> 8.67 | H82: 0.383 | I82: =IF(ISNUMBER($L82),VALUE(OFFSET(Banco!$A$1,Composições!$L82-1,COLUMN(Composições!I82)-4)),0) -> 0 | J82: =IF(ISNUMBER($L82),VALUE(OFFSET(Banco!$A$1,Composições!$L82-1,COLUMN(Composições!J82)-4)),0) -> 22.64 | K82: =COUNTA($A$1:$A82)-1 -> 11 | L82: =MATCH(Composições!CONCATENAR,Banco!$A:$A,0) -> 7362 | M82: =IF(OR(ISERROR($L82),$H82="",$H82=0),"",OFFSET(M$1,MATCH($K82,$K$1:$K82,0)-1,0)) -> F
B83: SINAPI | C83: 88325 | D83: =IF(ISNUMBER($L83),OFFSET(Banco!$A$1,Composições!$L83-1,COLUMN(Composições!D83)-1),"") -> VIDRACEIRO COM ENCARGOS COMPLEMENTARES | E83: =IF(ISNUMBER($L83),OFFSET(Banco!$A$1,Composições!$L83-1,COLUMN(Composições!E83)-1),"") -> H | F83: =TRUNC($H83*ROUND(I83,2),2) -> 0 | G83: =TRUNC($H83*ROUND(J83,2),2) -> 9.86 | H83: 0.394 | I83: =IF(ISNUMBER($L83),VALUE(OFFSET(Banco!$A$1,Composições!$L83-1,COLUMN(Composições!I83)-4)),0) -> 0 | J83: =IF(ISNUMBER($L83),VALUE(OFFSET(Banco!$A$1,Composições!$L83-1,COLUMN(Composições!J83)-4)),0) -> 25.05 | K83: =COUNTA($A$1:$A83)-1 -> 11 | L83: =MATCH(Composições!CONCATENAR,Banco!$A:$A,0) -> 7382 | M83: =IF(OR(ISERROR($L83),$H83="",$H83=0),"",OFFSET(M$1,MATCH($K83,$K$1:$K83,0)-1,0)) -> F
K84: =COUNTA($A$1:$A84)-1 -> 11 | M84: =IF(OFFSET($M$1,MATCH(OFFSET(K84,-1,0),$K$1:$K84,0)-1,0)="F","F","") -> F
A85: =CONCATENAR -> Composição FNDE 04 | B85: Composição | C85: FNDE 04 | D85: CHAPA METÁLICA (ALUMÍNIO) 0,90 M X 0,40 M, ESPESSURA 1 MM PARA AS PORTAS (M²) | E85: M2 | F85: =IF($L85>0,SUM(OFFSET(F85,1,0,$L85),0)) -> 0 | G85: =IF($L85>0,SUM(OFFSET(G85,1,0,$L85),0)) -> 213.97 | I85: =IF(ISERROR(F85),0,F85) -> 0 | J85: =IF(ISERROR(G85),0,G85) -> 213.97 | K85: =COUNTA($A$1:$A85)-1 -> 12 | L85: =IF(MAX(K:K)=K85,MATCH(9999999,$K:$K)+1,MATCH(K85+1,K:K,0))-ROW(L85)-2 -> 3 | M85: =IF(AND(OR(I85<>0,J85<>0),N85="Sim"),"F","") -> F | N85: Sim
B86: SINAPI-I | C86: 11026 | D86: =IF(ISNUMBER($L86),OFFSET(Banco!$A$1,Composições!$L86-1,COLUMN(Composições!D86)-1),"") -> CHAPA DE ACO GALVANIZADA BITOLA GSG 14, E = 1,95 MM (15,60 KG/M2) | E86: =IF(ISNUMBER($L86),OFFSET(Banco!$A$1,Composições!$L86-1,COLUMN(Composições!E86)-1),"") -> KG | F86: =TRUNC($H86*ROUND(I86,2),2) -> 0 | G86: =TRUNC($H86*ROUND(J86,2),2) -> 189.54 | H86: 15.6 | I86: =IF(ISNUMBER($L86),VALUE(OFFSET(Banco!$A$1,Composições!$L86-1,COLUMN(Composições!I86)-4)),0) -> 0 | J86: =IF(ISNUMBER($L86),VALUE(OFFSET(Banco!$A$1,Composições!$L86-1,COLUMN(Composições!J86)-4)),0) -> 12.15 | K86: =COUNTA($A$1:$A86)-1 -> 12 | L86: =MATCH(Composições!CONCATENAR,Banco!$A:$A,0) -> 11022 | M86: =IF(OR(ISERROR($L86),$H86="",$H86=0),"",OFFSET(M$1,MATCH($K86,$K$1:$K86,0)-1,0)) -> F
B87: SINAPI | C87: 88261 | D87: =IF(ISNUMBER($L87),OFFSET(Banco!$A$1,Composições!$L87-1,COLUMN(Composições!D87)-1),"") -> CARPINTEIRO DE ESQUADRIA COM ENCARGOS COMPLEMENTARES | E87: =IF(ISNUMBER($L87),OFFSET(Banco!$A$1,Composições!$L87-1,COLUMN(Composições!E87)-1),"") -> H | F87: =TRUNC($H87*ROUND(I87,2),2) -> 0 | G87: =TRUNC($H87*ROUND(J87,2),2) -> 14.79 | H87: 0.426 | I87: =IF(ISNUMBER($L87),VALUE(OFFSET(Banco!$A$1,Composições!$L87-1,COLUMN(Composições!I87)-4)),0) -> 0 | J87: =IF(ISNUMBER($L87),VALUE(OFFSET(Banco!$A$1,Composições!$L87-1,COLUMN(Composições!J87)-4)),0) -> 34.73 | K87: =COUNTA($A$1:$A87)-1 -> 12 | L87: =MATCH(Composições!CONCATENAR,Banco!$A:$A,0) -> 7063 | M87: =IF(OR(ISERROR($L87),$H87="",$H87=0),"",OFFSET(M$1,MATCH($K87,$K$1:$K87,0)-1,0)) -> F
B88: SINAPI | C88: 88316 | D88: =IF(ISNUMBER($L88),OFFSET(Banco!$A$1,Composições!$L88-1,COLUMN(Composições!D88)-1),"") -> SERVENTE COM ENCARGOS COMPLEMENTARES | E88: =IF(ISNUMBER($L88),OFFSET(Banco!$A$1,Composições!$L88-1,COLUMN(Composições!E88)-1),"") -> H | F88: =TRUNC($H88*ROUND(I88,2),2) -> 0 | G88: =TRUNC($H88*ROUND(J88,2),2) -> 9.64 | H88: 0.426 | I88: =IF(ISNUMBER($L88),VALUE(OFFSET(Banco!$A$1,Composições!$L88-1,COLUMN(Composições!I88)-4)),0) -> 0 | J88: =IF(ISNUMBER($L88),VALUE(OFFSET(Banco!$A$1,Composições!$L88-1,COLUMN(Composições!J88)-4)),0) -> 22.64 | K88: =COUNTA($A$1:$A88)-1 -> 12 | L88: =MATCH(Composições!CONCATENAR,Banco!$A:$A,0) -> 7362 | M88: =IF(OR(ISERROR($L88),$H88="",$H88=0),"",OFFSET(M$1,MATCH($K88,$K$1:$K88,0)-1,0)) -> F
K89: =COUNTA($A$1:$A89)-1 -> 12 | M89: =IF(OFFSET($M$1,MATCH(OFFSET(K89,-1,0),$K$1:$K89,0)-1,0)="F","F","") -> F
A90: =CONCATENAR -> Composição FNDE 251 | B90: Composição | C90: FNDE 251 | D90: PA1 - PORTA DE ABRIR - 100 X 210 CM EM CHAPA DE ALUMÍNIO, COM VENEZIANA E VIDRO MINIBOREAL 6 MM, INCLUSO FECHADURA E PUXADOR - CONFORME PROJETO DE ESQUADRIAS (UN) | E90: UN | F90: =IF($L90>0,SUM(OFFSET(F90,1,0,$L90),0)) -> 0 | G90: =IF($L90>0,SUM(OFFSET(G90,1,0,$L90),0)) -> 856.35 | I90: =IF(ISERROR(F90),0,F90) -> 0 | J90: =IF(ISERROR(G90),0,G90) -> 856.35 | K90: =COUNTA($A$1:$A90)-1 -> 13 | L90: =IF(MAX(K:K)=K90,MATCH(9999999,$K:$K)+1,MATCH(K90+1,K:K,0))-ROW(L90)-2 -> 5 | M90: =IF(AND(OR(I90<>0,J90<>0),N90="Sim"),"F","") -> F | N90: Sim
B91: SINAPI-I | C91: 7568 | D91: =IF(ISNUMBER($L91),OFFSET(Banco!$A$1,Composições!$L91-1,COLUMN(Composições!D91)-1),"") -> BUCHA DE NYLON SEM ABA S10, COM PARAFUSO DE 6,10 X 65 MM EM ACO ZINCADO COM ROSCA SOBERBA, CABECA CHATA E FENDA PHILLIPS | E91: =IF(ISNUMBER($L91),OFFSET(Banco!$A$1,Composições!$L91-1,COLUMN(Composições!E91)-1),"") -> UN | F91: =TRUNC($H91*ROUND(I91,2),2) -> 0 | G91: =TRUNC($H91*ROUND(J91,2),2) -> 8.09 | H91: 8.8 | I91: =IF(ISNUMBER($L91),VALUE(OFFSET(Banco!$A$1,Composições!$L91-1,COLUMN(Composições!I91)-4)),0) -> 0 | J91: =IF(ISNUMBER($L91),VALUE(OFFSET(Banco!$A$1,Composições!$L91-1,COLUMN(Composições!J91)-4)),0) -> 0.92 | K91: =COUNTA($A$1:$A91)-1 -> 13 | L91: =MATCH(Composições!CONCATENAR,Banco!$A:$A,0) -> 10520 | M91: =IF(OR(ISERROR($L91),$H91="",$H91=0),"",OFFSET(M$1,MATCH($K91,$K$1:$K91,0)-1,0)) -> F
B92: SINAPI | C92: 39024 | D92: =IF(ISNUMBER($L92),OFFSET(Banco!$A$1,Composições!$L92-1,COLUMN(Composições!D92)-1),"") -> PORTA DE ABRIR EM ALUMINIO COM DIVISAO HORIZONTAL PARA VIDROS, ACABAMENTO ANODIZADO NATURAL, VIDROS INCLUSOS, SEM GUARNICAO/ALIZAR/VISTA, 87 CM X 210 CM | E92: =IF(ISNUMBER($L92),OFFSET(Banco!$A$1,Composições!$L92-1,COLUMN(Composições!E92)-1),"") -> UN | F92: =TRUNC($H92*ROUND(I92,2),2) -> 0 | G92: =TRUNC($H92*ROUND(J92,2),2) -> 770.8 | H92: 1 | I92: =IF(ISNUMBER($L92),VALUE(OFFSET(Banco!$A$1,Composições!$L92-1,COLUMN(Composições!I92)-4)),0) -> 0 | J92: =IF(ISNUMBER($L92),VALUE(OFFSET(Banco!$A$1,Composições!$L92-1,COLUMN(Composições!J92)-4)),0) -> 770.8 | K92: =COUNTA($A$1:$A92)-1 -> 13 | L92: =MATCH(Composições!CONCATENAR,Banco!$A:$A,0) -> 14828 | M92: =IF(OR(ISERROR($L92),$H92="",$H92=0),"",OFFSET(M$1,MATCH($K92,$K$1:$K92,0)-1,0)) -> F
B93: SINAPI-I | C93: 142 | D93: =IF(ISNUMBER($L93),OFFSET(Banco!$A$1,Composições!$L93-1,COLUMN(Composições!D93)-1),"") -> SELANTE ELASTICO MONOCOMPONENTE A BASE DE POLIURETANO (PU) PARA JUNTAS DIVERSAS | E93: =IF(ISNUMBER($L93),OFFSET(Banco!$A$1,Composições!$L93-1,COLUMN(Composições!E93)-1),"") -> 310ML | F93: =TRUNC($H93*ROUND(I93,2),2) -> 0 | G93: =TRUNC($H93*ROUND(J93,2),2) -> 49.8 | H93: 1.613 | I93: =IF(ISNUMBER($L93),VALUE(OFFSET(Banco!$A$1,Composições!$L93-1,COLUMN(Composições!I93)-4)),0) -> 0 | J93: =IF(ISNUMBER($L93),VALUE(OFFSET(Banco!$A$1,Composições!$L93-1,COLUMN(Composições!J93)-4)),0) -> 30.88 | K93: =COUNTA($A$1:$A93)-1 -> 13 | L93: =MATCH(Composições!CONCATENAR,Banco!$A:$A,0) -> 13723 | M93: =IF(OR(ISERROR($L93),$H93="",$H93=0),"",OFFSET(M$1,MATCH($K93,$K$1:$K93,0)-1,0)) -> F
B94: SINAPI | C94: 88309 | D94: =IF(ISNUMBER($L94),OFFSET(Banco!$A$1,Composições!$L94-1,COLUMN(Composições!D94)-1),"") -> PEDREIRO COM ENCARGOS COMPLEMENTARES | E94: =IF(ISNUMBER($L94),OFFSET(Banco!$A$1,Composições!$L94-1,COLUMN(Composições!E94)-1),"") -> H | F94: =TRUNC($H94*ROUND(I94,2),2) -> 0 | G94: =TRUNC($H94*ROUND(J94,2),2) -> 20.31 | H94: 0.651 | I94: =IF(ISNUMBER($L94),VALUE(OFFSET(Banco!$A$1,Composições!$L94-1,COLUMN(Composições!I94)-4)),0) -> 0 | J94: =IF(ISNUMBER($L94),VALUE(OFFSET(Banco!$A$1,Composições!$L94-1,COLUMN(Composições!J94)-4)),0) -> 31.21 | K94: =COUNTA($A$1:$A94)-1 -> 13 | L94: =MATCH(Composições!CONCATENAR,Banco!$A:$A,0) -> 7349 | M94: =IF(OR(ISERROR($L94),$H94="",$H94=0),"",OFFSET(M$1,MATCH($K94,$K$1:$K94,0)-1,0)) -> F
B95: SINAPI | C95: 88316 | D95: =IF(ISNUMBER($L95),OFFSET(Banco!$A$1,Composições!$L95-1,COLUMN(Composições!D95)-1),"") -> SERVENTE COM ENCARGOS COMPLEMENTARES | E95: =IF(ISNUMBER($L95),OFFSET(Banco!$A$1,Composições!$L95-1,COLUMN(Composições!E95)-1),"") -> H | F95: =TRUNC($H95*ROUND(I95,2),2) -> 0 | G95: =TRUNC($H95*ROUND(J95,2),2) -> 7.35 | H95: 0.325 | I95: =IF(ISNUMBER($L95),VALUE(OFFSET(Banco!$A$1,Composições!$L95-1,COLUMN(Composições!I95)-4)),0) -> 0 | J95: =IF(ISNUMBER($L95),VALUE(OFFSET(Banco!$A$1,Composições!$L95-1,COLUMN(Composições!J95)-4)),0) -> 22.64 | K95: =COUNTA($A$1:$A95)-1 -> 13 | L95: =MATCH(Composições!CONCATENAR,Banco!$A:$A,0) -> 7362 | M95: =IF(OR(ISERROR($L95),$H95="",$H95=0),"",OFFSET(M$1,MATCH($K95,$K$1:$K95,0)-1,0)) -> F
K96: =COUNTA($A$1:$A96)-1 -> 13 | M96: =IF(OFFSET($M$1,MATCH(OFFSET(K96,-1,0),$K$1:$K96,0)-1,0)="F","F","") -> F
A97: =CONCATENAR -> Composição FNDE 252 | B97: Composição | C97: FNDE 252 | D97: PA2 - PORTA DE ABRIR - 80 X 210 CM EM CHAPA DE ALUMÍNIO, TIPO VENEZIANA COM GUARNIÇÃO, FIXAÇÃO COM PARAFUSOS - FORNECIMENTO E INSTALAÇÃO - CONFORME PROJETO DE ESQUADRIAS (M2) | E97: M2 | F97: =IF($L97>0,SUM(OFFSET(F97,1,0,$L97),0)) -> 0 | G97: =IF($L97>0,SUM(OFFSET(G97,1,0,$L97),0)) -> 621.97 | I97: =IF(ISERROR(F97),0,F97) -> 0 | J97: =IF(ISERROR(G97),0,G97) -> 621.97 | K97: =COUNTA($A$1:$A97)-1 -> 14 | L97: =IF(MAX(K:K)=K97,MATCH(9999999,$K:$K)+1,MATCH(K97+1,K:K,0))-ROW(L97)-2 -> 6 | M97: =IF(AND(OR(I97<>0,J97<>0),N97="Sim"),"F","") -> F | N97: Sim
B98: SINAPI-I | C98: 7568 | D98: =IF(ISNUMBER($L98),OFFSET(Banco!$A$1,Composições!$L98-1,COLUMN(Composições!D98)-1),"") -> BUCHA DE NYLON SEM ABA S10, COM PARAFUSO DE 6,10 X 65 MM EM ACO ZINCADO COM ROSCA SOBERBA, CABECA CHATA E FENDA PHILLIPS | E98: =IF(ISNUMBER($L98),OFFSET(Banco!$A$1,Composições!$L98-1,COLUMN(Composições!E98)-1),"") -> UN | F98: =TRUNC($H98*ROUND(I98,2),2) -> 0 | G98: =TRUNC($H98*ROUND(J98,2),2) -> 4.43 | H98: 4.8166 | I98: =IF(ISNUMBER($L98),VALUE(OFFSET(Banco!$A$1,Composições!$L98-1,COLUMN(Composições!I98)-4)),0) -> 0 | J98: =IF(ISNUMBER($L98),VALUE(OFFSET(Banco!$A$1,Composições!$L98-1,COLUMN(Composições!J98)-4)),0) -> 0.92 | K98: =COUNTA($A$1:$A98)-1 -> 14 | L98: =MATCH(Composições!CONCATENAR,Banco!$A:$A,0) -> 10520 | M98: =IF(OR(ISERROR($L98),$H98="",$H98=0),"",OFFSET(M$1,MATCH($K98,$K$1:$K98,0)-1,0)) -> F
B99: SINAPI-I | C99: 36888 | D99: =IF(ISNUMBER($L99),OFFSET(Banco!$A$1,Composições!$L99-1,COLUMN(Composições!D99)-1),"") -> GUARNICAO / MOLDURA / ARREMATE DE ACABAMENTO PARA ESQUADRIA, EM ALUMINIO PERFIL 25, ACABAMENTO ANODIZADO BRANCO OU BRILHANTE, PARA 1 FACE | E99: =IF(ISNUMBER($L99),OFFSET(Banco!$A$1,Composições!$L99-1,COLUMN(Composições!E99)-1),"") -> M | F99: =TRUNC($H99*ROUND(I99,2),2) -> 0 | G99: =TRUNC($H99*ROUND(J99,2),2) -> 141.46 | H99: 6.8504 | I99: =IF(ISNUMBER($L99),VALUE(OFFSET(Banco!$A$1,Composições!$L99-1,COLUMN(Composições!I99)-4)),0) -> 0 | J99: =IF(ISNUMBER($L99),VALUE(OFFSET(Banco!$A$1,Composições!$L99-1,COLUMN(Composições!J99)-4)),0) -> 20.65 | K99: =COUNTA($A$1:$A99)-1 -> 14 | L99: =MATCH(Composições!CONCATENAR,Banco!$A:$A,0) -> 12151 | M99: =IF(OR(ISERROR($L99),$H99="",$H99=0),"",OFFSET(M$1,MATCH($K99,$K$1:$K99,0)-1,0)) -> F
B100: SINAPI | C100: 39025 | D100: =IF(ISNUMBER($L100),OFFSET(Banco!$A$1,Composições!$L100-1,COLUMN(Composições!D100)-1),"") -> PORTA DE ABRIR, TIPO VENEZIANA, EM ALUMINIO, ACABAMENTO ANODIZADO NATURAL, 90 CM X 210 CM (LARGURA X ALTURA), SEM GUARNICAO/ALIZAR/VISTA | E100: =IF(ISNUMBER($L100),OFFSET(Banco!$A$1,Composições!$L100-1,COLUMN(Composições!E100)-1),"") -> UN | F100: =TRUNC($H100*ROUND(I100,2),2) -> 0 | G100: =TRUNC($H100*ROUND(J100,2),2) -> 432.56 | H100: 0.5473 | I100: =IF(ISNUMBER($L100),VALUE(OFFSET(Banco!$A$1,Composições!$L100-1,COLUMN(Composições!I100)-4)),0) -> 0 | J100: =IF(ISNUMBER($L100),VALUE(OFFSET(Banco!$A$1,Composições!$L100-1,COLUMN(Composições!J100)-4)),0) -> 790.37 | K100: =COUNTA($A$1:$A100)-1 -> 14 | L100: =MATCH(Composições!CONCATENAR,Banco!$A:$A,0) -> 14829 | M100: =IF(OR(ISERROR($L100),$H100="",$H100=0),"",OFFSET(M$1,MATCH($K100,$K$1:$K100,0)-1,0)) -> F
B101: SINAPI-I | C101: 142 | D101: =IF(ISNUMBER($L101),OFFSET(Banco!$A$1,Composições!$L101-1,COLUMN(Composições!D101)-1),"") -> SELANTE ELASTICO MONOCOMPONENTE A BASE DE POLIURETANO (PU) PARA JUNTAS DIVERSAS | E101: =IF(ISNUMBER($L101),OFFSET(Banco!$A$1,Composições!$L101-1,COLUMN(Composições!E101)-1),"") -> 310ML | F101: =TRUNC($H101*ROUND(I101,2),2) -> 0 | G101: =TRUNC($H101*ROUND(J101,2),2) -> 27.26 | H101: 0.8829 | I101: =IF(ISNUMBER($L101),VALUE(OFFSET(Banco!$A$1,Composições!$L101-1,COLUMN(Composições!I101)-4)),0) -> 0 | J101: =IF(ISNUMBER($L101),VALUE(OFFSET(Banco!$A$1,Composições!$L101-1,COLUMN(Composições!J101)-4)),0) -> 30.88 | K101: =COUNTA($A$1:$A101)-1 -> 14 | L101: =MATCH(Composições!CONCATENAR,Banco!$A:$A,0) -> 13723 | M101: =IF(OR(ISERROR($L101),$H101="",$H101=0),"",OFFSET(M$1,MATCH($K101,$K$1:$K101,0)-1,0)) -> F
B102: SINAPI | C102: 88309 | D102: =IF(ISNUMBER($L102),OFFSET(Banco!$A$1,Composições!$L102-1,COLUMN(Composições!D102)-1),"") -> PEDREIRO COM ENCARGOS COMPLEMENTARES | E102: =IF(ISNUMBER($L102),OFFSET(Banco!$A$1,Composições!$L102-1,COLUMN(Composições!E102)-1),"") -> H | F102: =TRUNC($H102*ROUND(I102,2),2) -> 0 | G102: =TRUNC($H102*ROUND(J102,2),2) -> 11.94 | H102: 0.3826 | I102: =IF(ISNUMBER($L102),VALUE(OFFSET(Banco!$A$1,Composições!$L102-1,COLUMN(Composições!I102)-4)),0) -> 0 | J102: =IF(ISNUMBER($L102),VALUE(OFFSET(Banco!$A$1,Composições!$L102-1,COLUMN(Composições!J102)-4)),0) -> 31.21 | K102: =COUNTA($A$1:$A102)-1 -> 14 | L102: =MATCH(Composições!CONCATENAR,Banco!$A:$A,0) -> 7349 | M102: =IF(OR(ISERROR($L102),$H102="",$H102=0),"",OFFSET(M$1,MATCH($K102,$K$1:$K102,0)-1,0)) -> F
B103: SINAPI | C103: 88316 | D103: =IF(ISNUMBER($L103),OFFSET(Banco!$A$1,Composições!$L103-1,COLUMN(Composições!D103)-1),"") -> SERVENTE COM ENCARGOS COMPLEMENTARES | E103: =IF(ISNUMBER($L103),OFFSET(Banco!$A$1,Composições!$L103-1,COLUMN(Composições!E103)-1),"") -> H | F103: =TRUNC($H103*ROUND(I103,2),2) -> 0 | G103: =TRUNC($H103*ROUND(J103,2),2) -> 4.32 | H103: 0.191 | I103: =IF(ISNUMBER($L103),VALUE(OFFSET(Banco!$A$1,Composições!$L103-1,COLUMN(Composições!I103)-4)),0) -> 0 | J103: =IF(ISNUMBER($L103),VALUE(OFFSET(Banco!$A$1,Composições!$L103-1,COLUMN(Composições!J103)-4)),0) -> 22.64 | K103: =COUNTA($A$1:$A103)-1 -> 14 | L103: =MATCH(Composições!CONCATENAR,Banco!$A:$A,0) -> 7362 | M103: =IF(OR(ISERROR($L103),$H103="",$H103=0),"",OFFSET(M$1,MATCH($K103,$K$1:$K103,0)-1,0)) -> F
...

Sheet Cotações
B1: COTAÇÕES | K1: Mediana
K2: Média
K3: 1
B6: =OFFSET(Cotações!$A$1,MATCH(COUNTIF($H$1:$H6,"Cotações"),Cotações!$J:$J,0)-1,COLUMN(Banco!B$6)-1) -> COTAÇÃO | C6: =OFFSET(Cotações!$A$1,MATCH(COUNTIF($H$1:$H6,"Cotações"),Cotações!$J:$J,0)-1,COLUMN(Banco!C$6)-1) -> COT-01 | D6: =IF(COUNTIF(OFFSET(Banco!$A$6,1+NCOMPOSICOES,0,NCOTACOES),$A6)>1,"CÓDIGO REPETIDO",OFFSET(Cotações!$A$1,MATCH(COUNTIF($H$1:$H6,"Cotações"),Cotações!$J:$J,0)-1,COLUMN(Banco!D$6)-1)) -> CISTERNA MODULARES TECNOTRI OU EQUIVALENTE TECNICO - 600L | E6: =OFFSET(Cotações!$A$1,MATCH(COUNTIF($H$1:$H6,"Cotações"),Cotações!$J:$J,0)-1,COLUMN(Banco!E$6)-1) -> UNIDADE | F6: =OFFSET(Cotações!$A$1,MATCH(COUNTIF($H$1:$H6,"Cotações"),Cotações!$J:$J,0)-1,COLUMN(Banco!F$6)-1) -> 1850 | G6: =OFFSET(Cotações!$A$1,MATCH(COUNTIF($H$1:$H6,"Cotações"),Cotações!$J:$J,0)-1,COLUMN(Banco!F$6)-1) -> 1850 | H6: Cotações
B8: I001 | I8: =F8/H8 -> #DIV/0! | J8: I | L8: =IF(ISNUMBER(I8),IF(I8<>0,"F",""),"")
B10: E001 | J10: E | L10: =IF(COUNTA(C10:I10)>0,"F","")
B12: FONTE | C12: CÓDIGO | D12: DESCRIÇÃO | E12: UNIDADE | F12: =CHOOSE($K$3,"MEDIANA","MÉDIA")&IF(H13="",""," RETROAGIDA") -> MEDIANA | H12: ÍNDICE RETROAÇÃO | L12: =IF(AND(ISNUMBER(F13),M13="Sim"),"F","")
A13: =CONCATENAR -> COTAÇÃO | B13: COTAÇÃO | F13: =CHOOSE($K$3,MEDIAN(OFFSET(F14,1,0,ROW(C16)-ROW(C14)-1)),AVERAGE(OFFSET(F14,1,0,ROW(C16)-ROW(C14)-1)))*IF(H13="",1,VLOOKUP(H13,INDICES,8)) -> #NUM! | J13: =COUNTA($A$1:$A13)-1 -> 0 | K13: =ROW(C16)-ROW(C14)-1 -> 1 | L13: =IF(AND(ISNUMBER(F13),M13="Sim"),"F","") | M13: Sim
C14: EMPRESA | D14: NOME DA EMPRESA | F14: COTAÇÕES | H14: DATA COTAÇÃO | J14: C | L14: =IF(AND(ISNUMBER(F13),M13="Sim"),"F","")
D15: =IF(C15<>"",VLOOKUP(C15,EMPRESAS,3,FALSE),"") | J15: C | L15: =IF(AND(ISNUMBER(OFFSET($F$1,MATCH(MAX($J$1:$J15),$J$1:$J15,0)-1,0)),ISNUMBER(F15),INDEX($M$1:$M15,MATCH("ZZZZ",$M$1:$M15))="Sim"),"F","")
C16: OBSERVAÇÕES: | L16: =IF(AND(ISNUMBER(F13),M13="Sim"),"F","")
L17: =IF(AND(ISNUMBER(F13),M13="Sim"),"F","")
L18: FILTRO | M18: IMPRIMIR
B19: ÍNDICES DE RETROAÇÃO: | L19: =IF(NINDICES>0,"F","") -> F
B20: ÍNDICE | C20: NOME DO ÍNDICE | D20: DESCRIÇÃO | E20: DATA BASE | F20: ÍNDICE DT BASE | G20: DT COTAÇÃO | H20: ÍNDICE DT COT. | I20: COEFICIENTE | J20: I | L20: =IF(NINDICES>0,"F","") -> F
B21: I001 | I21: =F21/H21 -> #DIV/0! | J21: I | L21: =IF(ISNUMBER(I21),IF(I21<>0,"F",""),"")
B22: EMPRESAS FORNECEDORAS: | L22: =IF(NEMPRESAS>0,"F","") -> F
B23: EMPRESAS | C23: CNPJ | D23: NOME | F23: FONE | H23: CONTATO | J23: E | L23: =IF(NEMPRESAS>0,"F","") -> F
B24: E001 | C24: 22.245.660/0001-75 | D24: ECO SUSTENVEL | F24: (38) 99818-5607 | J24: E | L24: =IF(COUNTA(C24:I24)>0,"F","") -> F
B25: E002 | C25: 27.381.923/0001-97 | D25: GLOBALOFERTAS COMERCIO DE ELETRODOMESTICOS LTDA. | F25: 55 3322-2823 | J25: E | L25: =IF(COUNTA(C25:I25)>0,"F","") -> F
B26: E003 | C26: 24.522.297/0001-13 | D26: AQUALIS ECO SUSTENTABILIDADE SERVICOS E COMERCIO LTDA | F26: (44)3023-9587 | J26: E | L26: =IF(COUNTA(C26:I26)>0,"F","") -> F
B27: E004 | C27: 48.960.685/0001-44 | D27: YELLOW COMERCIO DE PRODUTOS INFANTIS LTDA | F27: 17 3462-2156 | J27: E | L27: =IF(COUNTA(C27:I27)>0,"F","") -> F
B28: E005 | C28: 10.836.554/0001-87 | D28: ALVES BABY COMERCIO DE PRODUTOS INFANTIS LTDA | F28: 19 3861-7377 | J28: E | L28: =IF(COUNTA(C28:I28)>0,"F","") -> F
B29: E006 | C29: 18.082.277/0001-76 | D29: PITUCHINHUS INDUSTRIA E COMERCIO DE CONFECCOES LTDA | F29: 55 93300-5116 | J29: E | L29: =IF(COUNTA(C29:I29)>0,"F","") -> F
B30: E007 | C30: 15.430.669/0001-90 | D30: Zig Ferramentas | F30: 11 99191-2810 | J30: E | L30: =IF(COUNTA(C30:I30)>0,"F","") -> F
B31: E008 | C31: 37.333.375/0001-83 | D31: TEM NA TRENA LTDA | F31: (21) 3550-9670 | J31: E | L31: =IF(COUNTA(C31:I31)>0,"F","") -> F
B32: E016 | C32: 91.362.590/0065-12 | D32: Solar Comércio e Agroindústria Ltda | F32: (51) 3638-5000 | J32: E | L32: =IF(COUNTA(C32:I32)>0,"F","") -> F
B33: E017 | C33: 08.678.892/0001-96 | D33: Construmaia S/A | F33: (38) 3223-2392 | J33: E | L33: =IF(COUNTA(C33:I33)>0,"F","") -> F
B34: E018 | C34: 17.155.342/0010-74 | D34: Loja Elétrica LTAD | F34: (31) 3218-8000 | J34: E | L34: =IF(COUNTA(C34:I34)>0,"F","") -> F
B35: E019 | C35: 14.778.311/0001-90 | D35: BOMBA SHOPPING | F35: (11) 2971-5695 | J35: E | L35: =IF(COUNTA(C35:I35)>0,"F","") -> F
... B44: E028 | C44: 18.224.881/0003-51 | D44: TERMOTECNICA INDUSTRIA E COMERCIO LTDA | F44: (11) 5197-4000 | J44: E | L44: =IF(COUNTA(C44:I44)>0,"F","") -> F
B45: COTAÇÕES: | L45: =IF(NCOTACOES>0,"F","") -> F
B46: FONTE | C46: CÓDIGO | D46: DESCRIÇÃO | E46: UNIDADE | F46: =CHOOSE($K$3,"MEDIANA","MÉDIA")&IF(H47="",""," RETROAGIDA") -> MEDIANA | H46: ÍNDICE RETROAÇÃO | L46: =IF(AND(ISNUMBER(F47),M47="Sim"),"F","") -> F
A47: =CONCATENAR -> COTAÇÃO COT-01 | B47: COTAÇÃO | C47: COT-01 | D47: CISTERNA MODULARES TECNOTRI OU EQUIVALENTE TECNICO - 600L | E47: UNIDADE | F47: =CHOOSE($K$3,MEDIAN(OFFSET(F48,1,0,ROW(C52)-ROW(C48)-1)),AVERAGE(OFFSET(F48,1,0,ROW(C52)-ROW(C48)-1)))*IF(H47="",1,VLOOKUP(H47,INDICES,8)) -> 1850 | J47: =COUNTA($A$1:$A47)-1 -> 1 | K47: =ROW(C52)-ROW(C48)-1 -> 3 | L47: =IF(AND(ISNUMBER(F47),M47="Sim"),"F","") -> F | M47: Sim
C48: EMPRESA | D48: NOME DA EMPRESA | F48: COTAÇÕES | H48: DATA COTAÇÃO | J48: C | L48: =IF(AND(ISNUMBER(F47),M47="Sim"),"F","") -> F
C49: E001 | D49: =IF(C49<>"",VLOOKUP(C49,EMPRESAS,3,FALSE),"") -> ECO SUSTENVEL | F49: 1759.12 | H49: 03/04/2025 | J49: C | L49: =IF(AND(ISNUMBER(OFFSET($F$1,MATCH(MAX($J$1:$J49),$J$1:$J49,0)-1,0)),ISNUMBER(F49),INDEX($M$1:$M49,MATCH("ZZZZ",$M$1:$M49))="Sim"),"F","") -> F
C50: E002 | D50: =IF(C50<>"",VLOOKUP(C50,EMPRESAS,3,FALSE),"") -> GLOBALOFERTAS COMERCIO DE ELETRODOMESTICOS LTDA. | F50: 2300 | H50: 03/04/2026 | J50: C | L50: =IF(AND(ISNUMBER(OFFSET($F$1,MATCH(MAX($J$1:$J50),$J$1:$J50,0)-1,0)),ISNUMBER(F50),INDEX($M$1:$M50,MATCH("ZZZZ",$M$1:$M50))="Sim"),"F","") -> F
C51: E003 | D51: =IF(C51<>"",VLOOKUP(C51,EMPRESAS,3,FALSE),"") -> AQUALIS ECO SUSTENTABILIDADE SERVICOS E COMERCIO LTDA | F51: 1850 | H51: 03/04/2027 | J51: C | L51: =IF(AND(ISNUMBER(OFFSET($F$1,MATCH(MAX($J$1:$J51),$J$1:$J51,0)-1,0)),ISNUMBER(F51),INDEX($M$1:$M51,MATCH("ZZZZ",$M$1:$M51))="Sim"),"F","") -> F
C52: OBSERVAÇÕES: | L52: =IF(AND(ISNUMBER(F47),M47="Sim"),"F","") -> F
L53: =IF(AND(ISNUMBER(F47),M47="Sim"),"F","") -> F
B54: FONTE | C54: CÓDIGO | D54: DESCRIÇÃO | E54: UNIDADE | F54: =CHOOSE($K$3,"MEDIANA","MÉDIA")&IF(H55="",""," RETROAGIDA") -> MEDIANA | H54: ÍNDICE RETROAÇÃO | L54: =IF(AND(ISNUMBER(F55),M55="Sim"),"F","") -> F
A55: =CONCATENAR -> COTAÇÃO COT-02 | B55: COTAÇÃO | C55: COT-02 | D55: SMART FILTRO TECNOTRI OU EQUIVALENTE | E55: UNIDADE | F55: =CHOOSE($K$3,MEDIAN(OFFSET(F56,1,0,ROW(C60)-ROW(C56)-1)),AVERAGE(OFFSET(F56,1,0,ROW(C60)-ROW(C56)-1)))*IF(H55="",1,VLOOKUP(H55,INDICES,8)) -> 216 | J55: =COUNTA($A$1:$A55)-1 -> 2 | K55: =ROW(C60)-ROW(C56)-1 -> 3 | L55: =IF(AND(ISNUMBER(F55),M55="Sim"),"F","") -> F | M55: Sim
C56: EMPRESA | D56: NOME DA EMPRESA | F56: COTAÇÕES | H56: DATA COTAÇÃO | J56: C | L56: =IF(AND(ISNUMBER(F55),M55="Sim"),"F","") -> F
C57: E001 | D57: =IF(C57<>"",VLOOKUP(C57,EMPRESAS,3,FALSE),"") -> ECO SUSTENVEL | F57: 216 | H57: 03/04/2025 | J57: C | L57: =IF(AND(ISNUMBER(OFFSET($F$1,MATCH(MAX($J$1:$J57),$J$1:$J57,0)-1,0)),ISNUMBER(F57),INDEX($M$1:$M57,MATCH("ZZZZ",$M$1:$M57))="Sim"),"F","") -> F
C58: E002 | D58: =IF(C58<>"",VLOOKUP(C58,EMPRESAS,3,FALSE),"") -> GLOBALOFERTAS COMERCIO DE ELETRODOMESTICOS LTDA. | F58: 100 | H58: 03/04/2026 | J58: C | L58: =IF(AND(ISNUMBER(OFFSET($F$1,MATCH(MAX($J$1:$J58),$J$1:$J58,0)-1,0)),ISNUMBER(F58),INDEX($M$1:$M58,MATCH("ZZZZ",$M$1:$M58))="Sim"),"F","") -> F
C59: E003 | D59: =IF(C59<>"",VLOOKUP(C59,EMPRESAS,3,FALSE),"") -> AQUALIS ECO SUSTENTABILIDADE SERVICOS E COMERCIO LTDA | F59: 350 | H59: 03/04/2027 | J59: C | L59: =IF(AND(ISNUMBER(OFFSET($F$1,MATCH(MAX($J$1:$J59),$J$1:$J59,0)-1,0)),ISNUMBER(F59),INDEX($M$1:$M59,MATCH("ZZZZ",$M$1:$M59))="Sim"),"F","") -> F
C60: OBSERVAÇÕES: | L60: =IF(AND(ISNUMBER(F55),M55="Sim"),"F","") -> F
L61: =IF(AND(ISNUMBER(F55),M55="Sim"),"F","") -> F
B62: FONTE | C62: CÓDIGO | D62: DESCRIÇÃO | E62: UNIDADE | F62: =CHOOSE($K$3,"MEDIANA","MÉDIA")&IF(H63="",""," RETROAGIDA") -> MEDIANA | H62: ÍNDICE RETROAÇÃO | L62: =IF(AND(ISNUMBER(F63),M63="Sim"),"F","") -> F
A63: =CONCATENAR -> COTAÇÃO COT-03 | B63: COTAÇÃO | C63: COT-03 | D63: BANHHEIRA RIGIDA-BRANCA, BURIGOTTO OU EQUIVALENTE | E63: UNIDADE | F63: =CHOOSE($K$3,MEDIAN(OFFSET(F64,1,0,ROW(C68)-ROW(C64)-1)),AVERAGE(OFFSET(F64,1,0,ROW(C68)-ROW(C64)-1)))*IF(H63="",1,VLOOKUP(H63,INDICES,8)) -> 119 | J63: =COUNTA($A$1:$A63)-1 -> 3 | K63: =ROW(C68)-ROW(C64)-1 -> 3 | L63: =IF(AND(ISNUMBER(F63),M63="Sim"),"F","") -> F | M63: Sim
C64: EMPRESA | D64: NOME DA EMPRESA | F64: COTAÇÕES | H64: DATA COTAÇÃO | J64: C | L64: =IF(AND(ISNUMBER(F63),M63="Sim"),"F","") -> F
C65: E004 | D65: =IF(C65<>"",VLOOKUP(C65,EMPRESAS,3,FALSE),"") -> YELLOW COMERCIO DE PRODUTOS INFANTIS LTDA | F65: 109.9 | H65: 03/04/2025 | J65: C | L65: =IF(AND(ISNUMBER(OFFSET($F$1,MATCH(MAX($J$1:$J65),$J$1:$J65,0)-1,0)),ISNUMBER(F65),INDEX($M$1:$M65,MATCH("ZZZZ",$M$1:$M65))="Sim"),"F","") -> F
C66: E005 | D66: =IF(C66<>"",VLOOKUP(C66,EMPRESAS,3,FALSE),"") -> ALVES BABY COMERCIO DE PRODUTOS INFANTIS LTDA | F66: 126.81 | H66: 03/04/2026 | J66: C | L66: =IF(AND(ISNUMBER(OFFSET($F$1,MATCH(MAX($J$1:$J66),$J$1:$J66,0)-1,0)),ISNUMBER(F66),INDEX($M$1:$M66,MATCH("ZZZZ",$M$1:$M66))="Sim"),"F","") -> F
C67: E006 | D67: =IF(C67<>"",VLOOKUP(C67,EMPRESAS,3,FALSE),"") -> PITUCHINHUS INDUSTRIA E COMERCIO DE CONFECCOES LTDA | F67: 119 | H67: 03/04/2027 | J67: C | L67: =IF(AND(ISNUMBER(OFFSET($F$1,MATCH(MAX($J$1:$J67),$J$1:$J67,0)-1,0)),ISNUMBER(F67),INDEX($M$1:$M67,MATCH("ZZZZ",$M$1:$M67))="Sim"),"F","") -> F
C68: OBSERVAÇÕES: | L68: =IF(AND(ISNUMBER(F63),M63="Sim"),"F","") -> F
L69: =IF(AND(ISNUMBER(F63),M63="Sim"),"F","") -> F
B70: FONTE | C70: CÓDIGO | D70: DESCRIÇÃO | E70: UNIDADE | F70: =CHOOSE($K$3,"MEDIANA","MÉDIA")&IF(H71="",""," RETROAGIDA") -> MEDIANA | H70: ÍNDICE RETROAÇÃO | L70: =IF(AND(ISNUMBER(F71),M71="Sim"),"F","") -> F
A71: =CONCATENAR -> COTAÇÃO COT-04 | B71: COTAÇÃO | C71: COT-04 | D71: REFLETOR REDONDO EM ALUMINIO ANODIZADO PARA LAMPADA VAPOR DE MERCURIO/SODIO, CORPO EM ALUMINIO COM PINTURA EPOXI, PARA LAMPADA E-27 DE 300 W, COM SUPORTE REDONDO E ALCA REGULAVEL PARA FIXACAO. | E71: UNIDADE | F71: =CHOOSE($K$3,MEDIAN(OFFSET(F72,1,0,ROW(C76)-ROW(C72)-1)),AVERAGE(OFFSET(F72,1,0,ROW(C76)-ROW(C72)-1)))*IF(H71="",1,VLOOKUP(H71,INDICES,8)) -> 181.99 | J71: =COUNTA($A$1:$A71)-1 -> 4 | K71: =ROW(C76)-ROW(C72)-1 -> 3 | L71: =IF(AND(ISNUMBER(F71),M71="Sim"),"F","") -> F | M71: Sim
C72: EMPRESA | D72: NOME DA EMPRESA | F72: COTAÇÕES | H72: DATA COTAÇÃO | J72: C | L72: =IF(AND(ISNUMBER(F71),M71="Sim"),"F","") -> F
C73: E025 | D73: =IF(C73<>"",VLOOKUP(C73,EMPRESAS,3,FALSE),"") -> SILVA GOMES COMERCIAL LTDA EPP | F73: 181.99 | H73: 03/04/2026 | J73: C | L73: =IF(AND(ISNUMBER(OFFSET($F$1,MATCH(MAX($J$1:$J73),$J$1:$J73,0)-1,0)),ISNUMBER(F73),INDEX($M$1:$M73,MATCH("ZZZZ",$M$1:$M73))="Sim"),"F","") -> F
C74: E007 | D74: =IF(C74<>"",VLOOKUP(C74,EMPRESAS,3,FALSE),"") -> Zig Ferramentas | F74: 192.2 | H74: 03/04/2027 | J74: C | L74: =IF(AND(ISNUMBER(OFFSET($F$1,MATCH(MAX($J$1:$J74),$J$1:$J74,0)-1,0)),ISNUMBER(F74),INDEX($M$1:$M74,MATCH("ZZZZ",$M$1:$M74))="Sim"),"F","") -> F
C75: E008 | D75: =IF(C75<>"",VLOOKUP(C75,EMPRESAS,3,FALSE),"") -> TEM NA TRENA LTDA | F75: 114.9 | H75: 03/04/2028 | J75: C | L75: =IF(AND(ISNUMBER(OFFSET($F$1,MATCH(MAX($J$1:$J75),$J$1:$J75,0)-1,0)),ISNUMBER(F75),INDEX($M$1:$M75,MATCH("ZZZZ",$M$1:$M75))="Sim"),"F","") -> F
C76: OBSERVAÇÕES: | L76: =IF(AND(ISNUMBER(F71),M71="Sim"),"F","") -> F
L77: =IF(AND(ISNUMBER(F71),M71="Sim"),"F","") -> F
B78: FONTE | C78: CÓDIGO | D78: DESCRIÇÃO | E78: UNIDADE | F78: =CHOOSE($K$3,"MEDIANA","MÉDIA")&IF(H79="",""," RETROAGIDA") -> MEDIANA | H78: ÍNDICE RETROAÇÃO | L78: =IF(AND(ISNUMBER(F79),M79="Sim"),"F","") -> F
A79: =CONCATENAR -> COTAÇÃO COT-05 | B79: COTAÇÃO | C79: COT-05 | D79: ADAPTADOR CONDULETE 25MM | E79: UNIDADE | F79: =CHOOSE($K$3,MEDIAN(OFFSET(F80,1,0,ROW(C84)-ROW(C80)-1)),AVERAGE(OFFSET(F80,1,0,ROW(C84)-ROW(C80)-1)))*IF(H79="",1,VLOOKUP(H79,INDICES,8)) -> 1.03 | J79: =COUNTA($A$1:$A79)-1 -> 5 | K79: =ROW(C84)-ROW(C80)-1 -> 3 | L79: =IF(AND(ISNUMBER(F79),M79="Sim"),"F","") -> F | M79: Sim
C80: EMPRESA | D80: NOME DA EMPRESA | F80: COTAÇÕES | H80: DATA COTAÇÃO | J80: C | L80: =IF(AND(ISNUMBER(F79),M79="Sim"),"F","") -> F
C81: E016 | D81: =IF(C81<>"",VLOOKUP(C81,EMPRESAS,3,FALSE),"") -> Solar Comércio e Agroindústria Ltda | F81: 1.03 | H81: 01/04/2025 | J81: C | L81: =IF(AND(ISNUMBER(OFFSET($F$1,MATCH(MAX($J$1:$J81),$J$1:$J81,0)-1,0)),ISNUMBER(F81),INDEX($M$1:$M81,MATCH("ZZZZ",$M$1:$M81))="Sim"),"F","") -> F
C82: E017 | D82: =IF(C82<>"",VLOOKUP(C82,EMPRESAS,3,FALSE),"") -> Construmaia S/A | F82: 0.95 | H82: 01/04/2025 | J82: C | L82: =IF(AND(ISNUMBER(OFFSET($F$1,MATCH(MAX($J$1:$J82),$J$1:$J82,0)-1,0)),ISNUMBER(F82),INDEX($M$1:$M82,MATCH("ZZZZ",$M$1:$M82))="Sim"),"F","") -> F
C83: E018 | D83: =IF(C83<>"",VLOOKUP(C83,EMPRESAS,3,FALSE),"") -> Loja Elétrica LTAD | F83: 1.04 | H83: 01/04/2025 | J83: C | L83: =IF(AND(ISNUMBER(OFFSET($F$1,MATCH(MAX($J$1:$J83),$J$1:$J83,0)-1,0)),ISNUMBER(F83),INDEX($M$1:$M83,MATCH("ZZZZ",$M$1:$M83))="Sim"),"F","") -> F
C84: OBSERVAÇÕES: | L84: =IF(AND(ISNUMBER(F79),M79="Sim"),"F","") -> F
L85: =IF(AND(ISNUMBER(F79),M79="Sim"),"F","") -> F
B86: FONTE | C86: CÓDIGO | D86: DESCRIÇÃO | E86: UNIDADE | F86: =CHOOSE($K$3,"MEDIANA","MÉDIA")&IF(H87="",""," RETROAGIDA") -> MEDIANA | H86: ÍNDICE RETROAÇÃO | L86: =IF(AND(ISNUMBER(F87),M87="Sim"),"F","") -> F
A87: =CONCATENAR -> COTAÇÃO COT-06 | B87: COTAÇÃO | C87: COT-06 | D87: TANQUE DE PRESSÃO PWB-24LX | E87: UNIDADE | F87: =CHOOSE($K$3,MEDIAN(OFFSET(F88,1,0,ROW(C92)-ROW(C88)-1)),AVERAGE(OFFSET(F88,1,0,ROW(C92)-ROW(C88)-1)))*IF(H87="",1,VLOOKUP(H87,INDICES,8)) -> 835 | J87: =COUNTA($A$1:$A87)-1 -> 6 | K87: =ROW(C92)-ROW(C88)-1 -> 3 | L87: =IF(AND(ISNUMBER(F87),M87="Sim"),"F","") -> F | M87: Sim
C88: EMPRESA | D88: NOME DA EMPRESA | F88: COTAÇÕES | H88: DATA COTAÇÃO | J88: C | L88: =IF(AND(ISNUMBER(F87),M87="Sim"),"F","") -> F
C89: E019 | D89: =IF(C89<>"",VLOOKUP(C89,EMPRESAS,3,FALSE),"") -> BOMBA SHOPPING | F89: 835 | H89: 01/04/2025 | J89: C | L89: =IF(AND(ISNUMBER(OFFSET($F$1,MATCH(MAX($J$1:$J89),$J$1:$J89,0)-1,0)),ISNUMBER(F89),INDEX($M$1:$M89,MATCH("ZZZZ",$M$1:$M89))="Sim"),"F","") -> F
C90: E020 | D90: =IF(C90<>"",VLOOKUP(C90,EMPRESAS,3,FALSE),"") -> COMERCIAL DE BOMBAS E MOTORES LTDA | F90: 880 | H90: 02/04/2025 | J90: C | L90: =IF(AND(ISNUMBER(OFFSET($F$1,MATCH(MAX($J$1:$J90),$J$1:$J90,0)-1,0)),ISNUMBER(F90),INDEX($M$1:$M90,MATCH("ZZZZ",$M$1:$M90))="Sim"),"F","") -> F
C91: E021 | D91: =IF(C91<>"",VLOOKUP(C91,EMPRESAS,3,FALSE),"") -> MERITO COMERCIO DE EQUIPAMENTOS LIMITADA LTDA | F91: 393.59 | H91: 01/04/2025 | J91: C | L91: =IF(AND(ISNUMBER(OFFSET($F$1,MATCH(MAX($J$1:$J91),$J$1:$J91,0)-1,0)),ISNUMBER(F91),INDEX($M$1:$M91,MATCH("ZZZZ",$M$1:$M91))="Sim"),"F","") -> F
C92: OBSERVAÇÕES: | L92: =IF(AND(ISNUMBER(F87),M87="Sim"),"F","") -> F
L93: =IF(AND(ISNUMBER(F87),M87="Sim"),"F","") -> F
B94: FONTE | C94: CÓDIGO | D94: DESCRIÇÃO | E94: UNIDADE | F94: =CHOOSE($K$3,"MEDIANA","MÉDIA")&IF(H95="",""," RETROAGIDA") -> MEDIANA | H94: ÍNDICE RETROAÇÃO | L94: =IF(AND(ISNUMBER(F95),M95="Sim"),"F","") -> F
A95: =CONCATENAR -> COTAÇÃO COT-07 | B95: COTAÇÃO | C95: COT-07 | D95: RESERVATÓRIO METÁLICO CILÍNDRICO 30 MIL LITROS | E95: UNIDADE | F95: =CHOOSE($K$3,MEDIAN(OFFSET(F96,1,0,ROW(C100)-ROW(C96)-1)),AVERAGE(OFFSET(F96,1,0,ROW(C100)-ROW(C96)-1)))*IF(H95="",1,VLOOKUP(H95,INDICES,8)) -> 42800 | J95: =COUNTA($A$1:$A95)-1 -> 7 | K95: =ROW(C100)-ROW(C96)-1 -> 3 | L95: =IF(AND(ISNUMBER(F95),M95="Sim"),"F","") -> F | M95: Sim
C96: EMPRESA | D96: NOME DA EMPRESA | F96: COTAÇÕES | H96: DATA COTAÇÃO | J96: C | L96: =IF(AND(ISNUMBER(F95),M95="Sim"),"F","") -> F
C97: E022 | D97: =IF(C97<>"",VLOOKUP(C97,EMPRESAS,3,FALSE),"") -> DUCTIL CONSTRUÇÕES EM AÇO LTDA | F97: 44898 | H97: 31/03/2025 | J97: C | L97: =IF(AND(ISNUMBER(OFFSET($F$1,MATCH(MAX($J$1:$J97),$J$1:$J97,0)-1,0)),ISNUMBER(F97),INDEX($M$1:$M97,MATCH("ZZZZ",$M$1:$M97))="Sim"),"F","") -> F
C98: E023 | D98: =IF(C98<>"",VLOOKUP(C98,EMPRESAS,3,FALSE),"") -> G5 Reservatorios Metalicos Ltda | F98: 42800 | H98: 31/03/2025 | J98: C | L98: =IF(AND(ISNUMBER(OFFSET($F$1,MATCH(MAX($J$1:$J98),$J$1:$J98,0)-1,0)),ISNUMBER(F98),INDEX($M$1:$M98,MATCH("ZZZZ",$M$1:$M98))="Sim"),"F","") -> F
C99: E024 | D99: =IF(C99<>"",VLOOKUP(C99,EMPRESAS,3,FALSE),"") -> Metalurgica Faz Forte Ltda | F99: 33900 | H99: 03/04/2025 | J99: C | L99: =IF(AND(ISNUMBER(OFFSET($F$1,MATCH(MAX($J$1:$J99),$J$1:$J99,0)-1,0)),ISNUMBER(F99),INDEX($M$1:$M99,MATCH("ZZZZ",$M$1:$M99))="Sim"),"F","") -> F
C100: OBSERVAÇÕES: | L100: =IF(AND(ISNUMBER(F95),M95="Sim"),"F","") -> F
L101: =IF(AND(ISNUMBER(F95),M95="Sim"),"F","") -> F
B102: FONTE | C102: CÓDIGO | D102: DESCRIÇÃO | E102: UNIDADE | F102: =CHOOSE($K$3,"MEDIANA","MÉDIA")&IF(H103="",""," RETROAGIDA") -> MEDIANA | H102: ÍNDICE RETROAÇÃO | L102: =IF(AND(ISNUMBER(F103),M103="Sim"),"F","") -> F
A103: =CONCATENAR -> COTAÇÃO COT-08 | B103: COTAÇÃO | C103: COT-08 | D103: TERMINAL AÉREO BARRA CHATA EM ALUMÍNIO 300MM | E103: UNIDADE | F103: =CHOOSE($K$3,MEDIAN(OFFSET(F104,1,0,ROW(C108)-ROW(C104)-1)),AVERAGE(OFFSET(F104,1,0,ROW(C108)-ROW(C104)-1)))*IF(H103="",1,VLOOKUP(H103,INDICES,8)) -> 27.02 | J103: =COUNTA($A$1:$A103)-1 -> 8 | K103: =ROW(C108)-ROW(C104)-1 -> 3 | L103: =IF(AND(ISNUMBER(F103),M103="Sim"),"F","") -> F | M103: Sim
C104: EMPRESA | D104: NOME DA EMPRESA | F104: COTAÇÕES | H104: DATA COTAÇÃO | J104: C | L104: =IF(AND(ISNUMBER(F103),M103="Sim"),"F","") -> F
C105: E026 | D105: =IF(C105<>"",VLOOKUP(C105,EMPRESAS,3,FALSE),"") -> ELETRICA BICHUETTE LTDA | F105: 7.24 | H105: 08/04/2025 | J105: C | L105: =IF(AND(ISNUMBER(OFFSET($F$1,MATCH(MAX($J$1:$J105),$J$1:$J105,0)-1,0)),ISNUMBER(F105),INDEX($M$1:$M105,MATCH("ZZZZ",$M$1:$M105))="Sim"),"F","") -> F
C106: E027 | D106: =IF(C106<>"",VLOOKUP(C106,EMPRESAS,3,FALSE),"") -> Cel Central Eletrica LTDA | F106: 41.5 | H106: 08/04/2025 | J106: C | L106: =IF(AND(ISNUMBER(OFFSET($F$1,MATCH(MAX($J$1:$J106),$J$1:$J106,0)-1,0)),ISNUMBER(F106),INDEX($M$1:$M106,MATCH("ZZZZ",$M$1:$M106))="Sim"),"F","") -> F
C107: E028 | D107: =IF(C107<>"",VLOOKUP(C107,EMPRESAS,3,FALSE),"") -> TERMOTECNICA INDUSTRIA E COMERCIO LTDA | F107: 27.02 | H107: 09/04/2025 | J107: C | L107: =IF(AND(ISNUMBER(OFFSET($F$1,MATCH(MAX($J$1:$J107),$J$1:$J107,0)-1,0)),ISNUMBER(F107),INDEX($M$1:$M107,MATCH("ZZZZ",$M$1:$M107))="Sim"),"F","") -> F
C108: OBSERVAÇÕES: | L108: =IF(AND(ISNUMBER(F103),M103="Sim"),"F","") -> F
L109: =IF(AND(ISNUMBER(F103),M103="Sim"),"F","") -> F
B110: FONTE | C110: CÓDIGO | D110: DESCRIÇÃO | E110: UNIDADE | F110: =CHOOSE($K$3,"MEDIANA","MÉDIA")&IF(H111="",""," RETROAGIDA") -> MEDIANA | H110: ÍNDICE RETROAÇÃO | L110: =IF(AND(ISNUMBER(F111),M111="Sim"),"F","") -> F
A111: =CONCATENAR -> COTAÇÃO COT-09 | B111: COTAÇÃO | C111: COT-09 | D111: BARRA RE-BAR REDONDA AÇO GALVANIZADO 80MM2 | E111: UNIDADE | F111: =CHOOSE($K$3,MEDIAN(OFFSET(F112,1,0,ROW(C116)-ROW(C112)-1)),AVERAGE(OFFSET(F112,1,0,ROW(C116)-ROW(C112)-1)))*IF(H111="",1,VLOOKUP(H111,INDICES,8)) -> 46 | J111: =COUNTA($A$1:$A111)-1 -> 9 | K111: =ROW(C116)-ROW(C112)-1 -> 3 | L111: =IF(AND(ISNUMBER(F111),M111="Sim"),"F","") -> F | M111: Sim
C112: EMPRESA | D112: NOME DA EMPRESA | F112: COTAÇÕES | H112: DATA COTAÇÃO | J112: C | L112: =IF(AND(ISNUMBER(F111),M111="Sim"),"F","") -> F
C113: E026 | D113: =IF(C113<>"",VLOOKUP(C113,EMPRESAS,3,FALSE),"") -> ELETRICA BICHUETTE LTDA | F113: 18.67 | H113: 08/04/2025 | J113: C | L113: =IF(AND(ISNUMBER(OFFSET($F$1,MATCH(MAX($J$1:$J113),$J$1:$J113,0)-1,0)),ISNUMBER(F113),INDEX($M$1:$M113,MATCH("ZZZZ",$M$1:$M113))="Sim"),"F","") -> F
...

Sheet Relatórios
A1: DADOS DOS RELATÓRIOS IMPORTADOS
A5: TIPO | B5: ENCARGOS SOCIAIS | C5: ABRANGÊNCIA | D5: LOCALIDADE | E5: VÍNCULO | F5: DATA PREÇOS | G5: DATA DE RT | H5: DATA EMISSÃO
A6: SINAPI | D6: BH | F6: 02/2025
A7: SINAPI-I | D7: BH | F7: 02/2025
A8: SPObras | D8: SP | F8: 01/2025
A9: Orse | D9: SE | F9: 01/2025
A10: SPObras | D10: SP | F10: 01/2025
A11: Orse | D11: SE | F11: 01/2025
A12: SPObras | D12: SP | F12: 01/2025
A13: SINAPI-I | D13: Belo Horizonte | F13: 02/2025
A14: SINAPI | D14: Belo Horizonte | F14: 02/2025
A15: SPObras | D15: SP | F15: 01/2025
A16: SINAPI | D16: Belo Horizonte | F16: 02/2025
A17: SPObras | D17: SP | F17: 01/2025

Sheet Busca
B1: BUSCA
B2: CONTÉM:
B3: NÃO CONTÉM:
B4: RELATÓRIOS:
B5: FONTE | C5: CÓDIGO | D5: DESCRIÇÃO | E5: UNIDADE | F5: DESONERADO | G5: NÃO DESONERADO | I5: ORIGEM DO PREÇO
